Workbook
Name CRS: [1]Params!$A$2:$A$4
Name NCCHighways: #REF!
Name NCCHighways: #REF!
Name NCCHighways: #REF!
Name NCCHighways: #REF!
Name NCCHighways: #REF!
Name NCCHighways: #REF!
Name NCCHighways: #REF!
Name NCCHighways: 'Design Criteria 7'!$J$2:$J$44
Name NCCHighways: 'Design Criteria 8'!$J$2:$J$44
Name NCCHighways: 'Env Health Crit 12'!$J$2:$J$44
Name NCCHighways: 'Env Health Crit 13'!$N$2:$N$44
Name NCCHighways: 'Env Health Crit 14'!$J$2:$J$44
Name NCCHighways: 'Env Health Crit 4'!$J$2:$J$44
Name NCCHighways: #REF!
Name NCCHighways: 'NBRC Crit 11'!$J$2:$J$44
Name NCCHighways: 'NCC Archaeology Crit 10'!$J$2:$J$44
Name NCCHighways: 'NCC Flood Crit 6'!$J$3:$J$45
Name NCCHighways: 'NCC Highways Criteria 3'!$K$2:$K$44
Name NCCHighways: #REF!
Name OwnershipStatus: [1]Params!$C$2:$C$4
Name PlanningStatus: [1]Params!$B$2:$B$4
Name test: #REF!
Name test: #REF!
Name test: #REF!
Name test: #REF!
Name test: #REF!
Name test: #REF!
Name test: #REF!
Name tt: #REF!
Name tt: #REF!
Name tt: #REF!
Name tt: #REF!
Name tt: #REF!

Sheet Sheet1
A1: BFR_REF | B1: SITE_NAME | C1: GEOX | D1: GEOY
A2: BFR C2 | B2: Site west of | C2: 489847.18 | D2: 288306.96
A3: BFR C3 | B3: Corus Tube Works | C3: 490981.78 | D3: 290125.93
A4: BFR C4 | B4: British American Tobacco Land | C4: 486748.36 | D4: 285442.91
A5: BFR C5 | B5: Site near | C5: 488215 | D5: 290959.24
A6: BFR C6 | B6: Studfall Junior School | C6: 487725.29 | D6: 289759.82
A7: BFR C7 | B7: British American Tobacco Land | C7: 486484.98 | D7: 285389.91
A8: BFR C8 | B8: North of Headway, | C8: 486065.03 | D8: 285646.69
A9: BFR C9 | B9: ex depot & community centre | C9: 487924.75 | D9: 289631.75
A10: BFR C10 | B10: BUILDERS YARD AT REAR OF GARDEN CENTRE | C10: 487928.98 | D10: 290575.57
A11: BFR C11 | B11: Land north of | C11: 489170.38 | D11: 291096.61
A12: BFR C12 | B12: Universal Salvage site, | C12: 489694.22 | D12: 291486.51
A13: BFR C14 | B13: Universal Salvage site, | C13: 489619.18 | D13: 291362.19
... A73: BFR E18 | B73: Windmill Snooker Club | C73: 494986.63 | D73: 266787.16
A74: BFR E19 | B74: 30 | C74: 494265.71 | D74: 270566.36
A75: BFR E20 | B75: Land to the west of the Car Park at) Ferrers School | C75: 496299.48 | D75: 268313.34
A76: BFR E21 | B76: Youth Centre/Public Car Park and land to rear of | C76: 495306.52 | D76: 266968.68
A77: BFR E22 | B77: 80 (SELA E17) | C77: 495327.55 | D77: 270848.83
A78: BFR E24 | B78: Factory | C78: 495893.45 | D78: 267397.02
A79: BFR E25 | B79: (Car Park Opposite (east) Imperial Court) | C79: 495594.42 | D79: 266911.89
A80: BFR E27 | B80: Telephone Exchange, Drill Hall, Tyrells, Factory Shop, Warehouse and Abbotts Dairy | C80: 495878.54 | D80: 267035.29
A81: BFR E28 | B81: Splash Leisure Pool, 64 (SELA E9) | C81: 495546.74 | D81: 267024.03
A82: BFR E29 | B82: Bridge Street / Midland Road | C82: 499338.84 | D82: 278565.88
A83: BFR E30 | B83: Rushden Indoor Bowling Club, 144 (adj. SELA E27) | C83: 494896.01 | D83: 268003.81
A84: BFR E31 | B84: The Charles Parker Building/IIB House/Atlanta House | C84: 496242.45 | D84: 268628.83
A85: BFR E32 | B85: The Pembleton Centre, HE, Car Park and Recycling Centre (SELA E19) | C85: 494963.14 | D85: 266686
A86: BFR E33 | B86: Land south of Braunstno Howe | C86: 504245.17 | D86: 288001.71
... A110: BFR E60 | B110: ABBOT HOUSE | C110: 503891.76 | D110: 288491.23
A111: BFR E61 | B111: 21 | C111: 498355.3 | D111: 275255.33
A112: BFR E62 | B112: STORAGE DEPOT | C112: 499257.09 | D112: 267424.11
A113: BFR E63 | B113: LAND BETWEEN PROSPECT AVENUE AND SHIRLEY ROAD | C113: 495995.27 | D113: 267557.24
A114: BFR E64 | B114: FORMER PEMBERTON SCHOOL | C114: 495078.7 | D114: 266695.84
A115: BFR E68 | B115: 1 | C115: 499067.97 | D115: 272032.61
A116: BFR W1 | B116: LAND ADJACENT CHRISTCHURCH HOUSE | C116: 490388.23 | D116: 267361.07
A117: BFR W2 | B117: 53 TO 55 | C117: 489676.88 | D117: 270064.79
A118: BFR W3 | B118: Land to the rear of The Swan Public House | C118: 485097.19 | D118: 263696.52
A119: BFR W4 | B119: Land surrounding | C119: 485763.6 | D119: 264621.59
A120: BFR W5 | B120: 21c-21d | C120: 491646.19 | D120: 272163.42
A121: BFR W6 | B121: land surrounding Parsons Hall | C121: 492708.18 | D121: 266103.33
A122: BFR W7 | B122: Former Dr. Martens Factory | C122: 490694.17 | D122: 262895.2
A123: BFR W8 | B123: Land at Scott Bader | C123: 490922.31 | D123: 263150.68
A124: BFR W9 | B124: Factory | C124: 491032.3 | D124: 262867.37
A125: BFR W11 | B125: Depot | C125: 488930.04 | D125: 268502.68
A126: BFR W13 | B126: The Hope Centre | C126: 489290.92 | D126: 269264.48
A127: BFR W14 | B127: 4 | C127: 488589.27 | D127: 268106.8
A128: BFR W16 | B128: Teamwork Wellingborough | C128: 488648.96 | D128: 267741.72
A129: BFR W17 | B129: Job Centre | C129: 488774.2 | D129: 267864.81
A130: BFR W18 | B130: Fairlawn Centre Spring Gardens | C130: 488792.92 | D130: 267644.6
A131: BFR W20 | B131: Church Farm | C131: 490400.44 | D131: 259507.38
A132: BFR W21 | B132: Chevron Traffic Management Ltd | C132: 492351.89 | D132: 272629.09
A133: BFR W22 | B133: Wollaston 2 | C133: 491183.96 | D133: 262384.81
A134: BFR W23 | B134: Scott Bader Co Ltd | C134: 491063.86 | D134: 263025.27
A135: BFR W24 | B135: 35a | C135: 492334.32 | D135: 272037
A136: BFR W25 | B136: 18 Burton Road | C136: 492098.4 | D136: 272334.38
A137: BFR W26 | B137: 28 & 30 Burton Road | C137: 492043.01 | D137: 272415.01
A138: BFR W27 | B138: Land between NN6 0NW | C138: 486345.43 | D138: 263785.56
A139: BFR W29 | B139: FORMER ABATTOR- FACTORY | C139: 490839.56 | D139: 267395.58
... A150: BFR W44 | B150: 90 Denington Road – Former Siemens Unit | C150: 489341.72 | D150: 266362.28

Sheet Tab Directory
A1: 1. Link to Flow Chart
A2: 2. Discounted Sites
A3: 3. Link to Assessment Criteria
A4: 4. Register of Shortlisted Sites
A5: 5. Shortlised Site Details
A6: 6.Discounted Shortlisted Sites
A7: 7.Site Assessment Summaries
A8: 8. Link to Map Layer

Sheet 1.Link to Flow Chart
A1: Link to Flow Chart against which the long list of sites have been assessed: | B1: http://www.nnjpu.org.uk/publications/docdetail.asp?docid=1578
A3: Notes on the Flow Chart and Site Assessment Process:
A4: The NNJPU devised a Flow Chart by way of sieving an initial long list of potential sites and discounting those sites considered unsuitable for residential development in relation to national and local policy considerations. This Flow Chart is available for viewing via the above weblink. Those sites assessed, and subsequently discounted, through this process (namely Stages 1 - 7 of the flow chart) are outlined in Tab 2 (Discounted Sites) tab of this Register for transparency. Those sites passing these initial tests (and which are not already allocated/permissioned for housing development) were put forward for assessment relative to the locally devised Assessment Criteria (available via Tab 3 - Link to Assessment Criteria of this workbook). The resultant outputs of this process are available within Tab 6 (Shortlisted Site Assessments) of this workbook and also in site summary form via Tab 7 (Site Assessment Summaries). A 'red' score in relation to these criteria flags that a notable constraint has been identified on site which would need to be addressed in any future proposals for development. For the purpose of clarity, Flow Chart Stage 9 (Is there a reasonable prospect that the site will be available for development within 10 years, and that it could be viably developed?) is linked to Assessment Criteria 16 ('Availability') and has only been applied to those sites without an existing planning permission/allocation for housing use. The Assessment scorings in this respect have been derived from a combination of local knowledge about the site and a Land Registry ownership search on the 14 'non-consented' sites within the overall shortlist.

Sheet 2.Discounted Sites
A1: JPU | B1: Mandatory | C1: Mandatory | D1: Optional | E1: JPU | F1: JPU | G1: JPU | H1: Optional | I1: Mandatory | J1: Mandatory | K1: Mandatory | L1: Mandatory | M1: Mandatory | N1: Optional | O1: Optional | P1: Mandatory | Q1: Optional | R1: Mandatory | S1: Mandatory | T1: Optional | V1: Optional | W1: Mandatory | X1: Mandatory | Y1: Mandatory | Z1: Mandatory
A2: The following list denotes those sites assessed and considered to fail the tests of suitability relative to the Flow Chart outlined on Tab 1 of this workbook. The reasoning behind why each site has been discounted is available at Column V for clarity.
A4: Entry No. | B4: SiteReference | C4: SiteName | D4: SiteAddress | E4: Setttlement | F4: Postcode | G4: Local Authority Area | H4: UPRN | I4: CoordinateReferenceSystem | J4: GeoX | K4: GeoY | L4: Hectares | M4: PlanningStatus | N4: PlanningHistory | O4: Constraints | P4: OwnershipStatus | Q4: Owners | R4: HousingEstimate | S4: MinHomes | T4: Events | U4: Updated JPU | V4: Notes | W4: OrganisationURI | X4: OrganisationLabel | Y4: FirstAddedDate | Z4: LastUpdatedDate
A5: 1 | B5: BFR C2 | C5: Site west of | D5: Geddington Rd | E5: Corby | F5: NN18 8AN | G5: Corby Borough Council | H5: 10024041313 | I5: OSGB36 | J5: =VLOOKUP(B5,Sheet1!A$2:C$150,3,FALSE) -> 489847.18 | K5: =VLOOKUP(B5,Sheet1!A$2:D$150,4,FALSE) -> 288306.96 | L5: 11.8467 | M5: Permissioned | N5: Site is in current use as a Gefco car storage facility. | U5: Y? | V5: Site is in current use as a Gefco car storage facility and has been discounted for further assessment on this basis. | W5: http://opendatacommunities.org/id/district-council/corby | X5: Corby Borough Council | Y5: 42551 | Z5: 42551
A6: 2 | B6: BFR C3 | C6: Corus Tube Works | E6: Corby | F6: NN17 5XZ | G6: Corby Borough Council | H6: 10006866519 | I6: OSGB36 | J6: =VLOOKUP(B6,Sheet1!A$2:C$150,3,FALSE) -> 490981.78 | K6: =VLOOKUP(B6,Sheet1!A$2:D$150,4,FALSE) -> 290125.93 | L6: 9.48546 | M6: Not Permissioned | N6: Site previously assessed in SHLAA as site 68 | U6: Y | V6: Located within the boundary of the Corus Steel works. Wholly enveloped by industry. Not considered a suitable location for residential development and discounted for further assessment/shortlist on this basis. | W6: http://opendatacommunities.org/id/district-council/corby | X6: Corby Borough Council | Y6: 42551 | Z6: 42551
A7: 3 | B7: BFR C4 | C7: British American Tobacco Land | E7: Corby | F7: NN18 8HT | G7: Corby Borough Council | H7: 10006861291 | I7: OSGB36 | J7: =VLOOKUP(B7,Sheet1!A$2:C$150,3,FALSE) -> 486748.36 | K7: =VLOOKUP(B7,Sheet1!A$2:D$150,4,FALSE) -> 285442.91 | L7: 2.78088 | M7: Not Permissioned | P7: Not in Public Ownership | U7: Y | V7: Located within the boundary of the British American Tobacco works and envelopes a factory on site. Not considered a suitable location for residential development and discounted for further assessment/shortlist on this basis. | W7: http://opendatacommunities.org/id/district-council/corby | X7: Corby Borough Council | Y7: 42551 | Z7: 42551
A8: 4 | B8: BFR C5 | C8: Site near | D8: Gretton Brook Road | E8: Corby | F8: NN17 4DU | G8: Corby Borough Council | H8: 10024041236 | I8: OSGB36 | J8: =VLOOKUP(B8,Sheet1!A$2:C$150,3,FALSE) -> 488215 | K8: =VLOOKUP(B8,Sheet1!A$2:D$150,4,FALSE) -> 290959.24 | L8: 2.15029 | M8: Not Permissioned | U8: Y | V8: Located adjacent to indsutrial premises within the Earlstrees Industrial estate. Not considered a suitable location for residential development and discounted for further assessment/shortlist on this basis. | W8: http://opendatacommunities.org/id/district-council/corby | X8: Corby Borough Council | Y8: 42551 | Z8: 42551
A9: 5 | B9: BFR C6 | C9: Studfall Junior School | D9: Shakespeare Way | E9: Corby | F9: NN17 2NB | G9: Corby Borough Council | H9: 100032145851 | I9: OSGB36 | J9: =VLOOKUP(B9,Sheet1!A$2:C$150,3,FALSE) -> 487725.29 | K9: =VLOOKUP(B9,Sheet1!A$2:D$150,4,FALSE) -> 289759.82 | L9: 2.02593 | M9: Not Permissioned | P9: Public Ownership | Q9: Northamptonshire County Council | U9: Y | V9: Site encompasses Studfall Junior School buildings and curtilage. School is in active use. Site has been discounted for further assessment/shortlist on this basis. | W9: http://opendatacommunities.org/id/district-council/corby | X9: Corby Borough Council | Y9: 42551 | Z9: 42551
A10: 6 | B10: BFR C7 | C10: British American Tobacco Land | D10: Headway | E10: Corby | F10: NN18 8FT | G10: Corby Borough Council | H10: 10008565610 | I10: OSGB36 | J10: =VLOOKUP(B10,Sheet1!A$2:C$150,3,FALSE) -> 486484.98 | K10: =VLOOKUP(B10,Sheet1!A$2:D$150,4,FALSE) -> 285389.91 | L10: 1.78763 | M10: Not Permissioned | P10: Not in Public Ownership | U10: Y | V10: Located within the boundary of the British American Tobacco works and envelopes a factory on site. Not considered a suitable location for residential development and discounted for further assessment/shortlist on this basis. | W10: http://opendatacommunities.org/id/district-council/corby | X10: Corby Borough Council | Y10: 42551 | Z10: 42551
A11: 7 | B11: BFR C8 | C11: North of Headway | D11: Sedge Close | E11: Corby | F11: NN18 9NF | G11: Corby Borough Council | H11: 100032146460 | I11: OSGB36 | J11: =VLOOKUP(B11,Sheet1!A$2:C$150,3,FALSE) -> 486065.03 | K11: =VLOOKUP(B11,Sheet1!A$2:D$150,4,FALSE) -> 285646.69 | L11: 3.76059 | M11: Not Permissioned | U11: Y | V11: Site located on the Saxon Way West Industrial estate and surrounded by industrial premises. Not considered a suitable location for residential development and discounted for further assessment/shortlist on this basis. | W11: http://opendatacommunities.org/id/district-council/corby | X11: Corby Borough Council | Y11: 42551 | Z11: 42551
A12: 8 | B12: BFR C9 | C12: 14 Darley Dale Road, | D12: Off Studfall Avenue | E12: Corby | F12: NN17 1LL | G12: Corby Borough Council | H12: 100030980272 | I12: OSGB36 | J12: =VLOOKUP(B12,Sheet1!A$2:C$150,3,FALSE) -> 487924.75 | K12: =VLOOKUP(B12,Sheet1!A$2:D$150,4,FALSE) -> 289631.75 | L12: 1.37823 | U12: Y? | V12: Site assessed as part of SHLAA (Site 163). The site incorporates a range of active uses which are in multiple ownerships (including a church, residential care home and recently completed apartments). Given these uses the site is considered unavailable for development and has been discounted for further assessment/shortlist on this basis. | W12: http://opendatacommunities.org/id/district-council/corby | X12: Corby Borough Council | Y12: 42551 | Z12: 42551
A13: 9 | B13: BFR C10 | C13: Builders yard (rear of Garden Centre) | D13: Rockingham Rd | E13: Corby | F13: NN17 2EP | G13: Corby Borough Council | H13: 100032261489 | I13: OSGB36 | J13: =VLOOKUP(B13,Sheet1!A$2:C$150,3,FALSE) -> 487928.98 | K13: =VLOOKUP(B13,Sheet1!A$2:D$150,4,FALSE) -> 290575.57 | L13: 0.234834 | U13: Y | V13: Site assessed as part of SHLAA (Site 211) but replotted to exclude greenfield element. Brownfield site in existing use through a number of businesses (multiple ownerships) so site has been discounted for further assessment/shortlist on this basis. Site is also below the 0.25ha assessment threshold. | W13: http://opendatacommunities.org/id/district-council/corby | X13: Corby Borough Council | Y13: 42551 | Z13: 42551
A14: 10 | B14: BFR C11 | C14: Land north of | D14: Brunel Rd | E14: Corby | F14: NN17 4JW | G14: Corby Borough Council | H14: 200001047110 | I14: OSGB36 | J14: =VLOOKUP(B14,Sheet1!A$2:C$150,3,FALSE) -> 489170.38 | K14: =VLOOKUP(B14,Sheet1!A$2:D$150,4,FALSE) -> 291096.61 | L14: 0.524854 | U14: Y | V14: Site is located within the Earlstrees Industrial estate and is bounded by industrial buildings with the A6116 to the north. Not considered a suitable location for residential development and discounted for further assessment/shortlist on this basis. | W14: http://opendatacommunities.org/id/district-council/corby | X14: Corby Borough Council | Y14: 42551 | Z14: 42551
A15: 11 | B15: BFR C12 | C15: Universal Salvage site, | D15: Gretton Brook Rd | E15: Corby | F15: NN17 4BA | G15: Corby Borough Council | H15: 10008565976 | I15: OSGB36 | J15: =VLOOKUP(B15,Sheet1!A$2:C$150,3,FALSE) -> 489694.22 | K15: =VLOOKUP(B15,Sheet1!A$2:D$150,4,FALSE) -> 291486.51 | L15: 0.484396 | P15: Not in Public Ownership | U15: Y | V15: Site is located on an industrial site which is separate from adjacent Earlstrees Industrial estate. Not considered a suitable location for residential development and discounted for further assessment/shortlist on this basis. | W15: http://opendatacommunities.org/id/district-council/corby | X15: Corby Borough Council | Y15: 42551 | Z15: 42551
A16: 12 | B16: BFR C14 | C16: Universal Salvage site, | D16: Gretton Brook Rd | E16: Corby | F16: NN17 4BA | G16: Corby Borough Council | H16: 10008565258 | I16: OSGB36 | J16: =VLOOKUP(B16,Sheet1!A$2:C$150,3,FALSE) -> 489619.18 | K16: =VLOOKUP(B16,Sheet1!A$2:D$150,4,FALSE) -> 291362.19 | L16: 0.386041 | P16: Not in Public Ownership | U16: Y | V16: Site is located on an industrial site which is separate from adjacent Earlstrees Industrial estate. Notwithstanding this, the site is not considered a suitable location for residential development and is discounted for further assessment/shortlist on this basis. | W16: http://opendatacommunities.org/id/district-council/corby | X16: Corby Borough Council | Y16: 42551 | Z16: 42551
A17: 13 | B17: BFR C15 | C17: British American Tobacco Land | E17: Corby | F17: NN18 8HU | G17: Corby Borough Council | H17: 10006861330 | I17: OSGB36 | J17: =VLOOKUP(B17,Sheet1!A$2:C$150,3,FALSE) -> 486568.59 | K17: =VLOOKUP(B17,Sheet1!A$2:D$150,4,FALSE) -> 285479.45 | L17: 0.300421 | P17: Public Ownership | U17: Y | V17: Site is located within the boundary of British American Tobacco's land and sandwiched industrial buildings. Considered to be bad neighbours in this respect and not an appropriate location for residential development as site is still in active use. Discounted for further assessment/shortlist on this basis. | W17: http://opendatacommunities.org/id/district-council/corby | X17: Corby Borough Council | Y17: 42551 | Z17: 42551
A18: 14 | B18: BFR C17 | C18: Adjacent to Little Learners Childcare, Our Ladys Roman Catholic Junior And Infant School | D18: off Occupation Road | E18: Corby | F18: NN17 1XS | G18: Corby Borough Council | H18: 100030979064 | I18: OSGB36 | J18: =VLOOKUP(B18,Sheet1!A$2:C$150,3,FALSE) -> 488526.8 | K18: =VLOOKUP(B18,Sheet1!A$2:D$150,4,FALSE) -> 289298.36 | L18: 0.280004 | U18: Y | V18: Site is within the boundary of Our Lady's Infant and Junior school and considered in active use. Discounted for further assessment/shortlist on this basis. | W18: http://opendatacommunities.org/id/district-council/corby | X18: Corby Borough Council | Y18: 42551 | Z18: 42551
A19: 15 | B19: BFR C18 | C19: Former Garage Site | D19: Weldon Rd | E19: Corby | F19: NN17 1UZ | G19: Corby Borough Council | H19: 10024042922 | I19: OSGB36 | J19: =VLOOKUP(B19,Sheet1!A$2:C$150,3,FALSE) -> 489672.02 | K19: =VLOOKUP(B19,Sheet1!A$2:D$150,4,FALSE) -> 288671.47 | L19: 0.252413 | M19: Not Permissioned | U19: Previously assessed through SHLAA as site 363 | V19: Site is in existing use as a car sales garage and related MOT/workshop uses. Discounted for further assessment/shortlist on this basis as not available for development. Previously assessed through SHLAA as site 363 | W19: http://opendatacommunities.org/id/district-council/corby | X19: Corby Borough Council | Y19: 42551 | Z19: 42551
A20: 16 | B20: BFR C19 | C20: Garage Court | D20: Swale Close | E20: Corby | F20: NN17 2HZ | G20: Corby Borough Council | H20: 10023800720 | I20: OSGB36 | J20: =VLOOKUP(B20,Sheet1!A$2:C$150,3,FALSE) -> 487496.85 | K20: =VLOOKUP(B20,Sheet1!A$2:D$150,4,FALSE) -> 290306.63 | L20: 0.251459 | U20: Y | V20: Majority of site is in public sector ownership, but a handful of garages are private, therefore considered to be in mutiple ownership. Site discounted from further assessment/shortlist on this basis. | W20: http://opendatacommunities.org/id/district-council/corby | X20: Corby Borough Council | Y20: 42551 | Z20: 42551
A21: 17 | B21: BFR C21 | C21: Car storage site, Willowbrook North | D21: Genner Road | E21: Corby | F21: NN17 5WA | G21: Corby Borough Council | H21: 10024043661 | I21: OSGB36 | J21: =VLOOKUP(B21,Sheet1!A$2:C$150,3,FALSE) -> 490456.05 | K21: =VLOOKUP(B21,Sheet1!A$2:D$150,4,FALSE) -> 290585.67 | L21: 24.785 | N21: Site previously assessed in SHLAA as site 2007 | U21: Y | V21: P/P granted for Erection of a new industiral building - East part of site. Very industrial location which is not considered suitable for residential development. Site discounted from further assessment/shortlist on this basis. | W21: http://opendatacommunities.org/id/district-council/corby | X21: Corby Borough Council | Y21: 42551 | Z21: 42551
A22: 18 | B22: BFR C22 | C22: Maple Fields School | D22: School Place | E22: Corby | F22: NN18 0SG | G22: Corby Borough Council | H22: 200002779285 | I22: OSGB36 | J22: =VLOOKUP(B22,Sheet1!A$2:C$150,3,FALSE) -> 487593.33 | K22: =VLOOKUP(B22,Sheet1!A$2:D$150,4,FALSE) -> 288119.29 | L22: 0.612904 | M22: Not Permissioned | U22: Previously assessed through SHLAA as site 2017 | V22: Site is in existing use as CE Academy (Forest Gate Campus) and not available for development. Previously assessed through SHLAA as site 2017. Discounted for further assessment/shortlist on this basis. | W22: http://opendatacommunities.org/id/district-council/corby | X22: Corby Borough Council | Y22: 42551 | Z22: 42551
A23: 19 | B23: BFR C28 | C23: Land Off | D23: Pen Green Lane | E23: Corby | F23: NN17 4SJ | G23: Corby Borough Council | H23: 10008559881 | I23: OSGB36 | J23: =VLOOKUP(B23,Sheet1!A$2:C$150,3,FALSE) -> 489374.37 | K23: =VLOOKUP(B23,Sheet1!A$2:D$150,4,FALSE) -> 290154.49 | L23: 9.71948 | M23: Not Permissioned | O23: Part of site is likely to be subject to a nomination for Fields in Trust status. Site lies within an Interin HSE Zone. | U23: Previously assessed through SHLAA as site 2045 | V23: Previously assessed through SHLAA as site 2045. This is a predominantly greenfield site which provides a buffer between residential and a nearby industrial area which generates both noise and odour as gauged from a site visit. Site has been discounted for further assessment/shortlist on this basis. | W23: http://opendatacommunities.org/id/district-council/corby | X23: Corby Borough Council | Y23: 42551 | Z23: 42551
A24: 20 | B24: BFR C29 | C24: Evolution Corby | E24: Corby | F24: NN17 1NX | G24: Corby Borough Council | H24: 10006865061 | I24: OSGB36 | J24: =VLOOKUP(B24,Sheet1!A$2:C$150,3,FALSE) -> 488342.99 | K24: =VLOOKUP(B24,Sheet1!A$2:D$150,4,FALSE) -> 288467.67 | L24: 0.630705 | U24: Y | V24: This site has been derived from SHLAA site 2052. Part of this site now benefits from planning permission for town centre redevelopment (13/00363/DPA). Site BFR C29 represents the residual element of the original SHLAA site. However, it is currently unavailable for development due to existing uses and residential development in this location is considered unsuitable so it has been discounted for further assessment/shortlist on this basis | W24: http://opendatacommunities.org/id/district-council/corby | X24: Corby Borough Council | Y24: 42551 | Z24: 42551
A25: 21 | B25: BFR C30 | C25: Centrix Park | E25: Corby | F25: NN17 5DP | G25: Corby Borough Council | H25: 10008565889 | I25: OSGB36 | J25: =VLOOKUP(B25,Sheet1!A$2:C$150,3,FALSE) -> 489813.51 | K25: =VLOOKUP(B25,Sheet1!A$2:D$150,4,FALSE) -> 290720.46 | L25: 14.6765 | N25: Shlaa site 2055. Site formerly has permission for mixed employment use but this has lapsed. | U25: Y | V25: Site is located within the Rockingham Motor Racing Circuit Enterprise Area as allocated for employment uses in the Joint Core Strategy. Site is discounted for further assessment on this basis. | W25: http://opendatacommunities.org/id/district-council/corby | X25: Corby Borough Council | Y25: 42551 | Z25: 42551
A26: 22 | B26: BFR C31 | C26: Cockerell Road | E26: Corby | F26: NN17 5XW | G26: Corby Borough Council | H26: 999000031535 | I26: OSGB36 | J26: =VLOOKUP(B26,Sheet1!A$2:C$150,3,FALSE) -> 489753.82 | K26: =VLOOKUP(B26,Sheet1!A$2:D$150,4,FALSE) -> 289908.19 | L26: 8.95091 | U26: Y | V26: Site is allocated through the Joint Core Strategy (Policy 34 - Land at Cockerell Road, Corby) for Employment purposes (B1/B2/B8). Site has been discounted for further assessment on this basis. | W26: http://opendatacommunities.org/id/district-council/corby | X26: Corby Borough Council | Y26: 42551 | Z26: 42551
A27: 23 | B27: BFR C32 | C27: Genner Road | E27: Corby | F27: NN17 5AE | G27: Corby Borough Council | H27: 100032146212 | I27: OSGB36 | J27: =VLOOKUP(B27,Sheet1!A$2:C$150,3,FALSE) -> 489993.6 | K27: =VLOOKUP(B27,Sheet1!A$2:D$150,4,FALSE) -> 290181.12 | L27: 3.192 | M27: Permissioned | N27: SHLAA site 2057 | U27: Y | V27: Site has planning permission for non-housing use (15/00320/COU - change of use from B2 to B8 to enable surface car storage in conjunction with adjacent sites already benefiting from B8. Forming new ground levels and providing access roads in Tarmac. Closing up former Genner Road to incorporate in the site). Site has been discounted for further assessment/shortlist on this basis. | W27: http://opendatacommunities.org/id/district-council/corby | X27: Corby Borough Council | Y27: 42551 | Z27: 42551
A28: 24 | B28: BFR C33 | C28: Courier Road | E28: Corby | F28: NN17 5BA | G28: Corby Borough Council | H28: 10008565375 | I28: OSGB36 | J28: =VLOOKUP(B28,Sheet1!A$2:C$150,3,FALSE) -> 489445.97 | K28: =VLOOKUP(B28,Sheet1!A$2:D$150,4,FALSE) -> 289339.2 | L28: 0.813094 | N28: Assessed in SHLAA as site 2058 | U28: Y | V28: Site provides a buffer between the retail park and the railway line and is therefore not considered suitable for residential development. Site has been discounted for further assessment/shortlist on this basis. | W28: http://opendatacommunities.org/id/district-council/corby | X28: Corby Borough Council | Y28: 42551 | Z28: 42551
A29: 25 | B29: BFR C34 | C29: Restored Quarry, Genner Road | E29: Corby | F29: NN17 5AE | G29: Corby Borough Council | H29: 100032146134 | I29: OSGB36 | J29: =VLOOKUP(B29,Sheet1!A$2:C$150,3,FALSE) -> 490135 | K29: =VLOOKUP(B29,Sheet1!A$2:D$150,4,FALSE) -> 290217.18 | L29: 1.05504 | M29: Pending Decision | N29: SHLAA Site 2057 | U29: Y | V29: Planning application (reference 15/00320/COU) is pending for change of use from B2 to B8. Site is located on the Willowbrook Industrial estate and is bounded by industrial buildings. Site not considered to provide a suitable residential amenity and has been discounted for further assessment/shortlist on this basis. | W29: http://opendatacommunities.org/id/district-council/corby | X29: Corby Borough Council | Y29: 42551 | Z29: 42551
A30: 26 | B30: BFR C35 | C30: Oakley Road Garage | D30: Oakley Road | E30: Corby | F30: NN18 9NP | G30: Corby Borough Council | H30: 100032146523 | I30: OSGB36 | J30: =VLOOKUP(B30,Sheet1!A$2:C$150,3,FALSE) -> 487926.37 | K30: =VLOOKUP(B30,Sheet1!A$2:D$150,4,FALSE) -> 287577.4 | L30: 0.09125 | U30: Y | V30: Site is below the 0.25ha assessment threshold. Discounted for further assessment/shortlist on this basis. | W30: http://opendatacommunities.org/id/district-council/corby | X30: Corby Borough Council | Y30: 42551 | Z30: 42551
A31: 27 | B31: BFR C36 | C31: Restored Quarry | D31: Steel Road | E31: Corby | F31: NN17 5AE | G31: Corby Borough Council | H31: 200002779280 | I31: OSGB36 | J31: =VLOOKUP(B31,Sheet1!A$2:C$150,3,FALSE) -> 490519.22 | K31: =VLOOKUP(B31,Sheet1!A$2:D$150,4,FALSE) -> 290330.65 | L31: 0.784043 | N31: SHLAA Site 2060 | U31: Y | V31: Site is located on the Willowbrook Industrial estate and is bounded by industrial buildings. Site in current use as a car park for adjacent industrial building. Site not considered to provide a suitable residential amenity and has been discounted for further assessment/shortlist on this basis. | W31: http://opendatacommunities.org/id/district-council/corby | X31: Corby Borough Council | Y31: 42551 | Z31: 42551
A32: 28 | B32: BFR C37 | C32: Pluto Site, Gainsborough Road (part) | D32: Gainsborough Road | E32: Corby | F32: NN18 0RH | G32: Corby Borough Council | H32: 100030982140 | I32: OSGB36 | J32: =VLOOKUP(B32,Sheet1!A$2:C$150,3,FALSE) -> 487813.31 | K32: =VLOOKUP(B32,Sheet1!A$2:D$150,4,FALSE) -> 288097.56 | L32: 0.19406 | U32: Y | V32: Site is below the 0.25ha assessment threshold. It has been discounted for further assessment/shortlist on this basis. | W32: http://opendatacommunities.org/id/district-council/corby | X32: Corby Borough Council | Y32: 42551 | Z32: 42551
A33: 29 | B33: BFR C38 | C33: Corby Motors, George Street / Cottingham Road | D33: George Street / Cottingham Road | E33: Corby | F33: NN17 1QE | G33: Corby Borough Council | H33: 10024042355 | I33: OSGB36 | J33: =VLOOKUP(B33,Sheet1!A$2:C$150,3,FALSE) -> 488051.3 | K33: =VLOOKUP(B33,Sheet1!A$2:D$150,4,FALSE) -> 288840.17 | L33: 0.2537 | U33: Y | V33: Site is in existing retail use and no information to suggest this is to change in near future. Site has been discounted for further assessment/shortlist on this basis | W33: http://opendatacommunities.org/id/district-council/corby | X33: Corby Borough Council | Y33: 42551 | Z33: 42551
A34: 30 | B34: BFR K1 | C34: Lawrences Factory | D34: Gladstone Street | E34: Desborough | F34: NN14 2RL | G34: Kettering Borough Council | H34: 100031060670 | I34: OSGB36 | J34: =VLOOKUP(B34,Sheet1!A$2:C$150,3,FALSE) -> 480220.21 | K34: =VLOOKUP(B34,Sheet1!A$2:D$150,4,FALSE) -> 283437.76 | L34: 1.23194 | M34: Not Permissioned | N34: Site previously assessed as SHLAA site 680. The Council has resolved to grant planning permission for a new food store, subject to a S106 Agreement (pursuant to application KET/2010/0743). | V34: Site previously assessed as SHLAA site 680. The Council has resolved to grant planning permission for a new food store, subject to a S106 Agreement (pursuant to application KET/2010/0743). The site has been determined as unavailable for residential development on this basis and has been discounted for further assessment on this basis. | W34: http://opendatacommunities.org/id/district-council/kettering | X34: Kettering Borough Council | Y34: 42551 | Z34: 42551
A35: 31 | B35: BFR K4 | C35: Factory adjacent to | D35: 52 Lawson Street | E35: Kettering | F35: NN16 8XU | G35: Kettering Borough Council | H35: 10007871808 | I35: OSGB36 | J35: =VLOOKUP(B35,Sheet1!A$2:C$150,3,FALSE) -> 487444.72 | K35: =VLOOKUP(B35,Sheet1!A$2:D$150,4,FALSE) -> 279197.77 | L35: 0.64549 | N35: SHLAA site 738. | U35: Y | V35: Site previously assessed as SHLAA site 738. Site currently in active use as car park/hand car wash/sales and has been discounted on this basis. This is, however, open to review if this use were to stop/the site to become avalable in future. | W35: http://opendatacommunities.org/id/district-council/kettering | X35: Kettering Borough Council | Y35: 42551 | Z35: 42551
A36: 32 | B36: BFR K5 | C36: Ise Garden Centre | D36: Warkton Lane | E36: East of Kettering SUE | F36: NN15 5AA | G36: Kettering Borough Council | H36: 100032143435 | I36: OSGB36 | J36: =VLOOKUP(B36,Sheet1!A$2:C$150,3,FALSE) -> 489528.5 | K36: =VLOOKUP(B36,Sheet1!A$2:D$150,4,FALSE) -> 277994.6 | L36: 0.307949 | U36: Y | V36: Site is in active use as a garden centre and unavailable for development. Discounted from further assessment on this basis. | W36: http://opendatacommunities.org/id/district-council/kettering | X36: Kettering Borough Council | Y36: 42551 | Z36: 42551
A37: 33 | B37: BFR K6 | C37: Cooper's Coaches | D37: Desborough Road | E37: Rothwell | F37: NN14 6JZ | G37: Kettering Borough Council | H37: 10007871821 | I37: OSGB36 | J37: =VLOOKUP(B37,Sheet1!A$2:C$150,3,FALSE) -> 481310.86 | K37: =VLOOKUP(B37,Sheet1!A$2:D$150,4,FALSE) -> 281298.4 | L37: 0.213931 | U37: Y | V37: Site is below the 0.25ha assessment threshold. Discounted from further assessment. | W37: http://opendatacommunities.org/id/district-council/kettering | X37: Kettering Borough Council | Y37: 42551 | Z37: 42551
A38: 34 | B38: BFR K7 | C38: Glendon Ironworks | D38: Sackville Street | E38: Kettering | F38: NN16 9DN | G38: Kettering Borough Council | H38: 100031072561 | I38: OSGB36 | J38: =VLOOKUP(B38,Sheet1!A$2:C$150,3,FALSE) -> 486412.52 | K38: =VLOOKUP(B38,Sheet1!A$2:D$150,4,FALSE) -> 279632.8 | L38: 0.477622 | M38: Not Permissioned | U38: Y | V38: Site is in active use as Billsons Steel Services and unavailable for development. Discounted from further assessment on this basis. | W38: http://opendatacommunities.org/id/district-council/kettering | X38: Kettering Borough Council | Y38: 42551 | Z38: 42551
A39: 35 | B39: BFR K9 | C39: Geddington Sawmill | D39: Grafton Road | E39: Geddington | F39: NN14 1AJ | G39: Kettering Borough Council | H39: 200002140834 | I39: OSGB36 | J39: =VLOOKUP(B39,Sheet1!A$2:C$150,3,FALSE) -> 489723.21 | K39: =VLOOKUP(B39,Sheet1!A$2:D$150,4,FALSE) -> 282711.02 | L39: 1.68837 | M39: Not Permissioned | N39: SHLAA Site 1075 | U39: Y | V39: Site previously assessed as SHLAA site 1075. Part of site is in active use as premises of English Hardwoods. Residual area beyond this is under tree-cover and does not meet the definition of PDL. Site has been excluded from further assessment on this basis. | W39: http://opendatacommunities.org/id/district-council/kettering | X39: Kettering Borough Council | Y39: 42551 | Z39: 42551
A40: 36 | B40: BFR K10 | C40: Land at Barton Hall | D40: Barton Road | E40: Kettering | F40: NN15 5NW | G40: Kettering Borough Council | H40: 10007874717 | I40: OSGB36 | J40: =VLOOKUP(B40,Sheet1!A$2:C$150,3,FALSE) -> 488725.12 | K40: =VLOOKUP(B40,Sheet1!A$2:D$150,4,FALSE) -> 277365.09 | L40: 3.05251 | N40: SHLAA site 1117 | P40: Not in Public Ownership | U40: Y | V40: Site previously assessed as SHLAA site 1117. Site is in active use as Barton Hall Hotel & restaurant. Residual area beyond ths forms the hotel grounds and does not meet the definition of PDL. Site has been excluded from further assessment on this basis. | W40: http://opendatacommunities.org/id/district-council/kettering | X40: Kettering Borough Council | Y40: 42551 | Z40: 42551
A41: 37 | B41: BFR K11 | C41: Land At Ashley Road | D41: Ashley Road | E41: Stoke Albany | F41: LE16 8PL | G41: Kettering Borough Council | H41: 10007869458 | I41: OSGB36 | J41: =VLOOKUP(B41,Sheet1!A$2:C$150,3,FALSE) -> 480442.17 | K41: =VLOOKUP(B41,Sheet1!A$2:D$150,4,FALSE) -> 288146.62 | L41: 1.69277 | M41: Not Permissioned | N41: Potential housing allocation in Kettering Borough Council's Part 2 Local Plan Planning permission exists for 2 dwellings in the vicinity of the existing farm but the assessment polygon for site K11 excludes these (KET/2012/0715 | P41: Not in Public Ownership | V41: Previously assessed through SHLAA as site 1157. Land is occupied by a farm in active use with modern agricultural barns. Swathes of the residual area constitute greenfield land. Removed from shortlist on this basis. | W41: http://opendatacommunities.org/id/district-council/kettering | X41: Kettering Borough Council | Y41: 42551 | Z41: 42551
A42: 38 | B42: BFR K12 | C42: Loatlands school | D42: Harrington Road | E42: Desborough | F42: NN14 2LJ | G42: Kettering Borough Council | H42: 100032142365 | I42: OSGB36 | J42: =VLOOKUP(B42,Sheet1!A$2:C$150,3,FALSE) -> 479631.73 | K42: =VLOOKUP(B42,Sheet1!A$2:D$150,4,FALSE) -> 283440.95 | L42: 1.52447 | M42: Not Permissioned | N42: SHLAA site 1162 | P42: Public Ownership | U42: Y | V42: Site previously assessed as SHLAA site 1162. Site is in active use as a primary school which has been recently expanded. Discounted from further assessment on this basis. | W42: http://opendatacommunities.org/id/district-council/kettering | X42: Kettering Borough Council | Y42: 42551 | Z42: 42551
A43: 39 | B43: BFR K13 | C43: Eveden Factory 1 | D43: Rothwell Road | E43: Desborough | F43: NN14 2PG | G43: Kettering Borough Council | H43: 100032142170 | I43: OSGB36 | J43: =VLOOKUP(B43,Sheet1!A$2:C$150,3,FALSE) -> 480090.85 | K43: =VLOOKUP(B43,Sheet1!A$2:D$150,4,FALSE) -> 282869.26 | L43: 0.329593 | M43: Not Permissioned | N43: SHLAA site 1163 | U43: Y | V43: Site previously assessed as SHLAA site 1163. Site is in active use as a factory and has been excluded from further assessment on this basis. | W43: http://opendatacommunities.org/id/district-council/kettering | X43: Kettering Borough Council | Y43: 42551 | Z43: 42551
A44: 40 | B44: BFR K14 | C44: Eveden Factory 2 | D44: Rothwell Road | E44: Desborough | F44: NN14 2NU | G44: Kettering Borough Council | H44: 10007871721 | I44: OSGB36 | J44: =VLOOKUP(B44,Sheet1!A$2:C$150,3,FALSE) -> 480074.23 | K44: =VLOOKUP(B44,Sheet1!A$2:D$150,4,FALSE) -> 282955.14 | L44: 0.500855 | M44: Not Permissioned | N44: SHLAA site 1164 | V44: Site previously assessed as SHLAA site 1164. Site is in active use as a factory and has been excluded from further assessment on this basis. | W44: http://opendatacommunities.org/id/district-council/kettering | X44: Kettering Borough Council | Y44: 42551 | Z44: 42551
A45: 41 | B45: BFR K16 | C45: Kettering Fire Station | D45: Headlands | E45: Kettering | F45: NN15 6BH | G45: Kettering Borough Council | H45: 100031065719 | I45: OSGB36 | J45: =VLOOKUP(B45,Sheet1!A$2:C$150,3,FALSE) -> 486701.03 | K45: =VLOOKUP(B45,Sheet1!A$2:D$150,4,FALSE) -> 277311.58 | L45: 0.594755 | M45: Not Permissioned | N45: SHLAA site 1166 | U45: Y | V45: Site previously assessed as SHLAA site 1166. Site is in active use as as a fire station and has been excluded from further assessment on this basis. | W45: http://opendatacommunities.org/id/district-council/kettering | X45: Kettering Borough Council | Y45: 42551 | Z45: 42551
A46: 42 | B46: BFR K18 | C46: Cohens Yard | D46: A43 Northampton Road | E46: Kettering | F46: NN14 1EG | G46: Kettering Borough Council | H46: 10007873219 | I46: OSGB36 | J46: =VLOOKUP(B46,Sheet1!A$2:C$150,3,FALSE) -> 484886.17 | K46: =VLOOKUP(B46,Sheet1!A$2:D$150,4,FALSE) -> 277552.28 | L46: 12.8859 | V46: This site has planning permission for 5 no. units (B1, B1c, B2 and B8) with associated works pursuant to application KET/2015/0911 (approved in March ’16). Site is therefore considered unavailable for housing and excluded. | W46: http://opendatacommunities.org/id/district-council/kettering | X46: Kettering Borough Council | Y46: 42551 | Z46: 42551
A47: 43 | B47: BFR K19 | C47: Wadcroft | E47: Kettering | F47: NN16 8DQ | G47: Kettering Borough Council | H47: 10007874212 | I47: OSGB36 | J47: =VLOOKUP(B47,Sheet1!A$2:C$150,3,FALSE) -> 486540.31 | K47: =VLOOKUP(B47,Sheet1!A$2:D$150,4,FALSE) -> 278710.6 | L47: 1.32567 | M47: Permissioned | N47: Kettering Town Centre Area Action Plan allocation SHQ1 -Wadcroft/Newlands Phase | U47: Y | V47: Site is allocated through the Kettering Town Centre Area Action Plan (site SHQ1 -Wadcroft/Newlands Phase ) for retail uses. It has been discounted for further assessment on this basis. | W47: http://opendatacommunities.org/id/district-council/kettering | X47: Kettering Borough Council | Y47: 42551 | Z47: 42551
A48: 44 | B48: BFR K20 | C48: Hogs Head/ Queen St/ Horsemarket | D48: Queen Street | E48: Kettering | F48: NN16 0BZ | G48: Kettering Borough Council | H48: 100032264304 | I48: OSGB36 | J48: =VLOOKUP(B48,Sheet1!A$2:C$150,3,FALSE) -> 486855.77 | K48: =VLOOKUP(B48,Sheet1!A$2:D$150,4,FALSE) -> 278614.43 | L48: 0.130729 | U48: Y | V48: Site is below the 0.25ha assessment threshold. Discounted from further assessment. | W48: http://opendatacommunities.org/id/district-council/kettering | X48: Kettering Borough Council | Y48: 42551 | Z48: 42551
A49: 45 | B49: BFR K21 | C49: Former Bus Depot | D49: Harborough Road | E49: Desborough | F49: NN14 2QY | G49: Kettering Borough Council | H49: 10007864759 | I49: OSGB36 | J49: =VLOOKUP(B49,Sheet1!A$2:C$150,3,FALSE) -> 480087.07 | K49: =VLOOKUP(B49,Sheet1!A$2:D$150,4,FALSE) -> 283500.61 | L49: 0.496451 | V49: Site is in active use and has been excluded from further assessment on this basis. | W49: http://opendatacommunities.org/id/district-council/kettering | X49: Kettering Borough Council | Y49: 42551 | Z49: 42551
A50: 46 | B50: BFR K22 | C50: McAlpine, Pytchley Lodge Industrial Estate | D50: Land to the north of the A14 | E50: Kettering | F50: NN15 6NL | G50: Kettering Borough Council | H50: 100032263667 | I50: OSGB36 | J50: =VLOOKUP(B50,Sheet1!A$2:C$150,3,FALSE) -> 486690.09 | K50: =VLOOKUP(B50,Sheet1!A$2:D$150,4,FALSE) -> 276673.64 | L50: 8.66311 | M50: Not Permissioned | U50: Y | V50: Site is located on the Pytchley Lodge industrial estate is being actived used by McAlpines for industrial purposes. The A14 trunk road is immediately west of the site. Area is considered unsuitable for housing development. Site has been excluded from further assessment on this basis. | W50: http://opendatacommunities.org/id/district-council/kettering | X50: Kettering Borough Council | Y50: 42551 | Z50: 42551
A51: 47 | B51: BFR K25 | C51: NRQ 11: ATS & Topps Tiles site | D51: Northfield Avenue | E51: Kettering | F51: NN16 8TF | G51: Kettering Borough Council | H51: 100032264249 | I51: OSGB36 | J51: =VLOOKUP(B51,Sheet1!A$2:C$150,3,FALSE) -> 486346.69 | K51: =VLOOKUP(B51,Sheet1!A$2:D$150,4,FALSE) -> 278328.44 | L51: 0.359752 | M51: Permissioned | N51: Allocated as site NRQ11 (ATS and Topps Tiles site) in Kettering Town Centre Area Action Plan (adopted July 2011) for 18 dwellings | O51: Site in Retail use at present as the premises of Majestic Wines and ATS. | P51: Not in Public Ownership | R51: 18 | S51: 18 | V51: Although the site is allocated for residential development it is currently in use for retail and MOT/garage uses. The site is therefore unavailable for development and has been discounted for further assessment/shortlist on this basis. | W51: http://opendatacommunities.org/id/district-council/kettering | X51: Kettering Borough Council | Y51: 42551 | Z51: 42551
A52: 48 | B52: BFR K27 | C52: Disused Nightclub | D52: Pytchley Lodge Road | E52: Kettering | F52: NN15 6JQ | G52: Kettering Borough Council | H52: 10007881653 | I52: OSGB36 | J52: =VLOOKUP(B52,Sheet1!A$2:C$150,3,FALSE) -> 487236.77 | K52: =VLOOKUP(B52,Sheet1!A$2:D$150,4,FALSE) -> 276469.13 | L52: 0.56025 | M52: Permissioned | N52: Planning permission for self-storage purposes pursuant to application KET/2015/0216 (Change of use of land to B8 to allow self storage) | U52: Y | V52: Site of the former XS nightclub on the Pytchley Lodge industrial estate. Currently in use for self-storage purposes pursuant to application KET/2015/0216 (Change of use of land to B8 to allow self storage). Site has been excluded from further assessment on this basis. | W52: http://opendatacommunities.org/id/district-council/kettering | X52: Kettering Borough Council | Y52: 42551 | Z52: 42551
A53: 49 | B53: BFR K28 | C53: Site O | D53: Western Quarter | E53: Western Quarter | F53: NN16 8TJ | G53: Kettering Borough Council | H53: 100032145034 | I53: OSGB36 | J53: =VLOOKUP(B53,Sheet1!A$2:C$150,3,FALSE) -> 486450.85 | K53: =VLOOKUP(B53,Sheet1!A$2:D$150,4,FALSE) -> 278600.33 | L53: 0.0873112 | M53: Permissioned | N53: Kettering Town Centre Area Action Plan allocation NRQ8: Meadow Road/Jutland Wa | U53: Y | V53: Site is below the 0.25ha assessment threshold. Site is also an existing TCAAP allocation for 18 dwellings (NRQ8: Meadow Road/Jutland Way) and is also subject to an existing permission for 5 dwellings. Discounted from further assessment on this basis. | W53: http://opendatacommunities.org/id/district-council/kettering | X53: Kettering Borough Council | Y53: 42551 | Z53: 42551
A54: 50 | B54: BFR K29 | C54: NRQ 4: Land North and East of | D54: Trafalgar Road | E54: Kettering | F54: NN16 8DD | G54: Kettering Borough Council | H54: 100032144678 | I54: OSGB36 | J54: =VLOOKUP(B54,Sheet1!A$2:C$150,3,FALSE) -> 486299.13 | K54: =VLOOKUP(B54,Sheet1!A$2:D$150,4,FALSE) -> 278720.7 | L54: 1.33679 | M54: Permissioned | N54: Allocated as site NRQ4 (Land North and East of Trafalgar Road) in Kettering Town Centre Area Action Plan (adopted July 2011) for 120 dwellings. | O54: Industrial use present on site - no applications for residential development | P54: Not in Public Ownership | R54: 120 | S54: 120 | V54: Although the site is allocated for residential development the site is currently in use for industrial purposes. The site is therefore unavailable for development and has been discounted for further assessment/shortlist on this basis. | W54: http://opendatacommunities.org/id/district-council/kettering | X54: Kettering Borough Council | Y54: 42551 | Z54: 42551
A55: 51 | B55: BFR K31 | C55: Land East of Kettering Station | D55: Station Road | E55: Kettering | F55: NN15 7HW | G55: Kettering Borough Council | H55: 10007863608 | I55: OSGB36 | J55: =VLOOKUP(B55,Sheet1!A$2:C$150,3,FALSE) -> 486377.9 | K55: =VLOOKUP(B55,Sheet1!A$2:D$150,4,FALSE) -> 278142.8 | L55: 0.384881 | M55: Permissioned | N55: Planning permission for pay and display car park pursuant to KET/2008/0631 | U55: Y | V55: Site currently in use as pay and display car park at Kettering Train Station pursuant to permission KET/2008/0631. Site has been excluded from further assessment on this basis. | W55: http://opendatacommunities.org/id/district-council/kettering | X55: Kettering Borough Council | Y55: 42551 | Z55: 42551
A56: 52 | B56: BFR K32 | C56: Newlands Phase 1 | E56: Kettering | F56: NN16 8JL | G56: Kettering Borough Council | H56: 100032144993 | I56: OSGB36 | J56: =VLOOKUP(B56,Sheet1!A$2:C$150,3,FALSE) -> 486619.71 | K56: =VLOOKUP(B56,Sheet1!A$2:D$150,4,FALSE) -> 278832.8 | L56: 0.698957 | M56: Permissioned | N56: Kettering Town Centre Area Action Plan allocation SHQ1 -Wadcroft/Newlands Phase | U56: Y | V56: Site is allocated through the Kettering Town Centre Area Action Plan (site SHQ1 -Wadcroft/Newlands Phase ) for retail uses. It has been discounted for further assessment on this basis. | W56: http://opendatacommunities.org/id/district-council/kettering | X56: Kettering Borough Council | Y56: 42551 | Z56: 42551
A57: 53 | B57: BFR K33 | C57: Land off Jutland Way | D57: Jutland Way | E57: Kettering | F57: NN16 8TL | G57: Kettering Borough Council | H57: 100032144428 | I57: OSGB36 | J57: =VLOOKUP(B57,Sheet1!A$2:C$150,3,FALSE) -> 486216.53 | K57: =VLOOKUP(B57,Sheet1!A$2:D$150,4,FALSE) -> 278680.08 | L57: 0.549825 | M57: Permissioned | U57: Y | V57: Site is in active use as a car park pursuant to application KET/2013/0718 which is valid for 3 years (granted 2014). To review again on expiration of permission. Site has been excluded from further assessment on this basis. | W57: http://opendatacommunities.org/id/district-council/kettering | X57: Kettering Borough Council | Y57: 42551 | Z57: 42551
A58: 54 | B58: BFR K34 | C58: NRQ 12:Bus Depot Site | D58: Northampton Road | E58: Kettering | F58: NN16 0AW | G58: Kettering Borough Council | H58: 100032264245 | I58: OSGB36 | J58: =VLOOKUP(B58,Sheet1!A$2:C$150,3,FALSE) -> 486520.71 | K58: =VLOOKUP(B58,Sheet1!A$2:D$150,4,FALSE) -> 278325.54 | L58: 0.523827 | M58: Permissioned | N58: Allocated as site NRQ12 (Bus Depot Site, Northampton Road) in Kettering Town Centre Area Action Plan (adopted July 2011) for 47 dwellings. | O58: Site is currently occupied by Stagecoach as a bus depot. | P58: Not in Public Ownership | R58: 47 | S58: 47 | V58: Although the site is allocated for residential development the site is currently in use as a Stagecoach bus depot. The site is therefore unavailable for development and has been discounted for further assessment/shortlist on this basis. | W58: http://opendatacommunities.org/id/district-council/kettering | X58: Kettering Borough Council | Y58: 42551 | Z58: 42551
A59: 55 | B59: BFR K36 | C59: AE Smith and Sons | D59: Horsemarket/Carrington Street | E59: Kettering | F59: NN16 0DQ | G59: Kettering Borough Council | H59: 10007873156 | I59: OSGB36 | J59: =VLOOKUP(B59,Sheet1!A$2:C$150,3,FALSE) -> 486837.82 | K59: =VLOOKUP(B59,Sheet1!A$2:D$150,4,FALSE) -> 278641.52 | L59: 0.197834 | M59: Not Permissioned | U59: Y | V59: Site is below the 0.25ha assessment threshold and is in active use as a car sales garage pursuant to permmisson KET/2007/0517. Discounted from further assessment on this basis. | W59: http://opendatacommunities.org/id/district-council/kettering | X59: Kettering Borough Council | Y59: 42551 | Z59: 42551
A60: 56 | B60: BFR K37 | C60: Northampton House | D60: 6 Station Road | E60: Kettering | F60: NN15 7BZ | G60: Kettering Borough Council | H60: 100032144029 | I60: OSGB36 | J60: =VLOOKUP(B60,Sheet1!A$2:C$150,3,FALSE) -> 486571.55 | K60: =VLOOKUP(B60,Sheet1!A$2:D$150,4,FALSE) -> 278261.75 | L60: 0.143737 | U60: Y | V60: Site is below the 0.25ha assessment threshold and is in active use as a funeral parlour pursuant to permisson KET/2014/0146. Discounted from further assessment. | W60: http://opendatacommunities.org/id/district-council/kettering | X60: Kettering Borough Council | Y60: 42551 | Z60: 42551
A61: 57 | B61: BFR E2 | C61: 34/36/Warehouse Rear of 34 | D61: High Street | E61: Rushden | F61: NN10 0PW | G61: East Northamptonshire Council | H61: 10090609518 | I61: OSGB36 | J61: =VLOOKUP(B61,Sheet1!A$2:C$150,3,FALSE) -> 495767.72 | K61: =VLOOKUP(B61,Sheet1!A$2:D$150,4,FALSE) -> 266713.55 | L61: 0.253487 | V61: Discount on the basis of active use. | W61: http://opendatacommunities.org/id/district-council/east-northamptonshire | X61: East Northamptonshire Council | Y61: 42551 | Z61: 42551
A62: 58 | B62: BFR E3 | C62: Land At | D62: Grove Road | E62: Thrapston | F62: NN14 4JX | G62: East Northamptonshire Council | H62: 10001191543 | I62: OSGB36 | J62: 499603.02 | K62: 278432.45 | L62: 0.2147 | M62: Pending Decision | N62: Site is subject to a current planning application entailing residential development of eight dwellings (16/01403/FUL) Details are available by searching here: http://pawebsrv.east-northamptonshire.gov.uk/online-applications/search.do?action=simple&searchType=Application | P62: Not in Public Ownership | Q62: Privately owned | R62: 8 | S62: 8 | V62: Previously assessed through SHLAA as site 474. Link to SHLAA Site Asssement Results: http://www.nnjpu.org.uk/publications/docdetail.asp?docid=1327 Review of the site by the JPU's urban design team has concluded that the site has a theoretical capacity for 13 dwellings (at 50dph) and this is reflected in the Housing estimate value. However, the site is subject to an application for 8 dwellings (still to be determined) and this is reflected in the minimum homes entry in order to provide a range of capacities for the site. Site is below the 0.25ha assessment threshold. Discounted from further assessment. | W62: http://opendatacommunities.org/id/district-council/east-northamptonshire | X62: East Northamptonshire Council | Y62: 42551 | Z62: 42551
A63: 59 | B63: BFR E4 | C63: Factory (48-74) | D63: Portland Road | E63: Rushden | F63: NN10 0DJ | G63: East Northamptonshire Council | H63: 100032137514 | I63: OSGB36 | J63: =VLOOKUP(B63,Sheet1!A$2:C$150,3,FALSE) -> 495976.44 | K63: =VLOOKUP(B63,Sheet1!A$2:D$150,4,FALSE) -> 266874.64 | L63: 0.256564 | V63: Discount on the basis of active use. | W63: http://opendatacommunities.org/id/district-council/east-northamptonshire | X63: East Northamptonshire Council | Y63: 42551 | Z63: 42551
A64: 60 | B64: BFR E5 | C64: (Car Park at) The Ferrers School | D64: Queensway | E64: Higham Ferrers | F64: NN10 8LS | G64: East Northamptonshire Council | H64: 200000733550 | I64: OSGB36 | J64: =VLOOKUP(B64,Sheet1!A$2:C$150,3,FALSE) -> 496341.22 | K64: =VLOOKUP(B64,Sheet1!A$2:D$150,4,FALSE) -> 268312.01 | L64: 0.268375 | M64: Not Permissioned | P64: Public Ownership | Q64: Northamptonshire County Council | V64: Site in active use as a school car park. Considered unavailable for development. | W64: http://opendatacommunities.org/id/district-council/east-northamptonshire | X64: East Northamptonshire Council | Y64: 42551 | Z64: 42551
A65: 61 | B65: BFR E6 | C65: Land at | D65: Station Road | E65: Oundle | F65: PE8 4DT | G65: East Northamptonshire Council | H65: 200000736114 | I65: OSGB36 | J65: =VLOOKUP(B65,Sheet1!A$2:C$150,3,FALSE) -> 504255.36 | K65: =VLOOKUP(B65,Sheet1!A$2:D$150,4,FALSE) -> 288701.1 | L65: 0.262967 | M65: Not Permissioned | P65: Not in Public Ownership | V65: Site is occupied by Pick Arthey Oundle and in current use as a car dealership. No information available to assume this to change. Considered unavailable for development. | W65: http://opendatacommunities.org/id/district-council/east-northamptonshire | X65: East Northamptonshire Council | Y65: 42551 | Z65: 42551
A66: 62 | B66: BFR E7 | C66: 21-29 | D66: Irchester Road | E66: Rushden | F66: NN10 9TL | G66: East Northamptonshire Council | H66: 100032263349 | I66: OSGB36 | J66: =VLOOKUP(B66,Sheet1!A$2:C$150,3,FALSE) -> 494859.1 | K66: =VLOOKUP(B66,Sheet1!A$2:D$150,4,FALSE) -> 266923.81 | L66: 0.263694 | M66: Not Permissioned | P66: Not in Public Ownership | V66: Site is in active use. Occupied by DB Shoes. No information available to assume this to change. Considered unavailable for development. | W66: http://opendatacommunities.org/id/district-council/east-northamptonshire | X66: East Northamptonshire Council | Y66: 42551 | Z66: 42551
A67: 63 | B67: BFR E8 | C67: (Garage) 35 | D67: High Street | E67: Raunds | F67: NN9 6HT | G67: East Northamptonshire Council | H67: 100032156512 | I67: OSGB36 | J67: =VLOOKUP(B67,Sheet1!A$2:C$150,3,FALSE) -> 499969.33 | K67: =VLOOKUP(B67,Sheet1!A$2:D$150,4,FALSE) -> 273115.75 | L67: 0.264233 | M67: Not Permissioned | P67: Not in Public Ownership | V67: Site is in active use. Occupied by Gells of Raunds. No information available to assume this to change. Considered unavailable for development. | W67: http://opendatacommunities.org/id/district-council/east-northamptonshire | X67: East Northamptonshire Council | Y67: 42551 | Z67: 42551
A68: 64 | B68: BFR E9 | C68: Public car park (SELA E10) | D68: John Street | E68: Rushden | F68: NN10 9YS | G68: East Northamptonshire Council | H68: 200000739729 | I68: OSGB36 | J68: =VLOOKUP(B68,Sheet1!A$2:C$150,3,FALSE) -> 495600.2 | K68: =VLOOKUP(B68,Sheet1!A$2:D$150,4,FALSE) -> 266678.99 | L68: 1.01796 | V68: Site includes a school, car park and Open Ground. Considered unsuitable for development. | W68: http://opendatacommunities.org/id/district-council/east-northamptonshire | X68: East Northamptonshire Council | Y68: 42551 | Z68: 42551
A69: 65 | B69: BFR E10 | C69: Car Park Rear of High Street | D69: St Peters Way | E69: Irthlingborough | F69: NN9 5SB | G69: East Northamptonshire Council | H69: 100032156323 | I69: OSGB36 | J69: =VLOOKUP(B69,Sheet1!A$2:C$150,3,FALSE) -> 494645.92 | K69: =VLOOKUP(B69,Sheet1!A$2:D$150,4,FALSE) -> 270652.02 | L69: 0.241777 | U69: Y | V69: Site is below the 0.25ha assessment threshold. Discounted from further assessment. | W69: http://opendatacommunities.org/id/district-council/east-northamptonshire | X69: East Northamptonshire Council | Y69: 42551 | Z69: 42551
A70: 66 | B70: BFR E11 | C70: Former Garage Site | D70: Rectory Road | E70: Rushden | F70: NN10 0PQ | G70: East Northamptonshire Council | H70: 10001192977 | I70: OSGB36 | J70: =VLOOKUP(B70,Sheet1!A$2:C$150,3,FALSE) -> 495738.12 | K70: =VLOOKUP(B70,Sheet1!A$2:D$150,4,FALSE) -> 266961.23 | L70: 0.293485 | V70: Active uses | W70: http://opendatacommunities.org/id/district-council/east-northamptonshire | X70: East Northamptonshire Council | Y70: 42551 | Z70: 42551
A71: 67 | B71: BFR E12 | C71: Titty Ho Motor Company | D71: Grove Street | E71: Raunds | F71: NN9 6TT | G71: East Northamptonshire Council | H71: 200000736520 | I71: OSGB36 | J71: =VLOOKUP(B71,Sheet1!A$2:C$150,3,FALSE) -> 499336.13 | K71: =VLOOKUP(B71,Sheet1!A$2:D$150,4,FALSE) -> 272314.58 | L71: 0.305568 | V71: Active use as Titty Ho Motor Company | W71: http://opendatacommunities.org/id/district-council/east-northamptonshire | X71: East Northamptonshire Council | Y71: 42551 | Z71: 42551
A72: 68 | B72: BFR E13 | C72: Land r/o 95-103 High Street and Rushden Delivery Office | D72: College Street | E72: Rushden | F72: NN10 0RT | G72: East Northamptonshire Council | H72: 100032137789 | I72: OSGB36 | J72: =VLOOKUP(B72,Sheet1!A$2:C$150,3,FALSE) -> 495651.66 | K72: =VLOOKUP(B72,Sheet1!A$2:D$150,4,FALSE) -> 266827.78 | L72: 0.317538 | V72: Active uses | W72: http://opendatacommunities.org/id/district-council/east-northamptonshire | X72: East Northamptonshire Council | Y72: 42551 | Z72: 42551
A73: 69 | B73: BFR E14 | C73: Builders Yard, 150 | D73: High Street | E73: Rushden | F73: NN10 0AN | G73: East Northamptonshire Council | H73: 100032137518 | I73: OSGB36 | J73: =VLOOKUP(B73,Sheet1!A$2:C$150,3,FALSE) -> 495674.2 | K73: =VLOOKUP(B73,Sheet1!A$2:D$150,4,FALSE) -> 267103.84 | L73: 0.33675 | V73: Active uses | W73: http://opendatacommunities.org/id/district-council/east-northamptonshire | X73: East Northamptonshire Council | Y73: 42551 | Z73: 42551
A74: 70 | B74: BFR E15 | C74: Station Road Garage | D74: Station Road | E74: Rushden | F74: NN10 9UA | G74: East Northamptonshire Council | H74: 200000740533 | I74: OSGB36 | J74: =VLOOKUP(B74,Sheet1!A$2:C$150,3,FALSE) -> 495548.3 | K74: =VLOOKUP(B74,Sheet1!A$2:D$150,4,FALSE) -> 267092.53 | L74: 0.242619 | U74: Y | V74: Site is below the 0.25ha assessment threshold. Discounted from further assessment. | W74: http://opendatacommunities.org/id/district-council/east-northamptonshire | X74: East Northamptonshire Council | Y74: 42551 | Z74: 42551
A75: 71 | B75: BFR E16 | C75: Factory (54-56) | D75: Spencer Road/Hayway | E75: Rushden | F75: NN10 6AE | G75: East Northamptonshire Council | H75: 100032137906 | I75: OSGB36 | J75: =VLOOKUP(B75,Sheet1!A$2:C$150,3,FALSE) -> 495439.52 | K75: =VLOOKUP(B75,Sheet1!A$2:D$150,4,FALSE) -> 267532.38 | L75: 0.368175 | V75: Active uses | W75: http://opendatacommunities.org/id/district-council/east-northamptonshire | X75: East Northamptonshire Council | Y75: 42551 | Z75: 42551
A76: 72 | B76: BFR E17 | C76: Dunlop Footware Ltd/Annexe Leigh House | D76: Portland Road | E76: Rushden | F76: NN10 0DJ | G76: East Northamptonshire Council | H76: 200000743646 | I76: OSGB36 | J76: =VLOOKUP(B76,Sheet1!A$2:C$150,3,FALSE) -> 495964.62 | K76: =VLOOKUP(B76,Sheet1!A$2:D$150,4,FALSE) -> 266929.3 | L76: 0.298777 | V76: Site in active industrial uses. Discounted for further assessment/shortlist on this basis. | W76: http://opendatacommunities.org/id/district-council/east-northamptonshire | X76: East Northamptonshire Council | Y76: 42551 | Z76: 42551
A77: 73 | B77: BFR E18 | C77: Windmill Snooker Club | D77: Glassbrook Road/Miller Close | E77: Rushden | F77: NN10 9RP | G77: East Northamptonshire Council | H77: 200000738981 | I77: OSGB36 | J77: =VLOOKUP(B77,Sheet1!A$2:C$150,3,FALSE) -> 494986.63 | K77: =VLOOKUP(B77,Sheet1!A$2:D$150,4,FALSE) -> 266787.16 | L77: 0.374024 | V77: Active use | W77: http://opendatacommunities.org/id/district-council/east-northamptonshire | X77: East Northamptonshire Council | Y77: 42551 | Z77: 42551
A78: 74 | B78: BFR E19 | C78: (Victoria House) 30 | D78: Victoria Street | E78: Irthlingborough | F78: NN9 5RG | G78: East Northamptonshire Council | H78: 10001199044 | I78: OSGB36 | J78: =VLOOKUP(B78,Sheet1!A$2:C$150,3,FALSE) -> 494265.71 | K78: =VLOOKUP(B78,Sheet1!A$2:D$150,4,FALSE) -> 270566.36 | L78: 0.398206 | V78: Active use | W78: http://opendatacommunities.org/id/district-council/east-northamptonshire | X78: East Northamptonshire Council | Y78: 42551 | Z78: 42551
A79: 75 | B79: BFR E20 | C79: Land to the West of the Car Park at Ferrers School. | D79: Queensway | E79: Higham Ferrers | F79: NN10 8BU | G79: East Northamptonshire Council | H79: 10090611104 | I79: OSGB36 | J79: =VLOOKUP(B79,Sheet1!A$2:C$150,3,FALSE) -> 496299.48 | K79: =VLOOKUP(B79,Sheet1!A$2:D$150,4,FALSE) -> 268313.34 | L79: 0.418406 | V79: Site is located within the grounds of the Ferrers Specialist Arts College which is in active use. It has therefore been discounted for further assessment/shortlist on this basis. | W79: http://opendatacommunities.org/id/district-council/east-northamptonshire | X79: East Northamptonshire Council | Y79: 42551 | Z79: 42551
A80: 76 | B80: BFR E21 | C80: Youth Centre/Public Car Park and land to rear of | D80: Moor Road/Station Road | E80: Rushden | F80: NN10 9TP | G80: East Northamptonshire Council | H80: 100032138484 | I80: OSGB36 | J80: =VLOOKUP(B80,Sheet1!A$2:C$150,3,FALSE) -> 495306.52 | K80: =VLOOKUP(B80,Sheet1!A$2:D$150,4,FALSE) -> 266968.68 | L80: 0.254072 | V80: Active uses | W80: http://opendatacommunities.org/id/district-council/east-northamptonshire | X80: East Northamptonshire Council | Y80: 42551 | Z80: 42551
A81: 77 | B81: BFR E22 | C81: 80 (SELA E17) | D81: Station Road | E81: Irtlingborough | F81: NN9 5QE | G81: East Northamptonshire Council | H81: 10001193118 | I81: OSGB36 | J81: =VLOOKUP(B81,Sheet1!A$2:C$150,3,FALSE) -> 495327.55 | K81: =VLOOKUP(B81,Sheet1!A$2:D$150,4,FALSE) -> 270848.83 | L81: 0.444405 | V81: Site is in active use and has been discounted for further assessment/shortlist on this basis. | W81: http://opendatacommunities.org/id/district-council/east-northamptonshire | X81: East Northamptonshire Council | Y81: 42551 | Z81: 42551
A82: 78 | B82: BFR E24 | C82: Kemspton Components Factory | D82: Shirley Road | E82: Rushden | F82: NN10 6BZ | G82: East Northamptonshire Council | H82: 100032137910 | I82: OSGB36 | J82: =VLOOKUP(B82,Sheet1!A$2:C$150,3,FALSE) -> 495893.45 | K82: =VLOOKUP(B82,Sheet1!A$2:D$150,4,FALSE) -> 267397.02 | L82: 0.477575 | V82: Site is in active use and fails to meet PDL definition. It has been discounted from further assessment/shortlist on this basis. | W82: http://opendatacommunities.org/id/district-council/east-northamptonshire | X82: East Northamptonshire Council | Y82: 42551 | Z82: 42551
A83: 79 | B83: BFR E25 | C83: (Car Park opposite East Imperial Court) | D83: Duck Street | E83: Rushden | F83: NN10 0RT | G83: East Northamptonshire Council | H83: 200000740741 | I83: OSGB36 | J83: =VLOOKUP(B83,Sheet1!A$2:C$150,3,FALSE) -> 495594.42 | K83: =VLOOKUP(B83,Sheet1!A$2:D$150,4,FALSE) -> 266911.89 | L83: 0.493495 | V83: Active use | W83: http://opendatacommunities.org/id/district-council/east-northamptonshire | X83: East Northamptonshire Council | Y83: 42551 | Z83: 42551
A84: 80 | B84: BFR E27 | C84: Telephone Exchange, Drill Hall, Tyrells Factory Shop, Warehouse and Abbots Dairy | D84: Victoria Road/Albert Road | E84: Rushden | F84: NN10 0BX | G84: East Northamptonshire Council | H84: 10001199335 | I84: OSGB36 | J84: =VLOOKUP(B84,Sheet1!A$2:C$150,3,FALSE) -> 495878.54 | K84: =VLOOKUP(B84,Sheet1!A$2:D$150,4,FALSE) -> 267035.29 | L84: 0.575256 | V84: Active uses | W84: http://opendatacommunities.org/id/district-council/east-northamptonshire | X84: East Northamptonshire Council | Y84: 42551 | Z84: 42551
A85: 81 | B85: BFR E28 | C85: Splash Leisure Pool, 64 (SELA E9) | D85: Station Road | E85: Rushden | F85: NN10 0PA | G85: East Northamptonshire Council | H85: 100032138505 | I85: OSGB36 | J85: =VLOOKUP(B85,Sheet1!A$2:C$150,3,FALSE) -> 495546.74 | K85: =VLOOKUP(B85,Sheet1!A$2:D$150,4,FALSE) -> 267024.03 | L85: 0.688902 | V85: Active use | W85: http://opendatacommunities.org/id/district-council/east-northamptonshire | X85: East Northamptonshire Council | Y85: 42551 | Z85: 42551
A86: 82 | B86: BFR E29 | C86: Bridge Street/Midland Road | D86: Bridge Street | E86: Thrapston | F86: NN14 4LY | G86: East Northamptonshire Council | H86: 10001190141 | I86: OSGB36 | J86: =VLOOKUP(B86,Sheet1!A$2:C$150,3,FALSE) -> 499338.84 | K86: =VLOOKUP(B86,Sheet1!A$2:D$150,4,FALSE) -> 278565.88 | L86: 0.735188 | V86: Active use | W86: http://opendatacommunities.org/id/district-council/east-northamptonshire | X86: East Northamptonshire Council | Y86: 42551 | Z86: 42551
... A95: 91 | B95: BFR E38 | C95: Bull Ring and Church Walk | D95: Chruch Walk | E95: Thrapston | F95: NN14 4QZ | G95: East Northamptonshire Council | H95: 100031020217 | I95: OSGB36 | J95: =VLOOKUP(B95,Sheet1!A$2:C$150,3,FALSE) -> 499633.71 | K95: =VLOOKUP(B95,Sheet1!A$2:D$150,4,FALSE) -> 278723.81 | L95: 0.292678 | V95: Active use | W95: http://opendatacommunities.org/id/district-council/east-northamptonshire | X95: East Northamptonshire Council | Y95: 42551 | Z95: 42551
A96: 92 | B96: BFR E39 | C96: Cattle Market | E96: Thrapston | F96: NN14 4JT | G96: East Northamptonshire Council | H96: 200000741589 | I96: OSGB36 | J96: =VLOOKUP(B96,Sheet1!A$2:C$150,3,FALSE) -> 499617.63 | K96: =VLOOKUP(B96,Sheet1!A$2:D$150,4,FALSE) -> 278586.55 | L96: 1.28232 | V96: Active use | W96: http://opendatacommunities.org/id/district-council/east-northamptonshire | X96: East Northamptonshire Council | Y96: 42551 | Z96: 42551
A97: 93 | B97: BFR E40 | C97: Land south of Church Walk | D97: Church Walk | E97: Kings Cliffe | F97: PE8 6XD | G97: East Northamptonshire Council | H97: 200000734838 | I97: OSGB36 | J97: =VLOOKUP(B97,Sheet1!A$2:C$150,3,FALSE) -> 500449.95 | K97: =VLOOKUP(B97,Sheet1!A$2:D$150,4,FALSE) -> 297077.25 | L97: 0.51306 | V97: Site is located outside the settlement boundary for King's Cliffe and has been discounted for further assessment/shortlist on this basis. | W97: http://opendatacommunities.org/id/district-council/east-northamptonshire | X97: East Northamptonshire Council | Y97: 42551 | Z97: 42551
A98: 94 | B98: BFR E41 | C98: Site of Scotts of Thrapston | E98: Thrapston | F98: NN14 4PL | G98: East Northamptonshire Council | H98: 200000741150 | I98: OSGB36 | J98: =VLOOKUP(B98,Sheet1!A$2:C$150,3,FALSE) -> 499323.32 | K98: =VLOOKUP(B98,Sheet1!A$2:D$150,4,FALSE) -> 278766.42 | L98: 2.46496 | V98: Active use | W98: http://opendatacommunities.org/id/district-council/east-northamptonshire | X98: East Northamptonshire Council | Y98: 42551 | Z98: 42551
A99: 95 | B99: BFR E42 | C99: Land at Village Farm | D99: North Street | E99: Titchmarsh | F99: NN14 3DA | G99: East Northamptonshire Council | H99: 100031022882 | I99: OSGB36 | J99: =VLOOKUP(B99,Sheet1!A$2:C$150,3,FALSE) -> 502465.15 | K99: =VLOOKUP(B99,Sheet1!A$2:D$150,4,FALSE) -> 279774.35 | L99: 0.603968 | V99: Active use | W99: http://opendatacommunities.org/id/district-council/east-northamptonshire | X99: East Northamptonshire Council | Y99: 42551 | Z99: 42551
A100: 96 | B100: BFR E43 | C100: Woodland Pytcheley Hunt Kennels | D100: Kennel Hill | E100: Brigstock | F100: NN14 3HB | G100: East Northamptonshire Council | H100: 200000731548 | I100: OSGB36 | J100: =VLOOKUP(B100,Sheet1!A$2:C$150,3,FALSE) -> 494870.14 | K100: =VLOOKUP(B100,Sheet1!A$2:D$150,4,FALSE) -> 285435.11 | L100: 1.98719 | V100: Site is a mix of dwellings, buildings and garden land. The latter does not meet the definition of PDL and the former are in use. Site is considered unavailable for development and has been discounted for further assessment/shortlist on this basis. | W100: http://opendatacommunities.org/id/district-council/east-northamptonshire | X100: East Northamptonshire Council | Y100: 42551 | Z100: 42551
A101: 97 | B101: BFR E44 | C101: Brigstock Camp | D101: Stanion Road | E101: Brigstock | F101: NN14 3FF | G101: East Northamptonshire Council | H101: 200000731600 | I101: OSGB36 | J101: =VLOOKUP(B101,Sheet1!A$2:C$150,3,FALSE) -> 493641.24 | K101: =VLOOKUP(B101,Sheet1!A$2:D$150,4,FALSE) -> 286453.79 | L101: 10.2967 | V101: Not within settlement | W101: http://opendatacommunities.org/id/district-council/east-northamptonshire | X101: East Northamptonshire Council | Y101: 42551 | Z101: 42551
A102: 98 | B102: BFR E45 | C102: Easton Garage/ Exeter Arms | D102: 21-23 Stamford Road | E102: Easton on the Hill | F102: PE9 3NP | G102: East Northamptonshire Council | H102: 200000732284 | I102: OSGB36 | J102: =VLOOKUP(B102,Sheet1!A$2:C$150,3,FALSE) -> 501461.51 | K102: =VLOOKUP(B102,Sheet1!A$2:D$150,4,FALSE) -> 304049.56 | L102: 1.56709 | V102: Active use as a Pub. Site includes Grade II Listed Exteter Arms pub. | W102: http://opendatacommunities.org/id/district-council/east-northamptonshire | X102: East Northamptonshire Council | Y102: 42551 | Z102: 42551
A103: 99 | B103: BFR E47 | C103: STROMAG Ltd | D103: 1/2/3/29 Wellingborough Road | E103: Rushden | F103: NN10 0XH | G103: East Northamptonshire Council | H103: 200000743731 | I103: OSGB36 | J103: =VLOOKUP(B103,Sheet1!A$2:C$150,3,FALSE) -> 495618.25 | K103: =VLOOKUP(B103,Sheet1!A$2:D$150,4,FALSE) -> 266532.88 | L103: 0.219649 | U103: Y | V103: Site is below the 0.25ha assessment threshold. Discounted from further assessment. | W103: http://opendatacommunities.org/id/district-council/east-northamptonshire | X103: East Northamptonshire Council | Y103: 42551 | Z103: 42551
A104: 100 | B104: BFR E49 | C104: The Wharf | D104: Station Road | E104: Oundle | F104: PE8 4DE | G104: East Northamptonshire Council | H104: 10093006319 | I104: OSGB36 | J104: =VLOOKUP(B104,Sheet1!A$2:C$150,3,FALSE) -> 504373.32 | K104: =VLOOKUP(B104,Sheet1!A$2:D$150,4,FALSE) -> 288767.5 | L104: 0.350524 | V104: Active uses | W104: http://opendatacommunities.org/id/district-council/east-northamptonshire | X104: East Northamptonshire Council | Y104: 42551 | Z104: 42551
A105: 101 | B105: BFR E48 | C105: Whitworths | D105: Wellingborough Road | E105: Irthlingborough | F105: NN9 5DB | G105: East Northamptonshire Council | H105: 200000734670 | I105: OSGB36 | J105: 493862.44 | K105: 270306.44 | L105: 8.84051 | M105: Not Permissioned | N105: Site formerly had permission for 258 dwellings along with roads, sewers and ancillary works. Retention of office building and creation of 45 space car park to serve retained office building albeit this has subsequently lapsed (EN/15/01761/QRY AND EN/07/01881/FUL) Details are available here: http://pawebsrv.east-northamptonshire.gov.uk/online-applications/search.do?action=simple&searchType=Application | O105: Site is in commercial use as present. Gas Main to the far west (edge) of the site. | P105: Not in Public Ownership | Q105: Whitworths | R105: 258 | S105: 258 | W105: http://opendatacommunities.org/id/district-council/east-northamptonshire | X105: East Northamptonshire Council | Y105: 42551 | Z105: 42551
A106: 102 | B106: BFR E50 | C106: Fairline Boats | D106: Oundle Marina, Barnwell Road | E106: Oundle | F106: PE8 5PB | G106: East Northamptonshire Council | H106: 10093005969 | I106: OSGB36 | J106: =VLOOKUP(B106,Sheet1!A$2:C$150,3,FALSE) -> 503783.26 | K106: =VLOOKUP(B106,Sheet1!A$2:D$150,4,FALSE) -> 287370.93 | L106: 3.42408 | V106: Site is in active use as the headquarters of Fairline Boats and is discounted for further assessment/shortlist on this basis. | W106: http://opendatacommunities.org/id/district-council/east-northamptonshire | X106: East Northamptonshire Council | Y106: 42551 | Z106: 42551
A107: 103 | B107: BFR E51 | C107: Station Site | D107: Station Road | E107: Irthlingborough | F107: NN9 5QF | G107: East Northamptonshire Council | H107: 200000734611 | I107: OSGB36 | J107: =VLOOKUP(B107,Sheet1!A$2:C$150,3,FALSE) -> 495838.96 | K107: =VLOOKUP(B107,Sheet1!A$2:D$150,4,FALSE) -> 270576.14 | L107: 1.47735 | V107: Not within settlement and possibly partly Greenfield. | W107: http://opendatacommunities.org/id/district-council/east-northamptonshire | X107: East Northamptonshire Council | Y107: 42551 | Z107: 42551
A108: 104 | B108: BFR E52 | C108: Woodland Agricultural Services | D108: Petrol filling Station, Sudborough Road | E108: Brigstock | F108: NN14 3HT | G108: East Northamptonshire Council | H108: 100032262806 | I108: OSGB36 | J108: =VLOOKUP(B108,Sheet1!A$2:C$150,3,FALSE) -> 495071.64 | K108: =VLOOKUP(B108,Sheet1!A$2:D$150,4,FALSE) -> 284758.87 | L108: 1.8353 | V108: Active use | W108: http://opendatacommunities.org/id/district-council/east-northamptonshire | X108: East Northamptonshire Council | Y108: 42551 | Z108: 42551
A109: 105 | B109: BFR E53 | C109: British Steel, A6 Bypass | D109: Nene Park | E109: Irthlingborough | F109: NN9 5UP | G109: East Northamptonshire Council | H109: 10090610361 | I109: OSGB36 | J109: =VLOOKUP(B109,Sheet1!A$2:C$150,3,FALSE) -> 495250.23 | K109: =VLOOKUP(B109,Sheet1!A$2:D$150,4,FALSE) -> 271101.46 | L109: 2.87894 | V109: Site is in active use as the Diamonds business centre and the residual site area is greenfield. Site has been discounted for further assessment/shortlist on this basis. | W109: http://opendatacommunities.org/id/district-council/east-northamptonshire | X109: East Northamptonshire Council | Y109: 42551 | Z109: 42551
...

Sheet 3.Link to Assessment Criteria
A1: Link to Criteria against which shortlisted (non-permissioned) sites have been assessed: | B1: http://www.nnjpu.org.uk/publications/docdetail.asp?docid=1577
A3: Sites passing the intial tests of suitability (following their review relative to the flow chart at Tab 1 of this workbook) have been subject to further assessment relative to a list of criteria designed to gauge of potential constraints in Policy terms. These criteria have been developed in relation to national and local planning policy considerations and alongside a local Brownfield Register working group established to faciliate development of this Pilot Register and factors it needed consider. This incorporated partners both internal and external to the Council, including representatives from the four partner authorities of North Northamptonshire covering areas including Planning Policy and Environental Health, Flood and Water Management, Heritage and Transport at the County Council as well as external bodies such as the Northamptonshire Biodiversity Records Centre. Sites which do not benefit from an existing consent for housing development (defined as an extant permission or local plan allocation) were subject to assessment relative to the 17 criteria outlined.

Sheet 4.Register of Shortlisted Sites
A1: The data within this Tab constitutes North Northamptonshire's Pilot Register of Brownfield sites shortlisted for development following review and assessent (see Tabs 1 and 6 for further information). Please note that columns highlighted in Yellow denotes local data the NNJPU has compiled which is above the requirements set by DCLG.
A2: 1 | B2: 2 | C2: 3 | D2: 4 | E2: 5 | F2: 6 | G2: 7 | H2: 8 | I2: 9 | J2: 10 | K2: 11 | L2: 12 | M2: 13 | N2: 14 | O2: 15 | P2: 16 | Q2: 17 | R2: 18 | S2: 19 | T2: 20 | U2: 21 | V2: 22 | W2: 23 | X2: 24 | Y2: 25 | Z2: 26 | AA2: 27 | AB2: 28 | AC2: 29 | AD2: 30 | AE2: 31 | AF2: 32 | AG2: 33 | AH2: 34
A3: JPU | B3: Mandatory | C3: Mandatory | D3: Optional | E3: JPU | F3: JPU | G3: JPU | H3: Optional | J3: Mandatory | K3: Mandatory | L3: Mandatory | M3: Mandatory | N3: Mandatory | O3: JPU to delete | Q3: Optional | R3: Optional | S3: Mandatory | T3: Optional | U3: Mandatory | V3: Mandatory | X3: Optional | Y3: Optional | AB3: Mandatory | AC3: Mandatory | AD3: Mandatory | AE3: Mandatory
A4: Entry No. | B4: SiteReference | C4: SiteName | D4: SiteAddress | E4: PostTown | F4: PostCode | G4: Local Authority Area | H4: UPRN | J4: CoordinateReferenceSystem | K4: GeoX | L4: GeoY | M4: Hectares | N4: PlanningStatus | O4: Permissioned? | P4: Housing allocation? | Q4: PlanningHistory | R4: Constraints | S4: OwnershipStatus | T4: Owners | U4: HousingEstimate | V4: MinHomes | W4: CHECK | X4: Events | Y4: Notes 1 | Z4: Notes 2 | AA4: Notes 3 | AB4: OrganisationURI | AC4: OrganisationLabel | AD4: FirstAddedDate | AE4: LastUpdatedDate | AF4: SHLAA Ref | AG4: Disclaimer | AH4: Link to LPA Online Mapping
A5: 1 | B5: BFR C1 | C5: Car Park | D5: Pytchley Court | E5: Corby | F5: NN17 2PL | G5: Corby Borough Council | H5: 100032261466 | I5: 100032261466 | J5: OSGB36 | K5: 486899.83 | L5: 289698 | M5: 0.379256 | N5: Not Permissioned | O5: N | Q5: Previously proposed as a Housing Allocation (HA21) for 13 dwellings in the Proposed Site Specific Allocations Development Plan Document as consulted upon by Corby Borough Council in September 2009 (Saved Local Plan Policy R2). | R5: See tabs '6.Shortlisted Site Assessments' and '7. Site Assessment Summaries' within this workbook for further information. | S5: Public Ownership | T5: Corby Borough Council and Private owners | U5: 9 | V5: 9 | W5: =IF(V5=U5,"Y","N") -> Y | X5: Previously assessed through SHLAA as site 13 | Y5: Link to SHLAA Site Asssement Results: http://www.nnjpu.org.uk/publications/docdetail.asp?docid=1323 | Z5: See County Council map for additional details on features which may affect site: http://maps.northamptonshire.gov.uk/ | AB5: http://opendatacommunities.org/id/district-council/corby | AC5: Corby Borough Council | AD5: 42551 | AE5: 42551 | AF5: 13 | AG5: This site has been identifed through a process developed to identify sites for a Pilot Brownfield Register for the North Northamptonshire area. Unless already benefitting from an existing consent for housing-led development (locally defined as extant planning permissions or local plan allocation), identification of a site on this register does NOT constitute Permission in Principle at the current time. | AH5: n/a
A6: 2 | B6: BFR C16 | C6: Garage Court | D6: Lindisfarne Road | E6: Corby | F6: NN17 2HW | G6: Corby Borough Council | H6: 10023798475 | I6: 10023798481 | J6: OSGB36 | K6: 487568.06 | L6: 290137.73 | M6: 0.283413 | N6: Not Permissioned | O6: N | R6: Majority of site is in public sector ownership but the remaining garages are private. Site considered in mutiple ownership as a result. See also: http://maps.northamptonshire.gov.uk/ | S6: Public Ownership | T6: Corby Borough Council and Private owners | U6: 11 | V6: 11 | W6: =IF(V6=U6,"Y","N") -> Y | X6: Previously assessed through SHLAA as site 348 | Y6: Link to SHLAA Site Asssement Results: http://www.nnjpu.org.uk/publications/docdetail.asp?docid=1323 | Z6: See County Council map for additional details on features which may affect site: http://maps.northamptonshire.gov.uk/ | AB6: http://opendatacommunities.org/id/district-council/corby | AC6: Corby Borough Council | AD6: 42551 | AE6: 42551 | AF6: 348 | AG6: This site has been identifed through a process developed to identify sites for a Pilot Brownfield Register for the North Northamptonshire area. Unless already benefitting from an existing consent for housing-led development (locally defined as extant planning permissions or local plan allocation), identification of a site on this register does NOT constitute Permission in Principle at the current time. | AH6: n/a
A7: 3 | B7: BFR C20 | C7: Maple House | D7: Canada Square | E7: Corby | F7: NN18 9HU | G7: Corby Borough Council | H7: 100030976167 | I7: 100030976167 | J7: OSGB36 | K7: 487035.92 | L7: 287221.71 | M7: 0.419532 | N7: Not Permissioned | O7: N | Q7: Pre-application discussions held previously by the owners and council held with a view to bringing site forward for Housing use. | R7: TPO's exist on the site (TPO/2014/5). See tabs '6.Shortlisted Site Assessments' and '7. Site Assessment Summaries' within this workbook for further information. See also: http://maps.northamptonshire.gov.uk/ | S7: Public Ownership | T7: Northamptonshire County Council | U7: 11 | V7: 11 | W7: =IF(V7=U7,"Y","N") -> Y | X7: Previously assessed through SHLAA as site 2001 | Y7: Link to SHLAA Site Asssement Results: http://www.nnjpu.org.uk/publications/docdetail.asp?docid=1327 | Z7: See County Council map for additional details on features which may affect site: http://maps.northamptonshire.gov.uk/ | AB7: http://opendatacommunities.org/id/district-council/corby | AC7: Corby Borough Council | AD7: 42551 | AE7: 42551 | AF7: 2001 | AG7: This site has been identifed through a process developed to identify sites for a Pilot Brownfield Register for the North Northamptonshire area. Unless already benefitting from an existing consent for housing-led development (locally defined as extant planning permissions or local plan allocation), identification of a site on this register does NOT constitute Permission in Principle at the current time. | AH7: n/a
A8: 4 | B8: BFR C23 | C8: Former Our Lady Pope John School | D8: Tower Hill Road | E8: Corby | F8: NN18 0TF | G8: Corby Borough Council | H8: 10006865903 | I8: 10006865903 | J8: OSGB36 | K8: 486184.14 | L8: 287701.29 | M8: 2.11051 | N8: Permissioned | O8: Y | Q8: Site has outline planning permission for 95 dwellings (11/00215/OUT) Details are available by searching here: https://publicaccess.corby.gov.uk/publicaccess/ | R8: N/A | S8: Not in Public Ownership | U8: 95 | V8: 95 | W8: =IF(V8=U8,"Y","N") -> Y | X8: Previously assessed through SHLAA as site 2020 | Y8: Link to SHLAA Site Asssement Results: http://www.nnjpu.org.uk/publications/docdetail.asp?docid=1323 | AB8: http://opendatacommunities.org/id/district-council/corby | AC8: Corby Borough Council | AD8: 42551 | AE8: 42551 | AF8: 2020 | AG8: This site has been identifed through a process developed to identify sites for a Pilot Brownfield Register for the North Northamptonshire area. Unless already benefitting from an existing consent for housing-led development (locally defined as extant planning permissions or local plan allocation), identification of a site on this register does NOT constitute Permission in Principle at the current time. | AH8: n/a
A9: 5 | B9: BFR C24 | C9: Railway Station Interchange | D9: Station Road | E9: Corby | F9: NN17 1NA | G9: Corby Borough Council | H9: 10024041463 | I9: 200002239544 | J9: OSGB36 | K9: 489243.38 | L9: 288612.34 | M9: 0.805703 | N9: Not Permissioned | O9: N | Q9: Site is subject to a Starter Homes bid which is currently with the HCA for consideration. | R9: See tabs '6.Shortlisted Site Assessments' and '7. Site Assessment Summaries' within this workbook for further information. See also: http://maps.northamptonshire.gov.uk/ | S9: Public Ownership | T9: HCA | U9: 40 | V9: 29 | W9: =IF(V9=U9,"Y","N") -> N | X9: Previously assessed through SHLAA as site 2030. The site has been subject to a bid to the HCA for Starter Homes funding and it was assumed that 40 dwellings could be delivered on the site. However, as part of an urban design review, consideration was also made of a mix of uses being deployed on site which reduces the developable area for housing (assuming 50dph)an alternative yield of 29 dwellings has been assumed. | Y9: Link to SHLAA Site Asssement Results: http://www.nnjpu.org.uk/publications/docdetail.asp?docid=1324 | Z9: See County Council map for additional details on features which may affect site: http://maps.northamptonshire.gov.uk/ | AB9: http://opendatacommunities.org/id/district-council/corby | AC9: Corby Borough Council | AD9: 42551 | AE9: 42551 | AF9: 2030 | AG9: This site has been identifed through a process developed to identify sites for a Pilot Brownfield Register for the North Northamptonshire area. Unless already benefitting from an existing consent for housing-led development (locally defined as extant planning permissions or local plan allocation), identification of a site on this register does NOT constitute Permission in Principle at the current time. | AH9: n/a
A10: 6 | B10: BFR C25 | C10: Beanfield School | D10: off Glastonbury Road | E10: Corby | F10: NN18 0DJ | G10: Corby Borough Council | H10: 10024043772 | I10: 10024043772 | J10: OSGB36 | K10: 486311.62 | L10: 288536.61 | M10: 3.99481 | N10: Permissioned | O10: Y | Q10: Site has outline planning permission for 96 dwellings (13/00242/OUT) Details are available by searching here: https://publicaccess.corby.gov.uk/publicaccess/ | R10: N/A | S10: Public Ownership | T10: Northamptonshire County Council | U10: 96 | V10: 96 | W10: =IF(V10=U10,"Y","N") -> Y | X10: Previously assessed through SHLAA as site 2035 | Y10: Link to SHLAA Site Asssement Results: http://www.nnjpu.org.uk/publications/docdetail.asp?docid=1325 | AB10: http://opendatacommunities.org/id/district-council/corby | AC10: Corby Borough Council | AD10: 42551 | AE10: 42551 | AF10: 2035 | AG10: This site has been identifed through a process developed to identify sites for a Pilot Brownfield Register for the North Northamptonshire area. Unless already benefitting from an existing consent for housing-led development (locally defined as extant planning permissions or local plan allocation), identification of a site on this register does NOT constitute Permission in Principle at the current time. | AH10: n/a
A11: 7 | B11: BFR C26 | C11: Parkland Gateway | D11: George Street | E11: Corby | F11: NN17 1QG | G11: Corby Borough Council | H11: 10008560050 | I11: 10008560050 | J11: OSGB36 | K11: 488000.75 | L11: 288724.53 | M11: 0.701286 | N11: Not Permissioned | O11: N | Q11: The site is subject to a full planning permission for "for cinema building comprising gross floor area of approximately 3,460m2 and incorporating 6 screen cinema in approximately 1,950m2 together with 2/3 restaurant/cafes in approximately 745m2 together with new vehicular access to George Street and car parking are to accommodate up to approximately 210 cars and servicing with new soft and hard landscaping and ancillary works " (11/00164/DPA). Within this a masterplan exists which covers site C26 which illustrates the potential for housing at this site but which is not a feature of the extant consent. Notwithstanding this, the masterplan serves as a basis for how the site could be brought forward and should be used accordingly in any forthcoming proposals. Details are available by searching here: https://publicaccess.corby.gov.uk/publicaccess/ | R11: TPO's exist on the site (TPO/50/4). See tabs '6.Shortlisted Site Assessments' and '7. Site Assessment Summaries' within this workbook for further information. See also: http://maps.northamptonshire.gov.uk/ | S11: Public Ownership | T11: HCA | U11: 63 | V11: 40 | W11: =IF(V11=U11,"Y","N") -> N | X11: Previously assessed through SHLAA as site 2037. The site has been subject to a bid to the HCA for Starter Homes funding and it was assumed that 40 dwellings could be delivered on the site. However, as part of an urban design review, consideration was also made of higher densities (flats) being deployed on site and assuming 100dph an alternative yield of 63 dwellings has been assumed. | Y11: Link to SHLAA Site Asssement Results: http://www.nnjpu.org.uk/publications/docdetail.asp?docid=1326 | Z11: See County Council map for additional details on features which may affect site: http://maps.northamptonshire.gov.uk/ | AB11: http://opendatacommunities.org/id/district-council/corby | AC11: Corby Borough Council | AD11: 42551 | AE11: 42551 | AF11: 2037 | AG11: This site has been identifed through a process developed to identify sites for a Pilot Brownfield Register for the North Northamptonshire area. Unless already benefitting from an existing consent for housing-led development (locally defined as extant planning permissions or local plan allocation), identification of a site on this register does NOT constitute Permission in Principle at the current time. | AH11: n/a
A12: 8 | B12: BFR C27 | C12: Kingswood School | D12: Gainsborough Road | E12: Corby | F12: NN18 9NQ | G12: Corby Borough Council | H12: 100032146529 | I12: 100032146553 | J12: OSGB36 | K12: 486108.26 | L12: 287407.74 | M12: 1.66549 | N12: Permissioned | O12: Y | Q12: Site has outline planning permission for 90 dwellings (13/00241/OUT) Details are available by searching here: https://publicaccess.corby.gov.uk/publicaccess/ | R12: N/A | S12: Public Ownership | T12: Northamptonshire County Council | U12: 90 | V12: 90 | W12: =IF(V12=U12,"Y","N") -> Y | X12: Previously assessed through SHLAA as site 2039 | Y12: Link to SHLAA Site Asssement Results: http://www.nnjpu.org.uk/publications/docdetail.asp?docid=1327 | AB12: http://opendatacommunities.org/id/district-council/corby | AC12: Corby Borough Council | AD12: 42551 | AE12: 42551 | AF12: 2039 | AG12: This site has been identifed through a process developed to identify sites for a Pilot Brownfield Register for the North Northamptonshire area. Unless already benefitting from an existing consent for housing-led development (locally defined as extant planning permissions or local plan allocation), identification of a site on this register does NOT constitute Permission in Principle at the current time. | AH12: n/a
A13: 9 | B13: BFR E26 | C13: 7/Factory/Land Corner Of Station Road And Church Street | D13: Church Street | E13: Irthlingborough | F13: NN9 5SN | G13: East Northamptonshire Council | H13: 10001192592 | I13: 10001192592 | J13: OSGB36 | K13: 494797.52 | L13: 270705.51 | M13: 0.520886 | N13: Permissioned | O13: Y | Q13: Site has consent for Erection of 2No. retail units (1No. class A1 retail unit of 930 square metres and 1No. mixed use class A1/A3 unit of 130.55 square metres) and 20No. two storey dwellings with associated access, parking and landscaping (15/00990/FUL). Details are available by searching here: http://pawebsrv.east-northamptonshire.gov.uk/online-applications/search.do?action=simple&searchType=Application | R13: N/A | S13: Not in Public Ownership | T13: Paragon Property Developments | U13: 20 | V13: 20 | W13: =IF(V13=U13,"Y","N") -> Y | AB13: http://opendatacommunities.org/id/district-council/east-northamptonshire | AC13: East Northamptonshire Council | AD13: 42551 | AE13: 42551 | AF13: n/a | AG13: This site has been identifed through a process developed to identify sites for a Pilot Brownfield Register for the North Northamptonshire area. Unless already benefitting from an existing consent for housing-led development (locally defined as extant planning permissions or local plan allocation), identification of a site on this register does NOT constitute Permission in Principle at the current time. | AH13: http://lv3.east-northamptonshire.gov.uk/LocalView/Sites/localview/
A14: 10 | B14: BFR E56 | C14: 77 Kimbolton Road | D14: Kimbolton Road | E14: Higham Ferrers | F14: NN10 8HL | G14: East Northamptonshire Council | H14: 100032138138 | I14: 100032138138 | J14: OSGB36 | K14: 496307.57 | L14: 268899.7 | M14: 0.289833 | N14: Permissioned | O14: Y | Q14: 09/00405/REM (Reserved Matters: Landscaping associated with demolition of existing buildings and redevelopment of twenty four dwellings with associated external works pursuant to outline planning permission EN/04/02158/OUT dated 21/3/06). Site has been cleared already and available for redevelopment. Details are available by searching here: http://pawebsrv.east-northamptonshire.gov.uk/online-applications/search.do?action=simple&searchType=Application | R14: N/A | S14: Not in Public Ownership | T14: Seagrave Developments | U14: 24 | V14: 24 | W14: =IF(V14=U14,"Y","N") -> Y | X14: Site has been cleared already and available for redevelopment. | AB14: http://opendatacommunities.org/id/district-council/east-northamptonshire | AC14: East Northamptonshire Council | AD14: 42551 | AE14: 42551 | AF14: n/a | AG14: This site has been identifed through a process developed to identify sites for a Pilot Brownfield Register for the North Northamptonshire area. Unless already benefitting from an existing consent for housing-led development (locally defined as extant planning permissions or local plan allocation), identification of a site on this register does NOT constitute Permission in Principle at the current time. | AH14: http://lv3.east-northamptonshire.gov.uk/LocalView/Sites/localview/
A15: 11 | B15: BFR E65 | C15: Factory Premises | D15: Oakley Road | E15: Rushden | F15: NN10 6UR | G15: East Northamptonshire Council | H15: 10001194760 | I15: 10001194760 | J15: OSGB36 | K15: 495068.93 | L15: 267111.33 | M15: 0.294131 | N15: Not Permissioned | O15: N | Q15: Site of the former GBD Reproduction Furniture. Previous discussion were held regarding development of the site through application 09/00905/OUT which was refused. This application entailed “Demolition of an existing factory. New build development of 14 flats and 11 houses in a combination of 2, 2.5 and 3 storey blocks with associated parking and landscaping” The site is subject to a recent bid by the Council to access Starter Home funding. This bid assumed a site developent capacity of 15 dwellings. | R15: See tabs '6.Shortlisted Site Assessments' and '7. Site Assessment Summaries' within this workbook for further information. See also: http://lv3.east-northamptonshire.gov.uk/LocalView/Sites/localview/ | S15: Not in Public Ownership | T15: Privately owned | U15: 15 | V15: 14 | W15: =IF(V15=U15,"Y","N") -> N | X15: The site has been subject to a bid to the HCA for Starter Homes funding and it was assumed that 15 dwellings could be delivered on the site. The site was analysed by the JPU's urban design team and an altenative capacity of 14 dwellings was proposed (and used as a minimum capacity assumption) reflective of an identified opportunity to improve access to the adjecent Green Infrastructure corridor which is possible both from Washbrook Road and to the rear of site. This would lead to a lower land take which has facilitated this minimum housing figure. | Y15: Derelict Industrial Site where the former "GBD Reproduction Furniture" warehouse was located. | Z15: See County Council map for additional details on features which may affect site: http://maps.northamptonshire.gov.uk/ | AB15: http://opendatacommunities.org/id/district-council/east-northamptonshire | AC15: East Northamptonshire Council | AD15: 42551 | AE15: 42551 | AF15: n/a | AG15: This site has been identifed through a process developed to identify sites for a Pilot Brownfield Register for the North Northamptonshire area. Unless already benefitting from an existing consent for housing-led development (locally defined as extant planning permissions or local plan allocation), identification of a site on this register does NOT constitute Permission in Principle at the current time. | AH15: http://lv3.east-northamptonshire.gov.uk/LocalView/Sites/localview/
A16: 12 | B16: BFR E66 | C16: High Beech | D16: 8 Hayway | E16: Rushden | F16: NN10 6ES | G16: East Northamptonshire Council | H16: 100031032763 | I16: 100031032763 | J16: OSGB36 | K16: 495591.94 | L16: 267572.4 | M16: 0.384095 | N16: Permissioned | O16: Y | Q16: 14/02228/FUL - Demolition of existing building and erection of five detached dwellings pursuant to planning permission 13/01585/FUL. Details are available by searching here: http://pawebsrv.east-northamptonshire.gov.uk/online-applications/search.do?action=simple&searchType=Application | R16: N/A | S16: Unknown | T16: Likely privately owned. | U16: 5 | V16: 5 | W16: =IF(V16=U16,"Y","N") -> Y | X16: 14/02228/FUL - Extant planning permission for 5 dwellings. | Y16: Link to East Nortamptonshire's Planning Application Search Portal: http://pawebsrv.east-northamptonshire.gov.uk/online-applications/search.do?action=simple&searchType=Application | AB16: http://opendatacommunities.org/id/district-council/east-northamptonshire | AC16: East Northamptonshire Council | AD16: 42551 | AE16: 42551 | AF16: n/a | AG16: This site has been identifed through a process developed to identify sites for a Pilot Brownfield Register for the North Northamptonshire area. Unless already benefitting from an existing consent for housing-led development (locally defined as extant planning permissions or local plan allocation), identification of a site on this register does NOT constitute Permission in Principle at the current time. | AH16: http://lv3.east-northamptonshire.gov.uk/LocalView/Sites/localview/
A17: 13 | B17: BFR E67 | C17: Factory | D17: Upper Queen Street | E17: Rushden | F17: NN10 0DU | G17: East Northamptonshire Council | H17: 10093005834 | I17: 10093005834 | J17: OSGB36 | K17: 496208.16 | L17: 267072.72 | M17: 0.736937 | N17: Permissioned | O17: Y | Q17: 14/00683/FUL - Erection of forty seven dwellings with associated access road including demolition of extensions and sheds to the rear of listed building. Details are available by searching here: http://pawebsrv.east-northamptonshire.gov.uk/online-applications/search.do?action=simple&searchType=Application | S17: Unknown | T17: Likely privately owned. | U17: 47 | V17: 47 | W17: =IF(V17=U17,"Y","N") -> Y | X17: 14/00683/FUL - Extant planning permission for 47 dwellings | Y17: Link to East Nortamptonshire's Planning Application Search Portal: http://pawebsrv.east-northamptonshire.gov.uk/online-applications/search.do?action=simple&searchType=Application | Z17: Buildings on site are Grade II Factory Premises. | AB17: http://opendatacommunities.org/id/district-council/east-northamptonshire | AC17: East Northamptonshire Council | AD17: 42551 | AE17: 42551 | AF17: n/a | AG17: This site has been identifed through a process developed to identify sites for a Pilot Brownfield Register for the North Northamptonshire area. Unless already benefitting from an existing consent for housing-led development (locally defined as extant planning permissions or local plan allocation), identification of a site on this register does NOT constitute Permission in Principle at the current time. | AH17: http://lv3.east-northamptonshire.gov.uk/LocalView/Sites/localview/
A18: 14 | B18: BFR K2 | C18: Scott Road Garages | D18: Scott Road | E18: Kettering | F18: NN16 9JY | G18: Kettering Borough Council | H18: 10007872479 | I18: 10007872479 | J18: OSGB36 | K18: 487396.51 | L18: 280288.78 | M18: 0.427951 | N18: Not Permissioned | O18: N | Q18: Potential housing allocation in Kettering Borough Council's Part 2 Local Plan. | R18: A sewer easement crosses the site. See tabs '6.Shortlisted Site Assessments' and '7. Site Assessment Summaries' within this workbook for further information. See also: http://maps.kettering.gov.uk/ | S18: Public Ownership | T18: Kettering Borough Council | U18: 17 | V18: 12 | W18: =IF(V18=U18,"Y","N") -> N | X18: Previously assessed through SHLAA as site 705. | Y18: Link to SHLAA Site Asssement Results: http://www.nnjpu.org.uk/publications/docdetail.asp?docid=1327 | Z18: Previously assessed through SHLAA as site 705. Council owned site. Preference would be for affordable housing on site. Different dwelling capaciites have been calculated for the site dependent on potential densities to be applied (taking account of the surrounding area). These entail either 17 houses at 50dph or 12 houses at 35 dph and these values take account (exclude) an area of the site under which a sewer easement runs. | AA18: See County Council map for additional details on features which may affect site: http://maps.northamptonshire.gov.uk/ | AB18: http://opendatacommunities.org/id/district-council/kettering | AC18: Kettering Borough Council | AD18: 42551 | AE18: 42551 | AF18: 705 | AG18: This site has been identifed through a process developed to identify sites for a Pilot Brownfield Register for the North Northamptonshire area. Unless already benefitting from an existing consent for housing-led development (locally defined as extant planning permissions or local plan allocation), identification of a site on this register does NOT constitute Permission in Principle at the current time. | AH18: http://maps.kettering.gov.uk/
A19: 15 | B19: BFR K3 | C19: Kettering Football Club | D19: Rockingham Road | E19: Kettering | F19: NN16 9EU | G19: Kettering Borough Council | H19: 100032145155/ 10007871652 | I19: 100032145155 | J19: OSGB36 | K19: 486593.37 | L19: 279982.45 | M19: 1.62302 | N19: Not Permissioned | O19: N | Q19: Potential housing allocation in Kettering Borough Council's Part 2 Local Plan. | R19: See tabs '6.Shortlisted Site Assessments' and '7. Site Assessment Summaries' within this workbook for further information. See also: http://maps.kettering.gov.uk/ | S19: Not in Public Ownership | T19: Privately owned | U19: 66 | V19: 66 | W19: =IF(V19=U19,"Y","N") -> Y | X19: Previously assessed through SHLAA as site 732. | Y19: Link to SHLAA Site Asssement Results: http://www.nnjpu.org.uk/publications/docdetail.asp?docid=1327 | Z19: Privately owned site with a landowner keen to redevelop. Former stadium of Kettering Town Football Club. Site has not been used for footballing purposes for a number of years and now vacant. | AA19: See County Council map for additional details on features which may affect site: http://maps.northamptonshire.gov.uk/ | AB19: http://opendatacommunities.org/id/district-council/kettering | AC19: Kettering Borough Council | AD19: 42551 | AE19: 42551 | AF19: 732 | AG19: This site has been identifed through a process developed to identify sites for a Pilot Brownfield Register for the North Northamptonshire area. Unless already benefitting from an existing consent for housing-led development (locally defined as extant planning permissions or local plan allocation), identification of a site on this register does NOT constitute Permission in Principle at the current time. | AH19: http://maps.kettering.gov.uk/
A20: 16 | B20: BFR K8 | C20: Land At Rothwell Town Football Club | D20: Cecil Street | E20: Rothwell | F20: NN14 6EZ | G20: Kettering Borough Council | H20: 100032143115 | I20: 100032143115 | J20: OSGB36 | K20: 481629.76 | L20: 281514.83 | M20: 1.60445 | N20: Permissioned | O20: Y | Q20: KET/2014/0233 - 80 dwellings approved 27.11.15 Details are available here: http://www.kettering.gov.uk/planningApplication?thisWeek=0&appNumber=KET%2F2014%2F0233&submit=Go | R20: N/A | S20: Not in Public Ownership | U20: 80 | V20: 80 | W20: =IF(V20=U20,"Y","N") -> Y | X20: Previously assessed through SHLAA as site 1027 | Y20: Link to SHLAA Site Asssement Results: http://www.nnjpu.org.uk/publications/docdetail.asp?docid=1327 | AB20: http://opendatacommunities.org/id/district-council/kettering | AC20: Kettering Borough Council | AD20: 42551 | AE20: 42551 | AF20: 1027 | AG20: This site has been identifed through a process developed to identify sites for a Pilot Brownfield Register for the North Northamptonshire area. Unless already benefitting from an existing consent for housing-led development (locally defined as extant planning permissions or local plan allocation), identification of a site on this register does NOT constitute Permission in Principle at the current time. | AH20: http://maps.kettering.gov.uk/
A21: 17 | B21: BFR K15 | C21: Desborough Leisure Centre | D21: Off Broadlands | E21: Desborough | F21: NN14 2YH | G21: Kettering Borough Council | H21: 100032142378 and 10007872444 | I21: 10007872444 | J21: OSGB36 | K21: 481326.27 | L21: 282839.22 | M21: 3.41814 | N21: Not Permissioned | O21: N | Q21: Former Leisure Centre has been demolished. Site has been subject to an application for 304 dwellings (KET/2016/0044) albeit this was refused on 26/05/2016. Details are available here: http://www.kettering.gov.uk/planningApplication?thisWeek=0&appNumber=KET%2F2016%2F0044&submit=Go | R21: See tabs '6.Shortlisted Site Assessments' and '7. Site Assessment Summaries' within this workbook for further information. See also: http://maps.kettering.gov.uk/ | S21: Public Ownership | T21: Kettering Borough Council | U21: 46 | V21: 46 | W21: =IF(V21=U21,"Y","N") -> Y | X21: Previously assessed through SHLAA as site 1165. | Y21: Link to SHLAA Site Asssement Results: http://www.nnjpu.org.uk/publications/docdetail.asp?docid=1327 | Z21: Here it is assumed that development will only happen on the PDL element of site (and not the larger, wider site which includes extensive tracts of Greenfield). To derive these estimates it has been calculated that only 30% of the wider site is PDL so 70% of the overall site has been discounted for development. | AA21: See County Council map for additional details on features which may affect site: http://maps.northamptonshire.gov.uk/ | AB21: http://opendatacommunities.org/id/district-council/kettering | AC21: Kettering Borough Council | AD21: 42551 | AE21: 42551 | AF21: 1165 | AG21: This site has been identifed through a process developed to identify sites for a Pilot Brownfield Register for the North Northamptonshire area. Unless already benefitting from an existing consent for housing-led development (locally defined as extant planning permissions or local plan allocation), identification of a site on this register does NOT constitute Permission in Principle at the current time. | AH21: http://maps.kettering.gov.uk/
A22: 18 | B22: BFR K17 | C22: Land At Bosworth's Nursery And Garden Centre | D22: Finedon Road | E22: Burton Latimer | F22: NN15 5QA | G22: Kettering Borough Council | H22: 100031058346 | I22: 100031058347 | J22: OSGB36 | K22: 489519.82 | L22: 273939.83 | M22: 1.19389 | N22: Permissioned | O22: Y | Q22: KET/2013/0750 - 69 dwellings - approved 27.06.14 Details are available here: http://www.kettering.gov.uk/planningApplication?thisWeek=0&appNumber=KET%2F2013%2F0750&submit=Go | R22: N/A | S22: Not in Public Ownership | U22: 69 | V22: 69 | W22: =IF(V22=U22,"Y","N") -> Y | X22: Previously assessed through SHLAA as site 2185 | Y22: Link to SHLAA Site Asssement Results: http://www.nnjpu.org.uk/publications/docdetail.asp?docid=1327 | AB22: http://opendatacommunities.org/id/district-council/kettering | AC22: Kettering Borough Council | AD22: 42551 | AE22: 42551 | AF22: 2185 | AG22: This site has been identifed through a process developed to identify sites for a Pilot Brownfield Register for the North Northamptonshire area. Unless already benefitting from an existing consent for housing-led development (locally defined as extant planning permissions or local plan allocation), identification of a site on this register does NOT constitute Permission in Principle at the current time. | AH22: http://maps.kettering.gov.uk/
A23: 19 | B23: BFR K24 | C23: Rothwell Town FC | D23: Cambridge Street | E23: Rothwell | F23: NN14 6HA | G23: Kettering Borough Council | H23: 10007875693 | I23: 10007875693 | J23: OSGB36 | K23: 481657.55 | L23: 281572.79 | M23: 0.3934 | N23: Not Permissioned | O23: N | R23: See tabs '6.Shortlisted Site Assessments' and '7. Site Assessment Summaries' within this workbook for further information. See also: http://maps.kettering.gov.uk/ | S23: Not in Public Ownership | T23: Privately owned | U23: 16 | V23: 16 | W23: =IF(V23=U23,"Y","N") -> Y | Z23: See County Council map for additional details on features which may affect site: http://maps.northamptonshire.gov.uk/ | AB23: http://opendatacommunities.org/id/district-council/kettering | AC23: Kettering Borough Council | AD23: 42551 | AE23: 42551 | AF23: n/a | AG23: This site has been identifed through a process developed to identify sites for a Pilot Brownfield Register for the North Northamptonshire area. Unless already benefitting from an existing consent for housing-led development (locally defined as extant planning permissions or local plan allocation), identification of a site on this register does NOT constitute Permission in Principle at the current time. | AH23: http://maps.kettering.gov.uk/
A24: 20 | B24: BFR K30 | C24: Rockingham Dene | D24: Rockingham Road | E24: Kettering | F24: NN16 9JW | G24: Kettering Borough Council | H24: 100032145206 | I24: 10007881171 | J24: OSGB36 | K24: 486328.68 | L24: 280418.86 | M24: 0.44078 | N24: Not Permissioned | O24: N | Q24: Outline consent for 9 dwellings exists on the land adjacent to this site (KET/2015/0220) but BFR K30 itself has no extant permission. Site was previously occupied by a Children's Care Home which closed in July 2002 and was demolished thereafter. Site was subject to a previous application for 28 dwellings (KET/2007/0990) which Committee resolved to grant permission for (subject to S.106) albeit this was never completed and the application was disposed of by the Council in September 2012. Details are available here: http://www.kettering.gov.uk/planningApplication?thisWeek=0&appNumber=KET%2F2013%2F0750&submit=Go | R24: TPO's exist on the site (TPO 2008 No6). See tabs '6.Shortlisted Site Assessments' and '7. Site Assessment Summaries' within this workbook for further information. See also: http://maps.kettering.gov.uk/ | S24: Public Ownership | T24: Northamptonshire County Council | U24: 9 | V24: 9 | W24: =IF(V24=U24,"Y","N") -> Y | Z24: See County Council map for additional details on features which may affect site: http://maps.northamptonshire.gov.uk/ | AB24: http://opendatacommunities.org/id/district-council/kettering | AC24: Kettering Borough Council | AD24: 42551 | AE24: 42551 | AF24: n/a | AG24: This site has been identifed through a process developed to identify sites for a Pilot Brownfield Register for the North Northamptonshire area. Unless already benefitting from an existing consent for housing-led development (locally defined as extant planning permissions or local plan allocation), identification of a site on this register does NOT constitute Permission in Principle at the current time. | AH24: http://maps.kettering.gov.uk/
A25: 21 | B25: BFR W10 | C25: Former Swimming Baths | D25: Croyland Road | E25: Wellingborough | F25: NN8 2JY | G25: Borough Council of Wellingborough | H25: 100032154883 | I25: 100032154883 | J25: OSGB36 | K25: 488794.33 | L25: 267310.05 | M25: 0.736844 | N25: Not Permissioned | O25: N | Q25: Site currently subject to pre-application discussions. Willing site owner. | R25: See tabs '6.Shortlisted Site Assessments' and '7. Site Assessment Summaries' within this workbook for further information. See also: http://lvfusion.wellingborough.gov.uk/LocalViewWeb/Sites/inmyarea/# | S25: Public Ownership | T25: Borough Council of Wellingborough | U25: 30 | V25: 30 | W25: =IF(V25=U25,"Y","N") -> Y | X25: Previously assessed through SHLAA as site 873 | Y25: Link to SHLAA Site Asssement Results: http://www.nnjpu.org.uk/publications/docdetail.asp?docid=1327 | Z25: See County Council map for additional details on features which may affect site: http://maps.northamptonshire.gov.uk/ | AB25: http://opendatacommunities.org/id/district-council/wellingborough | AC25: Borough Council of Wellingborough | AD25: 42551 | AE25: 42551 | AF25: 873 | AG25: This site has been identifed through a process developed to identify sites for a Pilot Brownfield Register for the North Northamptonshire area. Unless already benefitting from an existing consent for housing-led development (locally defined as extant planning permissions or local plan allocation), identification of a site on this register does NOT constitute Permission in Principle at the current time. | AH25: http://lvfusion.wellingborough.gov.uk/LocalViewWeb/Sites/inmyarea/#
A26: 22 | B26: BFR W12 | C26: Rear Of | D26: 3 Princess Way | E26: Wellingborough | F26: NN8 2HD | G26: Borough Council of Wellingborough | H26: 100031208889 | I26: 100031208889 | J26: OSGB36 | K26: 488274.32 | L26: 266723.45 | M26: 0.375162 | N26: Not Permissioned | O26: N | R26: Access Issues. See tabs '6.Shortlisted Site Assessments' and '7. Site Assessment Summaries' within this workbook for further information. See also: http://lvfusion.wellingborough.gov.uk/LocalViewWeb/Sites/inmyarea/# | S26: Not in Public Ownership | T26: Wellingborough Homes | U26: 6 | V26: 6 | W26: =IF(V26=U26,"Y","N") -> Y | X26: Previously assessed through SHLAA as site 881 | Y26: Link to SHLAA Site Asssement Results: http://www.nnjpu.org.uk/publications/docdetail.asp?docid=1327 | Z26: See County Council map for additional details on features which may affect site: http://maps.northamptonshire.gov.uk/ | AB26: http://opendatacommunities.org/id/district-council/wellingborough | AC26: Borough Council of Wellingborough | AD26: 42551 | AE26: 42551 | AF26: 881 | AG26: This site has been identifed through a process developed to identify sites for a Pilot Brownfield Register for the North Northamptonshire area. Unless already benefitting from an existing consent for housing-led development (locally defined as extant planning permissions or local plan allocation), identification of a site on this register does NOT constitute Permission in Principle at the current time. | AH26: http://lvfusion.wellingborough.gov.uk/LocalViewWeb/Sites/inmyarea/#
A27: 23 | B27: BFR W15 | C27: George Cox Shoes | D27: Westfield Road | E27: Wellingborough | F27: NN8 3JR | G27: Borough Council of Wellingborough | H27: 10024129466 | I27: 10024129466 | J27: OSGB36 | K27: 488406.05 | L27: 267919.85 | M27: 0.549354 | N27: Not Permissioned | O27: N | Q27: Part of site currently subject to an application for Demolition of existing buildings and erection of 45 Retirement Living Apartments for the elderly (category ll type accommodation), including communal facilities, landscaping and car parking (WP/16/00375/FUL). Further details are available here: http://pawebsrv.wellingborough.gov.uk/online-applications/ Site includes the now vacant premises of George Cox Shoes plus an area of hardstanding and industrial units which are currently occupied. | R27: See tabs '6.Shortlisted Site Assessments' and '7. Site Assessment Summaries' within this workbook for further information. See also: http://lvfusion.wellingborough.gov.uk/LocalViewWeb/Sites/inmyarea/# | S27: Not in Public Ownership | T27: Privately owned | U27: 25 | V27: 14 | W27: =IF(V27=U27,"Y","N") -> N | X27: Previously assessed through SHLAA as site 893. | Y27: Link to SHLAA Site Asssement Results: http://www.nnjpu.org.uk/publications/docdetail.asp?docid=1327 | Z27: Would likely want to incorporate historic façade on Roberts Street into any future proposals. If the whole site was to come forward for redevelopment (irrespective of the current undetermined application), a density of 35dph has been assumed which could yield 25 houses. However, if the whole site not available for development, then only area covered by the George Cox building (c. 60% of the whole site area) would be developed which would lend itself to apartments. On this basis, a density of 70dph is assumed which could yield 14 flats. | AA27: See County Council map for additional details on features which may affect site: http://maps.northamptonshire.gov.uk/ | AB27: http://opendatacommunities.org/id/district-council/wellingborough | AC27: Borough Council of Wellingborough | AD27: 42551 | AE27: 42551 | AF27: 893 | AG27: This site has been identifed through a process developed to identify sites for a Pilot Brownfield Register for the North Northamptonshire area. Unless already benefitting from an existing consent for housing-led development (locally defined as extant planning permissions or local plan allocation), identification of a site on this register does NOT constitute Permission in Principle at the current time. | AH27: http://lvfusion.wellingborough.gov.uk/LocalViewWeb/Sites/inmyarea/#
A28: 24 | B28: BFR W19 | C28: Reddens Scrap Yard | D28: Leys Road / Highfield Road | E28: Wellingborough | F28: NN8 1PL | G28: Borough Council of Wellingborough | H28: 100032265839 | I28: 100032265839 | J28: OSGB36 | K28: 489738.89 | L28: 268548.97 | M28: 1.13853 | N28: Permissioned | O28: Y | P28: Y | Q28: The site is Saved Local Plan Allocation U1 (Leys Road/Highfield Road). This was allocated for 50 dwellings in the 2004 Local Plan. Details are available here: http://www.wellingborough.gov.uk/downloads/file/7155/local_plan_saved_policies_list | R28: See tabs '6.Shortlisted Site Assessments' and '7. Site Assessment Summaries' within this workbook for further information. See also: http://lvfusion.wellingborough.gov.uk/LocalViewWeb/Sites/inmyarea/# | S28: Not in Public Ownership | T28: W J Redden Ltd | U28: 50 | V28: 50 | W28: =IF(V28=U28,"Y","N") -> Y | X28: Previously assessed through SHLAA as site 898. | Y28: Link to SHLAA Site Asssement Results: http://www.nnjpu.org.uk/publications/docdetail.asp?docid=1327 | AB28: http://opendatacommunities.org/id/district-council/wellingborough | AC28: Borough Council of Wellingborough | AD28: 42551 | AE28: 42551 | AF28: 898 | AG28: This site has been identifed through a process developed to identify sites for a Pilot Brownfield Register for the North Northamptonshire area. Unless already benefitting from an existing consent for housing-led development (locally defined as extant planning permissions or local plan allocation), identification of a site on this register does NOT constitute Permission in Principle at the current time. | AH28: http://lvfusion.wellingborough.gov.uk/LocalViewWeb/Sites/inmyarea/#
A29: 25 | B29: BFR W28 | C29: Car Park And Others | D29: High Street/Jackson Lane | E29: Wellingborough | F29: NN8 4JJ | G29: Borough Council of Wellingborough | H29: 100031201382 | I29: 100031201382 | J29: OSGB36 | K29: 488882.73 | L29: 267926.53 | M29: 3.12237 | N29: Permissioned | O29: Y | P29: Y | Q29: Allocated as Site C through Policy PS3 (High Steet/Jackson's Lane Site) in the 2009 Wellingborough Town Centre Area Action Plan for a mix of uses including approximately 220 dwelling units comprising a mix of tenures and housing types, new Tresham Institute (D1), 50 room hotel (C1), shops (A1/A2), leisure (D2) and/or restaurant/cafe/bar space (A3, A4) and office (B1) space. Site is currently subject to a planning application for redevelopment of the existing car park for 113 houses, apartments and car parking (WP/14/00175/FUL). This is still pending currently. Details are available here: http://pawebsrv.wellingborough.gov.uk/online-applications/ | R29: See tabs '6.Shortlisted Site Assessments' and '7. Site Assessment Summaries' within this workbook for further information. See also: http://lvfusion.wellingborough.gov.uk/LocalViewWeb/Sites/inmyarea/# | S29: Public Ownership | T29: Borough Council of Wellingborough | U29: 220 | V29: 220 | W29: =IF(V29=U29,"Y","N") -> Y | X29: Allocated as Site C in the 2009 Wellingborough Town Centre Area Action Plan | Y29: Link to Wellingborough Town Centre Area Action Plan (2009): http://www.wellingborough.gov.uk/info/200132/local_development_framework/1163/town_centre_area_action_plan_development_plan_document | Z29: Development here would support Town centre regeneration. | AA29: Under utilised brownfield sites. | AB29: http://opendatacommunities.org/id/district-council/wellingborough | AC29: Borough Council of Wellingborough | AD29: 42551 | AE29: 42551 | AF29: n/a | AG29: This site has been identifed through a process developed to identify sites for a Pilot Brownfield Register for the North Northamptonshire area. Unless already benefitting from an existing consent for housing-led development (locally defined as extant planning permissions or local plan allocation), identification of a site on this register does NOT constitute Permission in Principle at the current time. | AH29: http://lvfusion.wellingborough.gov.uk/LocalViewWeb/Sites/inmyarea/#
A30: 26 | B30: BFR W30 | C30: Former Post Office Sorting Office | D30: Midland Road | E30: Wellingborough | F30: NN8 1DW | G30: Borough Council of Wellingborough | H30: 100032153865 | I30: 100032153865 | J30: OSGB36 | K30: 489353.2 | L30: 267916.62 | M30: 0.453093 | N30: Permissioned | O30: Y | P30: Y | Q30: Site was subject to application for 73 apartments in 2007 but this was subsequently withdrawn (WP/2007/0435). Allocated as Site I (Post Office Sorting Depot) for 73 apartments in the 2009 Wellingborough Town Centre Area Action Plan. Details are available here: http://www.wellingborough.gov.uk/info/200132/local_development_framework/1163/town_centre_area_action_plan_development_plan_document | R30: See tabs '6.Shortlisted Site Assessments' and '7. Site Assessment Summaries' within this workbook for further information. See also: http://lvfusion.wellingborough.gov.uk/LocalViewWeb/Sites/inmyarea/# | S30: Not in Public Ownership | U30: 73 | V30: 73 | W30: =IF(V30=U30,"Y","N") -> Y | X30: Allocated as Site I in the 2009 Wellingborough Town Centre Area Action Plan | Y30: Link to Wellingborough Town Centre Area Action Plan (2009): http://www.wellingborough.gov.uk/info/200132/local_development_framework/1163/town_centre_area_action_plan_development_plan_document | AB30: http://opendatacommunities.org/id/district-council/wellingborough | AC30: Borough Council of Wellingborough | AD30: 42551 | AE30: 42551 | AF30: n/a | AG30: This site has been identifed through a process developed to identify sites for a Pilot Brownfield Register for the North Northamptonshire area. Unless already benefitting from an existing consent for housing-led development (locally defined as extant planning permissions or local plan allocation), identification of a site on this register does NOT constitute Permission in Principle at the current time. | AH30: http://lvfusion.wellingborough.gov.uk/LocalViewWeb/Sites/inmyarea/#
A31: 27 | B31: BFR W32 | C31: East Of Eastfield Road, Wellingborough | D31: Eastfield Road | E31: Wellingborough | F31: NN8 1RJ | G31: Borough Council of Wellingborough | H31: 10004931434 | I31: 10004931434 | J31: OSGB36 | K31: 490181.41 | L31: 268930.89 | M31: 10.8758 | N31: Permissioned | O31: Y | P31: Y | Q31: Saved Local Plan allocation Site U20 (Land to the East of Eastfield Road) in the 2004 Local Plan for housing and retained employment uses. Details are available here: http://www.wellingborough.gov.uk/downloads/file/7155/local_plan_saved_policies_list | R31: See tabs '6.Shortlisted Site Assessments' and '7. Site Assessment Summaries' within this workbook for further information. See also: http://lvfusion.wellingborough.gov.uk/LocalViewWeb/Sites/inmyarea/# | S31: Not in Public Ownership | U31: 75 | V31: 75 | W31: =IF(V31=U31,"Y","N") -> Y | AB31: http://opendatacommunities.org/id/district-council/wellingborough | AC31: Borough Council of Wellingborough | AD31: 42551 | AE31: 42551 | AF31: n/a | AG31: This site has been identifed through a process developed to identify sites for a Pilot Brownfield Register for the North Northamptonshire area. Unless already benefitting from an existing consent for housing-led development (locally defined as extant planning permissions or local plan allocation), identification of a site on this register does NOT constitute Permission in Principle at the current time. | AH31: http://lvfusion.wellingborough.gov.uk/LocalViewWeb/Sites/inmyarea/#
A32: 28 | B32: BFR W36 | C32: Land Between Number 33 And 67 | D32: Milner Road | E32: Finedon | F32: NN9 5LW | G32: Borough Council of Wellingborough | H32: 10004931228 | I32: 10004931228 | J32: OSGB36 | K32: 491989.85 | L32: 271644.52 | M32: 1.38846 | N32: Permissioned | O32: Y | P32: Y | Q32: Site is vacant and has been subject to pre-application discussions. Saved Local Plan Allocation FN2 (Milner Road) from the 2007 Local Plan for Wellingborough (30 dwellings). Details are available here: http://www.wellingborough.gov.uk/downloads/file/7155/local_plan_saved_policies_list Potential housing allocation in Borough Council of Wellingborough's Part 2 Local Plan | R32: See tabs '6.Shortlisted Site Assessments' and '7. Site Assessment Summaries' within this workbook for further information. See also: http://lvfusion.wellingborough.gov.uk/LocalViewWeb/Sites/inmyarea/# | S32: Not in Public Ownership | U32: 30 | V32: 30 | W32: =IF(V32=U32,"Y","N") -> Y | X32: Saved Local Plan Allocation FN2 (Milner Road) from the 2007 Local Plan for Wellingborough (30 dwellings). | Y32: Link to Wellingborough Local Plan (2007): http://www.wellingborough.gov.uk/downloads/file/7155/local_plan_saved_policies_list | Z32: Vacant site | AB32: http://opendatacommunities.org/id/district-council/wellingborough | AC32: Borough Council of Wellingborough | AD32: 42551 | AE32: 42551 | AF32: n/a | AG32: This site has been identifed through a process developed to identify sites for a Pilot Brownfield Register for the North Northamptonshire area. Unless already benefitting from an existing consent for housing-led development (locally defined as extant planning permissions or local plan allocation), identification of a site on this register does NOT constitute Permission in Principle at the current time. | AH32: http://lvfusion.wellingborough.gov.uk/LocalViewWeb/Sites/inmyarea/#
A33: 29 | B33: BFR W42 | C33: Site G TCAAP - Alma St/Cambridge Street Backlands | D33: Cambridge Street | E33: Wellingborough | F33: NN8 4DJ | G33: Borough Council of Wellingborough | H33: 100032265703 | I33: 100032265703 | J33: OSGB36 | K33: 489355.11 | L33: 268063.18 | M33: 0.829819 | N33: Permissioned | O33: Y | P33: Y | Q33: Site is located within the town centre boundary. Used to be the site of Wellingborough Working Men’s Club. Currently in mixed use including retail and residential. Allocated as Site G (Alma Street/Cambridge Street Backlands Site) through Policy PS 6 of the Wellingborough Town Centre Area Action Plan (adopted July 2009) for comprehensive redevelopment including shops (A1 uses), financial/professional services (A2), restaurants, cafes and bars (A3, A4) or leisure (D2) with residential (C3) above on the Alma Street/Park Road frontage and predominantly residential (C3) development for the majority of the inner site (estimated to comprise 60 dwelling units), with the potential to accomodate some small-scale office (B1) work space, amongst other features. Details are available here: http://www.wellingborough.gov.uk/info/200132/local_development_framework/1163/town_centre_area_action_plan_development_plan_document | R33: See tabs '6.Shortlisted Site Assessments' and '7. Site Assessment Summaries' within this workbook for further information. See also: http://lvfusion.wellingborough.gov.uk/LocalViewWeb/Sites/inmyarea/# | S33: Not in Public Ownership | U33: 60 | V33: 60 | W33: =IF(V33=U33,"Y","N") -> Y | X33: Allocated as Site G in the 2009 Wellingborough Town Centre Area Action Plan | Y33: Link to Wellingborough Town Centre Area Action Plan (2009): http://www.wellingborough.gov.uk/info/200132/local_development_framework/1163/town_centre_area_action_plan_development_plan_document | AB33: http://opendatacommunities.org/id/district-council/wellingborough | AC33: Borough Council of Wellingborough | AD33: 42551 | AE33: 42551 | AF33: n/a | AG33: This site has been identifed through a process developed to identify sites for a Pilot Brownfield Register for the North Northamptonshire area. Unless already benefitting from an existing consent for housing-led development (locally defined as extant planning permissions or local plan allocation), identification of a site on this register does NOT constitute Permission in Principle at the current time. | AH33: http://lvfusion.wellingborough.gov.uk/LocalViewWeb/Sites/inmyarea/#
A38: 13 | B38: BFR E23 | C38: Tower Factory/ Land Adjacent | D38: Victoria Street | E38: Irthlingborough | F38: NN9 5RD | G38: East Northamptonshire Council | J38: OSGB36 | K38: 494196.16 | L38: 270375.58 | M38: 0.478786 | Q38: site has been developed out already as determined from site visit 29.06.2016 | Y38: Previously assessed through SHLAA as Site 526 | AB38: http://opendatacommunities.org/id/district-council/east-northamptonshire | AC38: East Northamptonshire Council | AD38: 42551 | AE38: 42551

Sheet 5. Shortlised Site Details
A1: Note: The below table represents a compilation of the data compiled for each site and is extracted from Tab 4 of this Register for clarity. It has been provided for ease of viewing and for easy printing.
A2: North Northamptonshire Pilot Brownfield Register: Individual Site Details
A3: Site Ref | B3: BFR C1
A4: Site Name | B4: =VLOOKUP(B3,'6.Shortlisted Site Assessments'!A$4:D$38,4,0) -> Car Park
A5: SiteAddress | B5: =VLOOKUP(B3,'6.Shortlisted Site Assessments'!A$4:E$38,5,0) -> Pytchley Court
A6: PostTown | B6: =VLOOKUP(B3,'6.Shortlisted Site Assessments'!A$4:F$38,6,FALSE) -> Corby
A7: Postcode | B7: =VLOOKUP(B3,'6.Shortlisted Site Assessments'!A$3:H$38,8,0) -> NN17 2PL
A8: Local Authority Area | B8: =VLOOKUP(B3,'6.Shortlisted Site Assessments'!A$4:G$38,7,FALSE) -> Corby Borough
A9: Link to Site Map | B9: https://maphub.net/NNJPU/brownfield-sites
A10: UPRN | B10: =VLOOKUP(B3,'4.Register of Shortlisted Sites'!B$5:J$33,8,0) -> 100032261466
A11: CoordinateReferenceSystem | B11: =VLOOKUP(B3,'4.Register of Shortlisted Sites'!B$5:K$33,9,FALSE) -> OSGB36
A12: GeoX | B12: =VLOOKUP(B3,'4.Register of Shortlisted Sites'!B$5:L$33,10,0) -> 486899.83
A13: GeoY | B13: =VLOOKUP(B3,'4.Register of Shortlisted Sites'!B$5:M$33,11,0) -> 289698
A14: Hectares | B14: =VLOOKUP(B3,'4.Register of Shortlisted Sites'!B5:Q33,12,0) -> 0.379256
A15: PlanningStatus | B15: =VLOOKUP(B3,'4.Register of Shortlisted Sites'!B5:N33,13,0) -> Not Permissioned
A16: PlanningHistory | B16: =VLOOKUP(B3,'4.Register of Shortlisted Sites'!B$5:AG$33,16,FALSE) -> Previously proposed as a Housing Allocation (HA21) for 13 dwellings in the Proposed Site Specific Allocations Development Plan Document as consulted upon by Corby Borough Council in September 2009 (Saved Local Plan Policy R2).
A17: Constraints | B17: =VLOOKUP(B3,'4.Register of Shortlisted Sites'!B$5:S$33,17,0) -> See tabs '6.Shortlisted Site Assessments' and '7. Site Assessment Summaries' within this workbook for further information.
A18: OwnershipStatus | B18: =VLOOKUP(B3,'4.Register of Shortlisted Sites'!B$5:T$33,18,0) -> Public Ownership
A19: Owners | B19: =VLOOKUP(B3,'4.Register of Shortlisted Sites'!B5:U33,19,0) -> Corby Borough Council and Private owners
A20: HousingEstimate | B20: =VLOOKUP(B3,'4.Register of Shortlisted Sites'!B5:U33,20,0) -> 9
A21: MinHomes | B21: =VLOOKUP(B3,'4.Register of Shortlisted Sites'!B$5:X$33,21,0) -> 9
A22: Events | B22: =VLOOKUP(B3,'4.Register of Shortlisted Sites'!B$5:Y$33,23,0) -> Previously assessed through SHLAA as site 13
A23: Notes 1 | B23: =VLOOKUP(B3,'4.Register of Shortlisted Sites'!B$5:Z$33,24,0) -> Link to SHLAA Site Asssement Results: http://www.nnjpu.org.uk/publications/docdetail.asp?docid=1323
A24: Notes 2 | B24: =VLOOKUP(B3,'4.Register of Shortlisted Sites'!B$5:AA$33,25,0) -> See County Council map for additional details on features which may affect site: http://maps.northamptonshire.gov.uk/
A25: Notes 3 | B25: =VLOOKUP(B3,'4.Register of Shortlisted Sites'!B$5:AB$33,26,0) -> 0
A26: OrganisationURI | B26: =VLOOKUP(B3,'4.Register of Shortlisted Sites'!B$5:AC$33,27,0) -> http://opendatacommunities.org/id/district-council/corby
A27: OrganisationLabel | B27: =VLOOKUP(B3,'4.Register of Shortlisted Sites'!B$5:AD$33,28,0) -> Corby Borough Council
A28: FirstAddedDate | B28: =VLOOKUP(B3,'4.Register of Shortlisted Sites'!B$5:AE$33,29,0) -> 42551
A29: LastUpdatedDate | B29: =VLOOKUP(B3,'4.Register of Shortlisted Sites'!B$5:AF$33,30,0) -> 42551
A30: SHLAA Ref | B30: =VLOOKUP(B3,'4.Register of Shortlisted Sites'!B$5:AG$33,31,0) -> 13
A31: Disclaimer | B31: =VLOOKUP(B3,'4.Register of Shortlisted Sites'!B$5:AH$33,32,0) -> This site has been identifed through a process developed to identify sites for a Pilot Brownfield Register for the North Northamptonshire area. Unless already benefitting from an existing consent for housing-led development (locally defined as extant planning permissions or local plan allocation), identification of a site on this register does NOT constitute Permission in Principle at the current time.
A32: Local Authority Constaints Map | B32: =VLOOKUP(B3,'4.Register of Shortlisted Sites'!B$5:AH$33,33,0) -> n/a
A35: Date Produced | B35: =TODAY() -> 42793

Sheet 6.Shortlisted Site Assessments
A1: 1 | B1: 2 | C1: 3 | D1: 4 | E1: 5 | F1: 6 | G1: 7 | H1: 8 | I1: 9 | J1: 10 | K1: 11 | L1: 12 | M1: 13 | N1: 14 | O1: 15 | P1: 16 | Q1: 17 | R1: 18 | S1: 19 | T1: 20 | U1: 21 | V1: 22 | W1: 23 | X1: 24 | Y1: 25 | Z1: 26 | AA1: 27 | AB1: 28 | AC1: 29 | AD1: 30 | AE1: 31
A2: Note: The following list denotes the scores assigned to each shortlisted site (which does not benefit from an existing consent (permission or allocation) for housing development). The Assessment Criteria against which relevant sites have been assessed is available via Tab 3 of the Register for clarity.
A3: BFR ID | B3: Permissioned? | C3: Red? | D3: Site Name | E3: Street Name | F3: Town | G3: District | H3: Postcode | I3: EASTINGS | J3: NORTHINGS | K3: Site Area (ha) | L3: 1. Compliance with Policy 11 of the Joint Core Strategy | M3: 2. Impact on Recreational Open Space | N3: 3. Highway Access | O3: 4. Ground Condition Constraints | P3: 5. Physical Constraints | Q3: 6. Impact of Flood Risk Areas | R3: 7. Existing Structure of the Town | S3: 8. Character and Setting of the Settlement | T3: 9. Cultural Heritage | U3: 10. Archaeology | V3: 11. Impact on Biodiversity | W3: 12. Proximity to noise sources | X3: 13. Notifiable Installations | Y3: 14. Air Quality | Z3: 15. Residential amenity | AA3: 16. Availability | AB3: 17. Viability | AC3: 16 criteria done? | AD3: Site Status/Information | AE3: Disclaimer | AF3: Hide | AG3: FINAL 29
A4: BFR C1 | B4: =VLOOKUP(A4,'criteria 1 Policy 11'!A$2:P$44,16,FALSE) -> 0 | C4: N | D4: Car Park | E4: Pytchley Court | F4: Corby | G4: Corby Borough | H4: NN17 2PL | I4: 486899.83 | J4: 289698 | K4: 0.379256 | L4: =VLOOKUP(A4,'criteria 1 Policy 11'!A$2:K$44,11,FALSE) -> 1.1 Located within a Growth Town or within a Sustainable Urban Extension as identified in the Joint Core Strategy | M4: =VLOOKUP(A4,'Criteria 2 open space'!A$2:J$44,10,0) -> 2.1 Not within Local Plan zoned recreational open space (i.e. no impact) | N4: =VLOOKUP(A4,'NCC Highways Criteria 3'!A$2:K$44,11,FALSE) -> 3.1 There is an existing highway access to the site which would require minimal or no mitigation | O4: =VLOOKUP(A4,'Env Health Crit 4'!A$2:J$44,10,FALSE) -> 4.1 Unlikely | P4: =VLOOKUP(A4,'criteria 5'!A$2:K$44,11,FALSE) -> 5.2 The site has physical constraints that can be mitigated (e.g. TPOS, existing buildings) | Q4: =VLOOKUP(A4,'NCC Flood Crit 6'!A$3:J$45,10,FALSE) -> 6.2 Moderate flood risk and will require some mitigation | R4: =VLOOKUP(A4,'Design Criteria 7'!A$2:J$44,10,FALSE) -> 7.2 The development of the site for housing would have a neutral effect on the existing form and character of the town | S4: =VLOOKUP(A4,'Design Criteria 8'!A$2:J$44,10,FALSE) -> 8.2 Development of the site would not result in the loss of open space or land which is significant to the character, form or setting of the settlement (e.g. development of LGS land) | T4: =VLOOKUP(A4,'criteria 9'!A$2:L$44,12,FALSE) -> 9.2 Development would have no effect on any heritage assets | U4: =VLOOKUP(A4,'NCC Archaeology Crit 10'!A$2:J$44,10,FALSE) -> 10.1 Site has no archaeology or archaeological activity or the site has had archaeology excavated in advance of current buildings or previous quarrying practices | V4: =VLOOKUP(A4,'NBRC Crit 11'!A$2:J$44,10,0) -> 11.3 Site is in an area of moderate to high value/potential for biodiversity in relation to designated wildlife sites. Mitigation and/or management plans will probably need to form part of any development proposals | W4: =VLOOKUP(A4,'Env Health Crit 12'!A$2:J$44,10,FALSE) -> 12.1 > 1km away from any source of noise (trunk road, railway or other major source) | X4: =VLOOKUP(A4,'Env Health Crit 13'!A$2:N$44,14,FALSE) -> 13.1 Not within a specified consultation zone or proximity of a notifiable or permitted installation (Health and Safety Executive, Local Authority and Environment Agency). | Y4: =VLOOKUP(A4,'Env Health Crit 14'!A$2:J$44,10,FALSE) -> 14.1 Not within Air Quality Management Area | Z4: =VLOOKUP(A4,'criteria 15'!A$2:K$44,11,FALSE) -> 15.3 The site is within a mixed use area | AA4: =VLOOKUP(A4,'criteria 16'!A$2:K$44,11,FALSE) -> 16.1 The site is held by a developer or landowner willing to develop or the site already has planning permission | AB4: =VLOOKUP(A4,'criteria 17'!A$2:L$44,12,0) -> 17.1 Low | AC4: Y | AD4: None | AE4: The above assessment constitutes draft data compiled for as part of this Pilot Brownfield Register. For the avoidance of doubt Permission in Principle is NOT granted on this site at the current time. | AG4: Y
A5: BFR C16 | B5: =VLOOKUP(A5,'criteria 1 Policy 11'!A$2:P$44,16,FALSE) -> 0 | C5: N | D5: Garage Court | E5: Lindisfarne Road | F5: Corby | G5: Corby Borough | H5: NN17 2HW | I5: 487568.06 | J5: 290137.73 | K5: 0.283413 | L5: =VLOOKUP(A5,'criteria 1 Policy 11'!A$2:K$44,11,FALSE) -> 1.1 Located within a Growth Town or within a Sustainable Urban Extension as identified in the Joint Core Strategy | M5: =VLOOKUP(A5,'Criteria 2 open space'!A$2:J$44,10,0) -> 2.1 Not within Local Plan zoned recreational open space (i.e. no impact) | N5: =VLOOKUP(A5,'NCC Highways Criteria 3'!A$2:K$44,11,FALSE) -> 3.3 Highway access is constrained but could be achieved with mitigation | O5: =VLOOKUP(A5,'Env Health Crit 4'!A$2:J$44,10,FALSE) -> 4.1 Unlikely | P5: =VLOOKUP(A5,'criteria 5'!A$2:K$44,11,FALSE) -> 5.2 The site has physical constraints that can be mitigated (e.g. TPOS, existing buildings) | Q5: =VLOOKUP(A5,'NCC Flood Crit 6'!A$3:J$45,10,FALSE) -> 6.1 Minimal flood risk and no need for mitigation | R5: =VLOOKUP(A5,'Design Criteria 7'!A$2:J$44,10,FALSE) -> 7.2 The development of the site for housing would have a neutral effect on the existing form and character of the town | S5: =VLOOKUP(A5,'Design Criteria 8'!A$2:J$44,10,FALSE) -> 8.2 Development of the site would not result in the loss of open space or land which is significant to the character, form or setting of the settlement (e.g. development of LGS land) | T5: =VLOOKUP(A5,'criteria 9'!A$2:L$44,12,FALSE) -> 9.2 Development would have no effect on any heritage assets | U5: =VLOOKUP(A5,'NCC Archaeology Crit 10'!A$2:J$44,10,FALSE) -> 10.1 Site has no archaeology or archaeological activity or the site has had archaeology excavated in advance of current buildings or previous quarrying practices | V5: =VLOOKUP(A5,'NBRC Crit 11'!A$2:J$44,10,0) -> 11.2 Site is within an area of low-moderate potential for biodiversity based on location although certain features may be important and should be retained/enhanced where practicable | W5: =VLOOKUP(A5,'Env Health Crit 12'!A$2:J$44,10,FALSE) -> 12.2 > 100m but < 1km from any source of noise (trunk road, railway or other major source) | X5: =VLOOKUP(A5,'Env Health Crit 13'!A$2:N$44,14,FALSE) -> 13.1 Not within a specified consultation zone or proximity of a notifiable or permitted installation (Health and Safety Executive, Local Authority and Environment Agency). | Y5: =VLOOKUP(A5,'Env Health Crit 14'!A$2:J$44,10,FALSE) -> 14.1 Not within Air Quality Management Area | Z5: =VLOOKUP(A5,'criteria 15'!A$2:K$44,11,FALSE) -> 15.2 The site is within a predominantly residential area and therefore likely to have good residential amenity | AA5: =VLOOKUP(A5,'criteria 16'!A$2:K$44,11,FALSE) -> 16.1 The site is held by a developer or landowner willing to develop or the site already has planning permission | AB5: =VLOOKUP(A5,'criteria 17'!A$2:L$44,12,0) -> 17.1 Low | AC5: Y | AD5: None | AE5: The above assessment constitutes draft data compiled for as part of this Pilot Brownfield Register. For the avoidance of doubt Permission in Principle is NOT granted on this site at the current time. | AG5: Y
A6: BFR C20 | B6: =VLOOKUP(A6,'criteria 1 Policy 11'!A$2:P$44,16,FALSE) -> 0 | C6: N | D6: Site of the Former Maple House | E6: Canada Square | F6: Corby | G6: Corby Borough | H6: NN18 9HU | I6: 487035.92 | J6: 287221.71 | K6: 0.419532 | L6: =VLOOKUP(A6,'criteria 1 Policy 11'!A$2:K$44,11,FALSE) -> 1.1 Located within a Growth Town or within a Sustainable Urban Extension as identified in the Joint Core Strategy | M6: =VLOOKUP(A6,'Criteria 2 open space'!A$2:J$44,10,0) -> 2.1 Not within Local Plan zoned recreational open space (i.e. no impact) | N6: =VLOOKUP(A6,'NCC Highways Criteria 3'!A$2:K$44,11,FALSE) -> 3.3 Highway access is constrained but could be achieved with mitigation | O6: =VLOOKUP(A6,'Env Health Crit 4'!A$2:J$44,10,FALSE) -> 4.3 Yes, potential contamination may be present due to the industrial history and/or previous use of the site. Any monitoring and subsequent remediation to mitigate the risks of such contamination would need to be undertaken by and at the cost of the developer. | P6: =VLOOKUP(A6,'criteria 5'!A$2:K$44,11,FALSE) -> 5.2 The site has physical constraints that can be mitigated (e.g. TPOS, existing buildings) | Q6: =VLOOKUP(A6,'NCC Flood Crit 6'!A$3:J$45,10,FALSE) -> 6.1 Minimal flood risk and no need for mitigation | R6: =VLOOKUP(A6,'Design Criteria 7'!A$2:J$44,10,FALSE) -> 7.2 The development of the site for housing would have a neutral effect on the existing form and character of the town | S6: =VLOOKUP(A6,'Design Criteria 8'!A$2:J$44,10,FALSE) -> 8.2 Development of the site would not result in the loss of open space or land which is significant to the character, form or setting of the settlement (e.g. development of LGS land) | T6: =VLOOKUP(A6,'criteria 9'!A$2:L$44,12,FALSE) -> 9.2 Development would have no effect on any heritage assets | U6: =VLOOKUP(A6,'NCC Archaeology Crit 10'!A$2:J$44,10,FALSE) -> 10.2 No known archaeology or archaeological activity. Site may have some potential for activity but the area has never been archaeologically investigated | V6: =VLOOKUP(A6,'NBRC Crit 11'!A$2:J$44,10,0) -> 11.3 Site is in an area of moderate to high value/potential for biodiversity in relation to designated wildlife sites. Mitigation and/or management plans will probably need to form part of any development proposals | W6: =VLOOKUP(A6,'Env Health Crit 12'!A$2:J$44,10,FALSE) -> 12.1 > 1km away from any source of noise (trunk road, railway or other major source) | X6: =VLOOKUP(A6,'Env Health Crit 13'!A$2:N$44,14,FALSE) -> 13.1 Not within a specified consultation zone or proximity of a notifiable or permitted installation (Health and Safety Executive, Local Authority and Environment Agency). | Y6: =VLOOKUP(A6,'Env Health Crit 14'!A$2:J$44,10,FALSE) -> 14.1 Not within Air Quality Management Area | Z6: =VLOOKUP(A6,'criteria 15'!A$2:K$44,11,FALSE) -> 15.2 The site is within a predominantly residential area and therefore likely to have good residential amenity | AA6: =VLOOKUP(A6,'criteria 16'!A$2:K$44,11,FALSE) -> 16.1 The site is held by a developer or landowner willing to develop or the site already has planning permission | AB6: =VLOOKUP(A6,'criteria 17'!A$2:L$44,12,0) -> 17.1 Low | AC6: Y | AD6: None | AE6: The above assessment constitutes draft data compiled for as part of this Pilot Brownfield Register. For the avoidance of doubt Permission in Principle is NOT granted on this site at the current time. | AG6: Y
A7: BFR C23 | B7: =VLOOKUP(A7,'criteria 1 Policy 11'!A$2:P$44,16,FALSE) -> Y | C7: N/A | D7: Former Our Lady Pope John RC School | E7: Off Tower Hill Road | F7: Corby | G7: Corby Borough | H7: NN18 0TF | I7: 486184.14 | J7: 287701.29 | K7: 2.11051 | L7: n/a | M7: n/a | N7: n/a | O7: n/a | P7: n/a | Q7: n/a | R7: n/a | S7: n/a | T7: n/a | U7: n/a | V7: n/a | W7: n/a | X7: n/a | Y7: n/a | Z7: n/a | AA7: n/a | AB7: n/a | AC7: N/A - Consented | AD7: Site has outline planning permission for 95 dwellings (11/00215/OUT) | AE7: n/a | AG7: Y
A8: BFR C24 | B8: =VLOOKUP(A8,'criteria 1 Policy 11'!A$2:P$44,16,FALSE) -> 0 | C8: N | D8: Railway Station Interchange | E8: Station Road | F8: Corby | G8: Corby Borough | H8: NN17 1NA | I8: 489243.38 | J8: 288612.34 | K8: 0.805703 | L8: =VLOOKUP(A8,'criteria 1 Policy 11'!A$2:K$44,11,FALSE) -> 1.1 Located within a Growth Town or within a Sustainable Urban Extension as identified in the Joint Core Strategy | M8: =VLOOKUP(A8,'Criteria 2 open space'!A$2:J$44,10,0) -> 2.1 Not within Local Plan zoned recreational open space (i.e. no impact) | N8: =VLOOKUP(A8,'NCC Highways Criteria 3'!A$2:K$44,11,FALSE) -> 3.3 Highway access is constrained but could be achieved with mitigation | O8: =VLOOKUP(A8,'Env Health Crit 4'!A$2:J$44,10,FALSE) -> 4.3 Yes, potential contamination may be present due to the industrial history and/or previous use of the site. Any monitoring and subsequent remediation to mitigate the risks of such contamination would need to be undertaken by and at the cost of the developer. | P8: =VLOOKUP(A8,'criteria 5'!A$2:K$44,11,FALSE) -> 5.1 The site has no obvious physical constraints | Q8: =VLOOKUP(A8,'NCC Flood Crit 6'!A$3:J$45,10,FALSE) -> 6.1 Minimal flood risk and no need for mitigation | R8: =VLOOKUP(A8,'Design Criteria 7'!A$2:J$44,10,FALSE) -> 7.1 The development of the site for housing would have a significant positive effect on the existing form and character of the town | S8: =VLOOKUP(A8,'Design Criteria 8'!A$2:J$44,10,FALSE) -> 8.1 Development of the site would be positive by creating new open space/public realm | T8: =VLOOKUP(A8,'criteria 9'!A$2:L$44,12,FALSE) -> 9.2 Development would have no effect on any heritage assets | U8: =VLOOKUP(A8,'NCC Archaeology Crit 10'!A$2:J$44,10,FALSE) -> 10.1 Site has no archaeology or archaeological activity or the site has had archaeology excavated in advance of current buildings or previous quarrying practices | V8: =VLOOKUP(A8,'NBRC Crit 11'!A$2:J$44,10,0) -> 11.2 Site is within an area of low-moderate potential for biodiversity based on location although certain features may be important and should be retained/enhanced where practicable | W8: =VLOOKUP(A8,'Env Health Crit 12'!A$2:J$44,10,FALSE) -> 12.3 < 100m from any source of noise (trunk road, railway or other major source) | X8: =VLOOKUP(A8,'Env Health Crit 13'!A$2:N$44,14,FALSE) -> 13.2 Within the specified consultation zone of a notifiable installation – development however is unlikely to be precluded | Y8: =VLOOKUP(A8,'Env Health Crit 14'!A$2:J$44,10,FALSE) -> 14.1 Not within Air Quality Management Area | Z8: =VLOOKUP(A8,'criteria 15'!A$2:K$44,11,FALSE) -> 15.3 The site is within a mixed use area | AA8: =VLOOKUP(A8,'criteria 16'!A$2:K$44,11,FALSE) -> 16.1 The site is held by a developer or landowner willing to develop or the site already has planning permission | AB8: =VLOOKUP(A8,'criteria 17'!A$2:L$44,12,0) -> 17.1 Low | AC8: Y | AD8: None | AE8: The above assessment constitutes draft data compiled for as part of this Pilot Brownfield Register. For the avoidance of doubt Permission in Principle is NOT granted on this site at the current time. | AG8: Y
A9: BFR C25 | B9: =VLOOKUP(A9,'criteria 1 Policy 11'!A$2:P$44,16,FALSE) -> Y | C9: N/A | D9: Former Beanfield School | E9: Off Glastonbury Road | F9: Corby | G9: Corby Borough | H9: NN18 0DJ | I9: 486311.62 | J9: 288536.61 | K9: 3.99481 | L9: n/a | M9: n/a | N9: n/a | O9: n/a | P9: n/a | Q9: n/a | R9: n/a | S9: n/a | T9: n/a | U9: n/a | V9: n/a | W9: n/a | X9: n/a | Y9: n/a | Z9: n/a | AA9: n/a | AB9: n/a | AC9: N/A - Consented | AD9: Site has outline planning permission for 96 dwellings (13/00242/OUT) | AE9: n/a | AG9: Y
A10: BFR C26 | B10: =VLOOKUP(A10,'criteria 1 Policy 11'!A$2:P$44,16,FALSE) -> 0 | C10: Y | D10: Parkland Gateway | E10: Off George Street | F10: Corby | G10: Corby Borough | H10: NN17 1QG | I10: 488000.75 | J10: 288724.53 | K10: 0.701286 | L10: =VLOOKUP(A10,'criteria 1 Policy 11'!A$2:K$44,11,FALSE) -> 1.1 Located within a Growth Town or within a Sustainable Urban Extension as identified in the Joint Core Strategy | M10: =VLOOKUP(A10,'Criteria 2 open space'!A$2:J$44,10,0) -> 2.1 Not within Local Plan zoned recreational open space (i.e. no impact) | N10: =VLOOKUP(A10,'NCC Highways Criteria 3'!A$2:K$44,11,FALSE) -> 3.2 Highway access could be achieved with minimal mitigation | O10: =VLOOKUP(A10,'Env Health Crit 4'!A$2:J$44,10,FALSE) -> 4.3 Yes, potential contamination may be present due to the industrial history and/or previous use of the site. Any monitoring and subsequent remediation to mitigate the risks of such contamination would need to be undertaken by and at the cost of the developer. | P10: =VLOOKUP(A10,'criteria 5'!A$2:K$44,11,FALSE) -> 5.2 The site has physical constraints that can be mitigated (e.g. TPOS, existing buildings) | Q10: =VLOOKUP(A10,'NCC Flood Crit 6'!A$3:J$45,10,FALSE) -> 6.1 Minimal flood risk and no need for mitigation | R10: =VLOOKUP(A10,'Design Criteria 7'!A$2:J$44,10,FALSE) -> 7.1 The development of the site for housing would have a significant positive effect on the existing form and character of the town | S10: =VLOOKUP(A10,'Design Criteria 8'!A$2:J$44,10,FALSE) -> 8.1 Development of the site would be positive by creating new open space/public realm | T10: =VLOOKUP(A10,'criteria 9'!A$2:L$44,12,FALSE) -> 9.2 Development would have no effect on any heritage assets | U10: =VLOOKUP(A10,'NCC Archaeology Crit 10'!A$2:J$44,10,FALSE) -> 10.1 Site has no archaeology or archaeological activity or the site has had archaeology excavated in advance of current buildings or previous quarrying practices | V10: =VLOOKUP(A10,'NBRC Crit 11'!A$2:J$44,10,0) -> 11.3 Site is in an area of moderate to high value/potential for biodiversity in relation to designated wildlife sites. Mitigation and/or management plans will probably need to form part of any development proposals | W10: =VLOOKUP(A10,'Env Health Crit 12'!A$2:J$44,10,FALSE) -> 12.1 > 1km away from any source of noise (trunk road, railway or other major source) | X10: =VLOOKUP(A10,'Env Health Crit 13'!A$2:N$44,14,FALSE) -> 13.1 Not within a specified consultation zone or proximity of a notifiable or permitted installation (Health and Safety Executive, Local Authority and Environment Agency). | Y10: =VLOOKUP(A10,'Env Health Crit 14'!A$2:J$44,10,FALSE) -> 14.1 Not within Air Quality Management Area | Z10: =VLOOKUP(A10,'criteria 15'!A$2:K$44,11,FALSE) -> 15.3 The site is within a mixed use area | AA10: =VLOOKUP(A10,'criteria 16'!A$2:K$44,11,FALSE) -> 16.1 The site is held by a developer or landowner willing to develop or the site already has planning permission | AB10: =VLOOKUP(A10,'criteria 17'!A$2:L$44,12,0) -> 17.1 Low | AC10: Y | AD10: None | AE10: The above assessment constitutes draft data compiled for as part of this Pilot Brownfield Register. For the avoidance of doubt Permission in Principle is NOT granted on this site at the current time. | AG10: Y
A11: BFR C27 | B11: =VLOOKUP(A11,'criteria 1 Policy 11'!A$2:P$44,16,FALSE) -> Y | C11: N/A | D11: Kingswood School | E11: Off Gainsborough Road | F11: Corby | G11: Corby Borough | H11: NN18 9NQ | I11: 486108.26 | J11: 287407.74 | K11: 1.66549 | L11: n/a | M11: n/a | N11: n/a | O11: n/a | P11: n/a | Q11: n/a | R11: n/a | S11: n/a | T11: n/a | U11: n/a | V11: n/a | W11: n/a | X11: n/a | Y11: n/a | Z11: n/a | AA11: n/a | AB11: n/a | AC11: N/A - Consented | AD11: Site has outline planning permission for 90 dwellings (need reference) | AE11: n/a | AG11: Y
A12: BFR K2 | B12: =VLOOKUP(A12,'criteria 1 Policy 11'!A$2:P$44,16,FALSE) -> 0 | C12: N | D12: Scott Road Garages | E12: Scott Road | F12: Kettering | G12: Kettering Borough | H12: NN16 9JY | I12: 487396.51 | J12: 280288.78 | K12: 0.427951 | L12: =VLOOKUP(A12,'criteria 1 Policy 11'!A$2:K$44,11,FALSE) -> 1.1 Located within a Growth Town or within a Sustainable Urban Extension as identified in the Joint Core Strategy | M12: =VLOOKUP(A12,'Criteria 2 open space'!A$2:J$44,10,0) -> 2.1 Not within Local Plan zoned recreational open space (i.e. no impact) | N12: =VLOOKUP(A12,'NCC Highways Criteria 3'!A$2:K$44,11,FALSE) -> 3.1 There is an existing highway access to the site which would require minimal or no mitigation | O12: =VLOOKUP(A12,'Env Health Crit 4'!A$2:J$44,10,FALSE) -> 4.3 Yes, potential contamination may be present due to the industrial history and/or previous use of the site. Any monitoring and subsequent remediation to mitigate the risks of such contamination would need to be undertaken by and at the cost of the developer. | P12: =VLOOKUP(A12,'criteria 5'!A$2:K$44,11,FALSE) -> 5.1 The site has no obvious physical constraints | Q12: =VLOOKUP(A12,'NCC Flood Crit 6'!A$3:J$45,10,FALSE) -> 6.2 Moderate flood risk and will require some mitigation | R12: =VLOOKUP(A12,'Design Criteria 7'!A$2:J$44,10,FALSE) -> 7.2 The development of the site for housing would have a neutral effect on the existing form and character of the town | S12: =VLOOKUP(A12,'Design Criteria 8'!A$2:J$44,10,FALSE) -> 8.2 Development of the site would not result in the loss of open space or land which is significant to the character, form or setting of the settlement (e.g. development of LGS land) | T12: =VLOOKUP(A12,'criteria 9'!A$2:L$44,12,FALSE) -> 9.2 Development would have no effect on any heritage assets | U12: =VLOOKUP(A12,'NCC Archaeology Crit 10'!A$2:J$44,10,FALSE) -> 10.3 Site has real potential for archaeology due to any visual features found on the land (E.g. cropmarks, significant artefact finds etc.) | V12: =VLOOKUP(A12,'NBRC Crit 11'!A$2:J$44,10,0) -> 11.2 Site is within an area of low-moderate potential for biodiversity based on location although certain features may be important and should be retained/enhanced where practicable | W12: =VLOOKUP(A12,'Env Health Crit 12'!A$2:J$44,10,FALSE) -> 12.2 > 100m but < 1km from any source of noise (trunk road, railway or other major source) | X12: =VLOOKUP(A12,'Env Health Crit 13'!A$2:N$44,14,FALSE) -> 13.1 Not within a specified consultation zone or proximity of a notifiable or permitted installation (Health and Safety Executive, Local Authority and Environment Agency). | Y12: =VLOOKUP(A12,'Env Health Crit 14'!A$2:J$44,10,FALSE) -> 14.1 Not within Air Quality Management Area | Z12: =VLOOKUP(A12,'criteria 15'!A$2:K$44,11,FALSE) -> 15.2 The site is within a predominantly residential area and therefore likely to have good residential amenity | AA12: =VLOOKUP(A12,'criteria 16'!A$2:K$44,11,FALSE) -> 16.1 The site is held by a developer or landowner willing to develop or the site already has planning permission | AB12: =VLOOKUP(A12,'criteria 17'!A$2:L$44,12,0) -> 17.1 Low | AC12: Y | AD12: None | AE12: The above assessment constitutes draft data compiled for as part of this Pilot Brownfield Register. For the avoidance of doubt Permission in Principle is NOT granted on this site at the current time. | AG12: Y
A13: BFR K3 | B13: =VLOOKUP(A13,'criteria 1 Policy 11'!A$2:P$44,16,FALSE) -> 0 | C13: N | D13: Kettering Football Club | E13: Rockingham Road | F13: Kettering | G13: Kettering Borough | H13: NN16 9EU | I13: 486593.37 | J13: 279982.45 | K13: 1.62302 | L13: =VLOOKUP(A13,'criteria 1 Policy 11'!A$2:K$44,11,FALSE) -> 1.1 Located within a Growth Town or within a Sustainable Urban Extension as identified in the Joint Core Strategy | M13: =VLOOKUP(A13,'Criteria 2 open space'!A$2:J$44,10,0) -> 2.1 Not within Local Plan zoned recreational open space (i.e. no impact) | N13: =VLOOKUP(A13,'NCC Highways Criteria 3'!A$2:K$44,11,FALSE) -> 3.3 Highway access is constrained but could be achieved with mitigation | O13: =VLOOKUP(A13,'Env Health Crit 4'!A$2:J$44,10,FALSE) -> 4.3 Yes, potential contamination may be present due to the industrial history and/or previous use of the site. Any monitoring and subsequent remediation to mitigate the risks of such contamination would need to be undertaken by and at the cost of the developer. | P13: =VLOOKUP(A13,'criteria 5'!A$2:K$44,11,FALSE) -> 5.2 The site has physical constraints that can be mitigated (e.g. TPOS, existing buildings) | Q13: =VLOOKUP(A13,'NCC Flood Crit 6'!A$3:J$45,10,FALSE) -> 6.2 Moderate flood risk and will require some mitigation | R13: =VLOOKUP(A13,'Design Criteria 7'!A$2:J$44,10,FALSE) -> 7.2 The development of the site for housing would have a neutral effect on the existing form and character of the town | S13: =VLOOKUP(A13,'Design Criteria 8'!A$2:J$44,10,FALSE) -> 8.2 Development of the site would not result in the loss of open space or land which is significant to the character, form or setting of the settlement (e.g. development of LGS land) | T13: =VLOOKUP(A13,'criteria 9'!A$2:L$44,12,FALSE) -> 9.2 Development would have no effect on any heritage assets | U13: =VLOOKUP(A13,'NCC Archaeology Crit 10'!A$2:J$44,10,FALSE) -> 10.2 No known archaeology or archaeological activity. Site may have some potential for activity but the area has never been archaeologically investigated | V13: =VLOOKUP(A13,'NBRC Crit 11'!A$2:J$44,10,0) -> 11.2 Site is within an area of low-moderate potential for biodiversity based on location although certain features may be important and should be retained/enhanced where practicable | W13: =VLOOKUP(A13,'Env Health Crit 12'!A$2:J$44,10,FALSE) -> 12.2 > 100m but < 1km from any source of noise (trunk road, railway or other major source) | X13: =VLOOKUP(A13,'Env Health Crit 13'!A$2:N$44,14,FALSE) -> 13.1 Not within a specified consultation zone or proximity of a notifiable or permitted installation (Health and Safety Executive, Local Authority and Environment Agency). | Y13: =VLOOKUP(A13,'Env Health Crit 14'!A$2:J$44,10,FALSE) -> 14.1 Not within Air Quality Management Area | Z13: =VLOOKUP(A13,'criteria 15'!A$2:K$44,11,FALSE) -> 15.3 The site is within a mixed use area | AA13: =VLOOKUP(A13,'criteria 16'!A$2:K$44,11,FALSE) -> 16.1 The site is held by a developer or landowner willing to develop or the site already has planning permission | AB13: =VLOOKUP(A13,'criteria 17'!A$2:L$44,12,0) -> 17.1 Low | AC13: Y | AD13: None | AE13: The above assessment constitutes draft data compiled for as part of this Pilot Brownfield Register. For the avoidance of doubt Permission in Principle is NOT granted on this site at the current time. | AG13: Y
A14: BFR K8 | B14: =VLOOKUP(A14,'criteria 1 Policy 11'!A$2:P$44,16,FALSE) -> Y | C14: N/A | D14: Land at Rothwell Town Football Club | E14: Cecil Street | F14: Rothwell | G14: Kettering Borough | H14: NN14 6EZ | I14: 481629.76 | J14: 281514.83 | K14: 1.60445 | L14: n/a | M14: n/a | N14: n/a | O14: n/a | P14: n/a | Q14: n/a | R14: n/a | S14: n/a | T14: n/a | U14: n/a | V14: n/a | W14: n/a | X14: n/a | Y14: n/a | Z14: n/a | AA14: n/a | AB14: n/a | AC14: N/A - Consented | AD14: KET/2014/0233 - 80 dwellings approved 27.11.15 | AE14: n/a | AG14: Y
A15: BFR K15 | B15: =VLOOKUP(A15,'criteria 1 Policy 11'!A$2:P$44,16,FALSE) -> 0 | C15: Y | D15: Former Desborough Leisure Centre | E15: Off Broadlands | F15: Desborough | G15: Kettering Borough | H15: NN14 2YH | I15: 481326.27 | J15: 282839.22 | K15: 0.5918 | L15: =VLOOKUP(A15,'criteria 1 Policy 11'!A$2:K$44,11,FALSE) -> 1.2 Located within a Market Town | M15: =VLOOKUP(A15,'Criteria 2 open space'!A$2:J$44,10,0) -> 2.1 Not within Local Plan zoned recreational open space (i.e. no impact) | N15: =VLOOKUP(A15,'NCC Highways Criteria 3'!A$2:K$44,11,FALSE) -> 3.3 Highway access is constrained but could be achieved with mitigation | O15: =VLOOKUP(A15,'Env Health Crit 4'!A$2:J$44,10,FALSE) -> 4.3 Yes, potential contamination may be present due to the industrial history and/or previous use of the site. Any monitoring and subsequent remediation to mitigate the risks of such contamination would need to be undertaken by and at the cost of the developer. | P15: =VLOOKUP(A15,'criteria 5'!A$2:K$44,11,FALSE) -> 5.1 The site has no obvious physical constraints | Q15: =VLOOKUP(A15,'NCC Flood Crit 6'!A$3:J$45,10,FALSE) -> 6.2 Moderate flood risk and will require some mitigation | R15: =VLOOKUP(A15,'Design Criteria 7'!A$2:J$44,10,FALSE) -> 7.2 The development of the site for housing would have a neutral effect on the existing form and character of the town | S15: =VLOOKUP(A15,'Design Criteria 8'!A$2:J$44,10,FALSE) -> 8.2 Development of the site would not result in the loss of open space or land which is significant to the character, form or setting of the settlement (e.g. development of LGS land) | T15: =VLOOKUP(A15,'criteria 9'!A$2:L$44,12,FALSE) -> 9.2 Development would have no effect on any heritage assets | U15: =VLOOKUP(A15,'NCC Archaeology Crit 10'!A$2:J$44,10,FALSE) -> 10.1 Site has no archaeology or archaeological activity or the site has had archaeology excavated in advance of current buildings or previous quarrying practices | V15: =VLOOKUP(A15,'NBRC Crit 11'!A$2:J$44,10,0) -> 11.3 Site is in an area of moderate to high value/potential for biodiversity in relation to designated wildlife sites. Mitigation and/or management plans will probably need to form part of any development proposals | W15: =VLOOKUP(A15,'Env Health Crit 12'!A$2:J$44,10,FALSE) -> 12.1 > 1km away from any source of noise (trunk road, railway or other major source) | X15: =VLOOKUP(A15,'Env Health Crit 13'!A$2:N$44,14,FALSE) -> 13.1 Not within a specified consultation zone or proximity of a notifiable or permitted installation (Health and Safety Executive, Local Authority and Environment Agency). | Y15: =VLOOKUP(A15,'Env Health Crit 14'!A$2:J$44,10,FALSE) -> 14.1 Not within Air Quality Management Area | Z15: =VLOOKUP(A15,'criteria 15'!A$2:K$44,11,FALSE) -> 15.2 The site is within a predominantly residential area and therefore likely to have good residential amenity | AA15: =VLOOKUP(A15,'criteria 16'!A$2:K$44,11,FALSE) -> 16.1 The site is held by a developer or landowner willing to develop or the site already has planning permission | AB15: =VLOOKUP(A15,'criteria 17'!A$2:L$44,12,0) -> 17.1 Low | AC15: Y | AD15: None | AE15: The above assessment constitutes draft data compiled for as part of this Pilot Brownfield Register. For the avoidance of doubt Permission in Principle is NOT granted on this site at the current time. | AG15: Y
A16: BFR K17 | B16: =VLOOKUP(A16,'criteria 1 Policy 11'!A$2:P$44,16,FALSE) -> Y | C16: N/A | D16: Land at Bosworth's Nursery and Garden Centre | E16: Finedon Road | F16: Burton Latimer | G16: Kettering Borough | H16: NN15 5QA | I16: 489519.82 | J16: 273939.83 | K16: 1.19389 | L16: n/a | M16: n/a | N16: n/a | O16: n/a | P16: n/a | Q16: n/a | R16: n/a | S16: n/a | T16: n/a | U16: n/a | V16: n/a | W16: n/a | X16: n/a | Y16: n/a | Z16: n/a | AA16: n/a | AB16: n/a | AC16: N/A - Consented | AD16: KET/2013/0750 - 69 dwellings - approved 27.06.14 | AE16: n/a | AG16: Y
A17: BFR K24 | B17: =VLOOKUP(A17,'criteria 1 Policy 11'!A$2:P$44,16,FALSE) -> 0 | C17: N | D17: Rothwell Town FC | E17: Cambridge Street | F17: Rothwell | G17: Kettering Borough | H17: NN14 6HA | I17: 481657.55 | J17: 281572.79 | K17: 0.3934 | L17: =VLOOKUP(A17,'criteria 1 Policy 11'!A$2:K$44,11,FALSE) -> 1.2 Located within a Market Town | M17: =VLOOKUP(A17,'Criteria 2 open space'!A$2:J$44,10,0) -> 2.1 Not within Local Plan zoned recreational open space (i.e. no impact) | N17: =VLOOKUP(A17,'NCC Highways Criteria 3'!A$2:K$44,11,FALSE) -> 3.1 There is an existing highway access to the site which would require minimal or no mitigation | O17: =VLOOKUP(A17,'Env Health Crit 4'!A$2:J$44,10,FALSE) -> 4.1 Unlikely | P17: =VLOOKUP(A17,'criteria 5'!A$2:K$44,11,FALSE) -> 5.1 The site has no obvious physical constraints | Q17: =VLOOKUP(A17,'NCC Flood Crit 6'!A$3:J$45,10,FALSE) -> 6.1 Minimal flood risk and no need for mitigation | R17: =VLOOKUP(A17,'Design Criteria 7'!A$2:J$44,10,FALSE) -> 7.2 The development of the site for housing would have a neutral effect on the existing form and character of the town | S17: =VLOOKUP(A17,'Design Criteria 8'!A$2:J$44,10,FALSE) -> 8.2 Development of the site would not result in the loss of open space or land which is significant to the character, form or setting of the settlement (e.g. development of LGS land) | T17: =VLOOKUP(A17,'criteria 9'!A$2:L$44,12,FALSE) -> 9.2 Development would have no effect on any heritage assets | U17: =VLOOKUP(A17,'NCC Archaeology Crit 10'!A$2:J$44,10,FALSE) -> 10.1 Site has no archaeology or archaeological activity or the site has had archaeology excavated in advance of current buildings or previous quarrying practices | V17: =VLOOKUP(A17,'NBRC Crit 11'!A$2:J$44,10,0) -> 11.1 The site location contains no nearby designated or potential wildlife site | W17: =VLOOKUP(A17,'Env Health Crit 12'!A$2:J$44,10,FALSE) -> 12.2 > 100m but < 1km from any source of noise (trunk road, railway or other major source) | X17: =VLOOKUP(A17,'Env Health Crit 13'!A$2:N$44,14,FALSE) -> 13.1 Not within a specified consultation zone or proximity of a notifiable or permitted installation (Health and Safety Executive, Local Authority and Environment Agency). | Y17: =VLOOKUP(A17,'Env Health Crit 14'!A$2:J$44,10,FALSE) -> 14.1 Not within Air Quality Management Area | Z17: =VLOOKUP(A17,'criteria 15'!A$2:K$44,11,FALSE) -> 15.2 The site is within a predominantly residential area and therefore likely to have good residential amenity | AA17: =VLOOKUP(A17,'criteria 16'!A$2:K$44,11,FALSE) -> 16.1 The site is held by a developer or landowner willing to develop or the site already has planning permission | AB17: =VLOOKUP(A17,'criteria 17'!A$2:L$44,12,0) -> 17.1 Low | AC17: N | AD17: None | AE17: The above assessment constitutes draft data compiled for as part of this Pilot Brownfield Register. For the avoidance of doubt Permission in Principle is NOT granted on this site at the current time. | AG17: Y
A18: BFR K25 | B18: =VLOOKUP(A18,'criteria 1 Policy 11'!A$2:P$44,16,FALSE) -> Y | C18: N/A | D18: NRQ11: ATS & Topps Tiles site | E18: Northfield Avenue | F18: Kettering | G18: Kettering Borough | H18: NN16 8TF | I18: 486346.69 | J18: 278328.44 | K18: 0.359752 | L18: n/a | M18: n/a | N18: n/a | O18: n/a | P18: n/a | Q18: n/a | R18: n/a | S18: n/a | T18: n/a | U18: n/a | V18: n/a | W18: n/a | X18: n/a | Y18: n/a | Z18: n/a | AA18: n/a | AB18: n/a | AC18: N/A - Consented | AD18: Allocated as site NRQ11 (ATS and Topps Tiles site) in Kettering Town Centre Area Action Plan (adopted July 2011) for 18 dwellings | AE18: n/a | AF18: Y | AG18: N
A19: BFR K29 | B19: =VLOOKUP(A19,'criteria 1 Policy 11'!A$2:P$44,16,FALSE) -> Y | C19: N/A | D19: Land North and East of | E19: Trafalgar Road | F19: Kettering | G19: Kettering Borough | H19: NN16 8DD | I19: 486299.13 | J19: 278720.7 | K19: 1.33679 | L19: n/a | M19: n/a | N19: n/a | O19: n/a | P19: n/a | Q19: n/a | R19: n/a | S19: n/a | T19: n/a | U19: n/a | V19: n/a | W19: n/a | X19: n/a | Y19: n/a | Z19: n/a | AA19: n/a | AB19: n/a | AC19: N/A - Consented | AD19: Allocated as site NRQ4 (Land North and East of Trafalgar Road) in Kettering Town Centre Area Action Plan (adopted July 2011) for 120 dwellings. | AE19: n/a | AF19: Y | AG19: N
A20: BFR K30 | B20: =VLOOKUP(A20,'criteria 1 Policy 11'!A$2:P$44,16,FALSE) -> 0 | C20: N | D20: Rockingham Dene | E20: Rockingham Road | F20: Kettering | G20: Kettering Borough | H20: NN16 9JW | I20: 486328.68 | J20: 280418.86 | K20: 0.44078 | L20: =VLOOKUP(A20,'criteria 1 Policy 11'!A$2:K$44,11,FALSE) -> 1.1 Located within a Growth Town or within a Sustainable Urban Extension as identified in the Joint Core Strategy | M20: =VLOOKUP(A20,'Criteria 2 open space'!A$2:J$44,10,0) -> 2.1 Not within Local Plan zoned recreational open space (i.e. no impact) | N20: =VLOOKUP(A20,'NCC Highways Criteria 3'!A$2:K$44,11,FALSE) -> 3.3 Highway access is constrained but could be achieved with mitigation | O20: =VLOOKUP(A20,'Env Health Crit 4'!A$2:J$44,10,FALSE) -> 4.3 Yes, potential contamination may be present due to the industrial history and/or previous use of the site. Any monitoring and subsequent remediation to mitigate the risks of such contamination would need to be undertaken by and at the cost of the developer. | P20: =VLOOKUP(A20,'criteria 5'!A$2:K$44,11,FALSE) -> 5.2 The site has physical constraints that can be mitigated (e.g. TPOS, existing buildings) | Q20: =VLOOKUP(A20,'NCC Flood Crit 6'!A$3:J$45,10,FALSE) -> 6.2 Moderate flood risk and will require some mitigation | R20: =VLOOKUP(A20,'Design Criteria 7'!A$2:J$44,10,FALSE) -> 7.3 The development of the site for housing would have a significant negative effect on the form and character of the town but mitigation should be possible | S20: =VLOOKUP(A20,'Design Criteria 8'!A$2:J$44,10,FALSE) -> 8.2 Development of the site would not result in the loss of open space or land which is significant to the character, form or setting of the settlement (e.g. development of LGS land) | T20: =VLOOKUP(A20,'criteria 9'!A$2:L$44,12,FALSE) -> 9.2 Development would have no effect on any heritage assets | U20: =VLOOKUP(A20,'NCC Archaeology Crit 10'!A$2:J$44,10,FALSE) -> 10.1 Site has no archaeology or archaeological activity or the site has had archaeology excavated in advance of current buildings or previous quarrying practices | V20: =VLOOKUP(A20,'NBRC Crit 11'!A$2:J$44,10,0) -> 11.2 Site is within an area of low-moderate potential for biodiversity based on location although certain features may be important and should be retained/enhanced where practicable | W20: =VLOOKUP(A20,'Env Health Crit 12'!A$2:J$44,10,FALSE) -> 12.2 > 100m but < 1km from any source of noise (trunk road, railway or other major source) | X20: =VLOOKUP(A20,'Env Health Crit 13'!A$2:N$44,14,FALSE) -> 13.1 Not within a specified consultation zone or proximity of a notifiable or permitted installation (Health and Safety Executive, Local Authority and Environment Agency). | Y20: =VLOOKUP(A20,'Env Health Crit 14'!A$2:J$44,10,FALSE) -> 14.1 Not within Air Quality Management Area | Z20: =VLOOKUP(A20,'criteria 15'!A$2:K$44,11,FALSE) -> 15.2 The site is within a predominantly residential area and therefore likely to have good residential amenity | AA20: =VLOOKUP(A20,'criteria 16'!A$2:K$44,11,FALSE) -> 16.1 The site is held by a developer or landowner willing to develop or the site already has planning permission | AB20: =VLOOKUP(A20,'criteria 17'!A$2:L$44,12,0) -> 17.1 Low | AC20: Y | AD20: None | AE20: The above assessment constitutes draft data compiled for as part of this Pilot Brownfield Register. For the avoidance of doubt Permission in Principle is NOT granted on this site at the current time. | AG20: Y
A21: BFR K34 | B21: =VLOOKUP(A21,'criteria 1 Policy 11'!A$2:P$44,16,FALSE) -> Y | C21: N/A | D21: NRQ 12: Bus Depot Site | E21: Northampton Road | F21: Kettering | G21: Kettering Borough | H21: NN16 0AW | I21: 486520.71 | J21: 278325.54 | K21: 0.523827 | L21: n/a | M21: n/a | N21: n/a | O21: n/a | P21: n/a | Q21: n/a | R21: n/a | S21: n/a | T21: n/a | U21: n/a | V21: n/a | W21: n/a | X21: n/a | Y21: n/a | Z21: n/a | AA21: n/a | AB21: n/a | AC21: N/A - Consented | AD21: Allocated as site NRQ12 (Bus Depot Site, Northampton Road) in Kettering Town Centre Area Action Plan (adopted July 2011) for 47 dwellings. | AE21: n/a | AF21: Y | AG21: N
A22: BFR E3 | B22: =VLOOKUP(A22,'criteria 1 Policy 11'!A$2:P$44,16,FALSE) -> 0 | C22: N | D22: Land at | E22: Grove road | F22: Thrapston | G22: East Northamptonshire District | H22: NN14 4JX | I22: 499603.02 | J22: 278432.45 | K22: 0.251448 | L22: =VLOOKUP(A22,'criteria 1 Policy 11'!A$2:K$44,11,FALSE) -> 1.2 Located within a Market Town | M22: =VLOOKUP(A22,'Criteria 2 open space'!A$2:J$44,10,0) -> 2.1 Not within Local Plan zoned recreational open space (i.e. no impact) | N22: =VLOOKUP(A22,'NCC Highways Criteria 3'!A$2:K$44,11,FALSE) -> 3.1 There is an existing highway access to the site which would require minimal or no mitigation | O22: =VLOOKUP(A22,'Env Health Crit 4'!A$2:J$44,10,FALSE) -> 4.3 Yes, potential contamination may be present due to the industrial history and/or previous use of the site. Any monitoring and subsequent remediation to mitigate the risks of such contamination would need to be undertaken by and at the cost of the developer. | P22: =VLOOKUP(A22,'criteria 5'!A$2:K$44,11,FALSE) -> 5.2 The site has physical constraints that can be mitigated (e.g. TPOS, existing buildings) | Q22: =VLOOKUP(A22,'NCC Flood Crit 6'!A$3:J$45,10,FALSE) -> 6.2 Moderate flood risk and will require some mitigation | R22: =VLOOKUP(A22,'Design Criteria 7'!A$2:J$44,10,FALSE) -> 7.1 The development of the site for housing would have a significant positive effect on the existing form and character of the town | S22: =VLOOKUP(A22,'Design Criteria 8'!A$2:J$44,10,FALSE) -> 8.2 Development of the site would not result in the loss of open space or land which is significant to the character, form or setting of the settlement (e.g. development of LGS land) | T22: =VLOOKUP(A22,'criteria 9'!A$2:L$44,12,FALSE) -> 9.2 Development would have no effect on any heritage assets | U22: =VLOOKUP(A22,'NCC Archaeology Crit 10'!A$2:J$44,10,FALSE) -> 10.1 Site has no archaeology or archaeological activity or the site has had archaeology excavated in advance of current buildings or previous quarrying practices | V22: =VLOOKUP(A22,'NBRC Crit 11'!A$2:J$44,10,0) -> 11.3 Site is in an area of moderate to high value/potential for biodiversity in relation to designated wildlife sites. Mitigation and/or management plans will probably need to form part of any development proposals | W22: =VLOOKUP(A22,'Env Health Crit 12'!A$2:J$44,10,FALSE) -> 12.2 > 100m but < 1km from any source of noise (trunk road, railway or other major source) | X22: =VLOOKUP(A22,'Env Health Crit 13'!A$2:N$44,14,FALSE) -> 13.2 Within the specified consultation zone of a notifiable installation – development however is unlikely to be precluded | Y22: =VLOOKUP(A22,'Env Health Crit 14'!A$2:J$44,10,FALSE) -> 14.1 Not within Air Quality Management Area | Z22: =VLOOKUP(A22,'criteria 15'!A$2:K$44,11,FALSE) -> 15.2 The site is within a predominantly residential area and therefore likely to have good residential amenity | AA22: =VLOOKUP(A22,'criteria 16'!A$2:K$44,11,FALSE) -> 16.1 The site is held by a developer or landowner willing to develop or the site already has planning permission | AB22: =VLOOKUP(A22,'criteria 17'!A$2:L$44,12,0) -> 17.1 Low | AC22: Y | AD22: None | AE22: The above assessment constitutes draft data compiled for as part of this Pilot Brownfield Register. For the avoidance of doubt Permission in Principle is NOT granted on this site at the current time. | AG22: N
A23: BFR E26 | B23: =VLOOKUP(A23,'criteria 1 Policy 11'!A$2:P$44,16,FALSE) -> Y | C23: N/A | D23: 7/Factory/Land at corner of | E23: Station Road and Church Street | F23: Irthlingborough | G23: East Northamptonshire District | H23: NN9 5SN | I23: 494797.52 | J23: 270705.51 | K23: 0.520886 | L23: n/a | M23: n/a | N23: n/a | O23: n/a | P23: n/a | Q23: n/a | R23: n/a | S23: n/a | T23: n/a | U23: n/a | V23: n/a | W23: n/a | X23: n/a | Y23: n/a | Z23: n/a | AA23: n/a | AB23: n/a | AC23: N/A - Consented | AD23: Site has consent for Erection of 2No. retail units (1No. class A1 retail unit of 930 square metres and 1No. mixed use class A1/A3 unit of 130.55 square metres) and 20No. two storey dwellings with associated access, parking and landscaping (15/00990/FUL). | AE23: n/a | AG23: Y
A24: BFR E48 | B24: =VLOOKUP(A24,'criteria 1 Policy 11'!A$2:P$44,16,FALSE) -> Y | C24: N/A | D24: Whitworths | E24: Wellingborough Road | F24: Irthlingborough | G24: East Northamptonshire District | H24: NN9 5DB | I24: 493862.44 | J24: 270306.44 | K24: 8.84051 | L24: n/a | M24: n/a | N24: n/a | O24: n/a | P24: n/a | Q24: n/a | R24: n/a | S24: n/a | T24: n/a | U24: n/a | V24: n/a | W24: n/a | X24: n/a | Y24: n/a | Z24: n/a | AA24: n/a | AB24: n/a | AC24: N/A - Consented | AD24: EN/15/01761/QRY AND en/07/01881/FUL approved on the site for 258 dwellings along with roads, sewers and ancillary works. Retention of office building and creation of 45 space car park to serve retained office building. | AE24: n/a | AG24: N
A25: BFR E56 | B25: =VLOOKUP(A25,'criteria 1 Policy 11'!A$2:P$44,16,FALSE) -> Y | C25: N/A | D25: 77 | E25: Kimbolton Road | F25: Higham Ferrers | G25: East Northamptonshire District | H25: NN10 8HL | I25: 496307.57 | J25: 268899.7 | K25: 0.289833 | L25: n/a | M25: n/a | N25: n/a | O25: n/a | P25: n/a | Q25: n/a | R25: n/a | S25: n/a | T25: n/a | U25: n/a | V25: n/a | W25: n/a | X25: n/a | Y25: n/a | Z25: n/a | AA25: n/a | AB25: n/a | AC25: N/A - Consented | AD25: 09/00405/REM (Reserved Matters: Landscaping associated with demolition of existing buildings and redevelopment of twenty four dwellings with associated external works pursuant to outline planning permission EN/04/02158/OUT dated 21/3/06). | AE25: n/a | AG25: Y
A26: BFR E59 | B26: =VLOOKUP(A26,'criteria 1 Policy 11'!A$2:P$44,16,FALSE) -> Y | C26: N/A | D26: Land north of 65 | E26: Church Street | F26: Nassington | G26: East Northamptonshire District | H26: PE8 6QG | I26: 506214.07 | J26: 296308.36 | K26: 0.303422 | L26: n/a | M26: n/a | N26: n/a | O26: n/a | P26: n/a | Q26: n/a | R26: n/a | S26: n/a | T26: n/a | U26: n/a | V26: n/a | W26: n/a | X26: n/a | Y26: n/a | Z26: n/a | AA26: n/a | AB26: n/a | AC26: N/A - Consented | AD26: Allocated through Policy NAS1 (Church Street, Nassington) for 11 dwellings in the Rural North, Oundle and Thrapston Plan (July 2011). | AE26: n/a | AF26: Y | AG26: N
A27: BFR E65 | B27: =VLOOKUP(A27,'criteria 1 Policy 11'!A$2:P$44,16,FALSE) -> 0 | C27: N | D27: Factory Premises | E27: Oakley Road | F27: Rushden | G27: East Northamptonshire District | H27: NN10 6UR | I27: 495068.93 | J27: 267111.33 | K27: 0.294131 | L27: =VLOOKUP(A27,'criteria 1 Policy 11'!A$2:K$44,11,FALSE) -> 1.1 Located within a Growth Town or within a Sustainable Urban Extension as identified in the Joint Core Strategy | M27: =VLOOKUP(A27,'Criteria 2 open space'!A$2:J$44,10,0) -> 2.1 Not within Local Plan zoned recreational open space (i.e. no impact) | N27: =VLOOKUP(A27,'NCC Highways Criteria 3'!A$2:K$44,11,FALSE) -> 3.2 Highway access could be achieved with minimal mitigation | O27: =VLOOKUP(A27,'Env Health Crit 4'!A$2:J$44,10,FALSE) -> 4.3 Yes, potential contamination may be present due to the industrial history and/or previous use of the site. Any monitoring and subsequent remediation to mitigate the risks of such contamination would need to be undertaken by and at the cost of the developer. | P27: =VLOOKUP(A27,'criteria 5'!A$2:K$44,11,FALSE) -> 5.1 The site has no obvious physical constraints | Q27: =VLOOKUP(A27,'NCC Flood Crit 6'!A$3:J$45,10,FALSE) -> 6.1 Minimal flood risk and no need for mitigation | R27: =VLOOKUP(A27,'Design Criteria 7'!A$2:J$44,10,FALSE) -> 7.1 The development of the site for housing would have a significant positive effect on the existing form and character of the town | S27: =VLOOKUP(A27,'Design Criteria 8'!A$2:J$44,10,FALSE) -> 8.1 Development of the site would be positive by creating new open space/public realm | T27: =VLOOKUP(A27,'criteria 9'!A$2:L$44,12,FALSE) -> 9.2 Development would have no effect on any heritage assets | U27: =VLOOKUP(A27,'NCC Archaeology Crit 10'!A$2:J$44,10,FALSE) -> 10.1 Site has no archaeology or archaeological activity or the site has had archaeology excavated in advance of current buildings or previous quarrying practices | V27: =VLOOKUP(A27,'NBRC Crit 11'!A$2:J$44,10,0) -> 11.3 Site is in an area of moderate to high value/potential for biodiversity in relation to designated wildlife sites. Mitigation and/or management plans will probably need to form part of any development proposals | W27: =VLOOKUP(A27,'Env Health Crit 12'!A$2:J$44,10,FALSE) -> 12.2 > 100m but < 1km from any source of noise (trunk road, railway or other major source) | X27: =VLOOKUP(A27,'Env Health Crit 13'!A$2:N$44,14,FALSE) -> 13.2 Within the specified consultation zone of a notifiable installation – development however is unlikely to be precluded | Y27: =VLOOKUP(A27,'Env Health Crit 14'!A$2:J$44,10,FALSE) -> 14.1 Not within Air Quality Management Area | Z27: =VLOOKUP(A27,'criteria 15'!A$2:K$44,11,FALSE) -> 15.1 Development would be positive to the existing surrounding residential amenity by removing disruptive features associated with the current use(s) of the site. | AA27: =VLOOKUP(A27,'criteria 16'!A$2:K$44,11,FALSE) -> 16.1 The site is held by a developer or landowner willing to develop or the site already has planning permission | AB27: =VLOOKUP(A27,'criteria 17'!A$2:L$44,12,0) -> 17.1 Low | AC27: N | AD27: None | AE27: The above assessment constitutes draft data compiled for as part of this Pilot Brownfield Register. For the avoidance of doubt Permission in Principle is NOT granted on this site at the current time. | AG27: Y
A28: BFR E66 | B28: =VLOOKUP(A28,'criteria 1 Policy 11'!A$2:P$44,16,FALSE) -> Y | C28: N/A | D28: High Beech, 8 Hayway | E28: Northampton Road | F28: Rushden | G28: East Northamptonshire District | H28: NN10 6ES | I28: 495591.94 | J28: 267572.4 | K28: 0.384095 | L28: n/a | M28: n/a | N28: n/a | O28: n/a | P28: n/a | Q28: n/a | R28: n/a | S28: n/a | T28: n/a | U28: n/a | V28: n/a | W28: n/a | X28: n/a | Y28: n/a | Z28: n/a | AA28: n/a | AB28: n/a | AC28: N/A - Consented | AD28: 14/02228/FUL - Demolition of existing building and erection of five detached dwellings pursuant to planning permission 13/01585/FUL. | AE28: n/a | AG28: Y
A29: BFR E67 | B29: =VLOOKUP(A29,'criteria 1 Policy 11'!A$2:P$44,16,FALSE) -> Y | C29: N/A | D29: REXAM Factory | E29: Upper Queen Street, Cromwell Road | F29: Rushden | G29: East Northamptonshire District | H29: NN10 0DU | I29: 496208.16 | J29: 267072.72 | K29: 0.736937 | L29: n/a | M29: n/a | N29: n/a | O29: n/a | P29: n/a | Q29: n/a | R29: n/a | S29: n/a | T29: n/a | U29: n/a | V29: n/a | W29: n/a | X29: n/a | Y29: n/a | Z29: n/a | AA29: n/a | AB29: n/a | AC29: N/A - Consented | AD29: 14/00683/FUL - Erection of forty seven dwellings with associated access road including demolition of extensions and sheds to the rear of listed building | AE29: n/a | AG29: Y
A30: BFR W10 | B30: =VLOOKUP(A30,'criteria 1 Policy 11'!A$2:P$44,16,FALSE) -> 0 | C30: N | D30: Former Swimming Baths | E30: Croyland Road | F30: Wellingborough | G30: Borough of Wellingborough | H30: NN8 2JY | I30: 488794.33 | J30: 267310.05 | K30: 0.736844 | L30: =VLOOKUP(A30,'criteria 1 Policy 11'!A$2:K$44,11,FALSE) -> 1.1 Located within a Growth Town or within a Sustainable Urban Extension as identified in the Joint Core Strategy | M30: =VLOOKUP(A30,'Criteria 2 open space'!A$2:J$44,10,0) -> 2.1 Not within Local Plan zoned recreational open space (i.e. no impact) | N30: =VLOOKUP(A30,'NCC Highways Criteria 3'!A$2:K$44,11,FALSE) -> 3.1 There is an existing highway access to the site which would require minimal or no mitigation | O30: =VLOOKUP(A30,'Env Health Crit 4'!A$2:J$44,10,FALSE) -> 4.3 Yes, potential contamination may be present due to the industrial history and/or previous use of the site. Any monitoring and subsequent remediation to mitigate the risks of such contamination would need to be undertaken by and at the cost of the developer. | P30: =VLOOKUP(A30,'criteria 5'!A$2:K$44,11,FALSE) -> 5.1 The site has no obvious physical constraints | Q30: =VLOOKUP(A30,'NCC Flood Crit 6'!A$3:J$45,10,FALSE) -> 6.2 Moderate flood risk and will require some mitigation | R30: =VLOOKUP(A30,'Design Criteria 7'!A$2:J$44,10,FALSE) -> 7.2 The development of the site for housing would have a neutral effect on the existing form and character of the town | S30: =VLOOKUP(A30,'Design Criteria 8'!A$2:J$44,10,FALSE) -> 8.2 Development of the site would not result in the loss of open space or land which is significant to the character, form or setting of the settlement (e.g. development of LGS land) | T30: =VLOOKUP(A30,'criteria 9'!A$2:L$44,12,FALSE) -> 9.2 Development would have no effect on any heritage assets | U30: =VLOOKUP(A30,'NCC Archaeology Crit 10'!A$2:J$44,10,FALSE) -> 10.1 Site has no archaeology or archaeological activity or the site has had archaeology excavated in advance of current buildings or previous quarrying practices | V30: =VLOOKUP(A30,'NBRC Crit 11'!A$2:J$44,10,0) -> 11.2 Site is within an area of low-moderate potential for biodiversity based on location although certain features may be important and should be retained/enhanced where practicable | W30: =VLOOKUP(A30,'Env Health Crit 12'!A$2:J$44,10,FALSE) -> 12.2 > 100m but < 1km from any source of noise (trunk road, railway or other major source) | X30: =VLOOKUP(A30,'Env Health Crit 13'!A$2:N$44,14,FALSE) -> 13.2 Within the specified consultation zone of a notifiable installation – development however is unlikely to be precluded | Y30: =VLOOKUP(A30,'Env Health Crit 14'!A$2:J$44,10,FALSE) -> 14.1 Not within Air Quality Management Area | Z30: =VLOOKUP(A30,'criteria 15'!A$2:K$44,11,FALSE) -> 15.2 The site is within a predominantly residential area and therefore likely to have good residential amenity | AA30: =VLOOKUP(A30,'criteria 16'!A$2:K$44,11,FALSE) -> 16.1 The site is held by a developer or landowner willing to develop or the site already has planning permission | AB30: =VLOOKUP(A30,'criteria 17'!A$2:L$44,12,0) -> 17.1 Low | AC30: N | AD30: None | AE30: The above assessment constitutes draft data compiled for as part of this Pilot Brownfield Register. For the avoidance of doubt Permission in Principle is NOT granted on this site at the current time. | AG30: Y
A31: BFR W12 | B31: =VLOOKUP(A31,'criteria 1 Policy 11'!A$2:P$44,16,FALSE) -> 0 | C31: Y | D31: Rear of | E31: 3 Princess Way | F31: Wellingborough | G31: Borough of Wellingborough | H31: NN8 2HD | I31: 488274.32 | J31: 266723.45 | K31: 0.375162 | L31: =VLOOKUP(A31,'criteria 1 Policy 11'!A$2:K$44,11,FALSE) -> 1.1 Located within a Growth Town or within a Sustainable Urban Extension as identified in the Joint Core Strategy | M31: =VLOOKUP(A31,'Criteria 2 open space'!A$2:J$44,10,0) -> 2.1 Not within Local Plan zoned recreational open space (i.e. no impact) | N31: =VLOOKUP(A31,'NCC Highways Criteria 3'!A$2:K$44,11,FALSE) -> 3.4 Highway access is very constrained and would require a very high level of mitigation/ is not possible | O31: =VLOOKUP(A31,'Env Health Crit 4'!A$2:J$44,10,FALSE) -> 4.3 Yes, potential contamination may be present due to the industrial history and/or previous use of the site. Any monitoring and subsequent remediation to mitigate the risks of such contamination would need to be undertaken by and at the cost of the developer. | P31: =VLOOKUP(A31,'criteria 5'!A$2:K$44,11,FALSE) -> 5.1 The site has no obvious physical constraints | Q31: =VLOOKUP(A31,'NCC Flood Crit 6'!A$3:J$45,10,FALSE) -> 6.1 Minimal flood risk and no need for mitigation | R31: =VLOOKUP(A31,'Design Criteria 7'!A$2:J$44,10,FALSE) -> 7.2 The development of the site for housing would have a neutral effect on the existing form and character of the town | S31: =VLOOKUP(A31,'Design Criteria 8'!A$2:J$44,10,FALSE) -> 8.2 Development of the site would not result in the loss of open space or land which is significant to the character, form or setting of the settlement (e.g. development of LGS land) | T31: =VLOOKUP(A31,'criteria 9'!A$2:L$44,12,FALSE) -> 9.2 Development would have no effect on any heritage assets | U31: =VLOOKUP(A31,'NCC Archaeology Crit 10'!A$2:J$44,10,FALSE) -> 10.1 Site has no archaeology or archaeological activity or the site has had archaeology excavated in advance of current buildings or previous quarrying practices | V31: =VLOOKUP(A31,'NBRC Crit 11'!A$2:J$44,10,0) -> 11.1 The site location contains no nearby designated or potential wildlife site | W31: =VLOOKUP(A31,'Env Health Crit 12'!A$2:J$44,10,FALSE) -> 12.2 > 100m but < 1km from any source of noise (trunk road, railway or other major source) | X31: =VLOOKUP(A31,'Env Health Crit 13'!A$2:N$44,14,FALSE) -> 13.2 Within the specified consultation zone of a notifiable installation – development however is unlikely to be precluded | Y31: =VLOOKUP(A31,'Env Health Crit 14'!A$2:J$44,10,FALSE) -> 14.1 Not within Air Quality Management Area | Z31: =VLOOKUP(A31,'criteria 15'!A$2:K$44,11,FALSE) -> 15.2 The site is within a predominantly residential area and therefore likely to have good residential amenity | AA31: =VLOOKUP(A31,'criteria 16'!A$2:K$44,11,FALSE) -> 16.1 The site is held by a developer or landowner willing to develop or the site already has planning permission | AB31: =VLOOKUP(A31,'criteria 17'!A$2:L$44,12,0) -> 17.1 Low | AC31: N | AD31: None | AE31: The above assessment constitutes draft data compiled for as part of this Pilot Brownfield Register. For the avoidance of doubt Permission in Principle is NOT granted on this site at the current time. | AG31: Y
A32: BFR W15 | B32: =VLOOKUP(A32,'criteria 1 Policy 11'!A$2:P$44,16,FALSE) -> 0 | C32: N | D32: George Cox Shoes | E32: Westfield Road | F32: Wellingborough | G32: Borough of Wellingborough | H32: NN8 3JR | I32: 488406.05 | J32: 267919.85 | K32: 0.549354 | L32: =VLOOKUP(A32,'criteria 1 Policy 11'!A$2:K$44,11,FALSE) -> 1.1 Located within a Growth Town or within a Sustainable Urban Extension as identified in the Joint Core Strategy | M32: =VLOOKUP(A32,'Criteria 2 open space'!A$2:J$44,10,0) -> 2.1 Not within Local Plan zoned recreational open space (i.e. no impact) | N32: =VLOOKUP(A32,'NCC Highways Criteria 3'!A$2:K$44,11,FALSE) -> 3.3 Highway access is constrained but could be achieved with mitigation | O32: =VLOOKUP(A32,'Env Health Crit 4'!A$2:J$44,10,FALSE) -> 4.3 Yes, potential contamination may be present due to the industrial history and/or previous use of the site. Any monitoring and subsequent remediation to mitigate the risks of such contamination would need to be undertaken by and at the cost of the developer. | P32: =VLOOKUP(A32,'criteria 5'!A$2:K$44,11,FALSE) -> 5.2 The site has physical constraints that can be mitigated (e.g. TPOS, existing buildings) | Q32: =VLOOKUP(A32,'NCC Flood Crit 6'!A$3:J$45,10,FALSE) -> 6.1 Minimal flood risk and no need for mitigation | R32: =VLOOKUP(A32,'Design Criteria 7'!A$2:J$44,10,FALSE) -> 7.2 The development of the site for housing would have a neutral effect on the existing form and character of the town | S32: =VLOOKUP(A32,'Design Criteria 8'!A$2:J$44,10,FALSE) -> 8.2 Development of the site would not result in the loss of open space or land which is significant to the character, form or setting of the settlement (e.g. development of LGS land) | T32: =VLOOKUP(A32,'criteria 9'!A$2:L$44,12,FALSE) -> 9.2 Development would have no effect on any heritage assets | U32: =VLOOKUP(A32,'NCC Archaeology Crit 10'!A$2:J$44,10,FALSE) -> 10.2 No known archaeology or archaeological activity. Site may have some potential for activity but the area has never been archaeologically investigated | V32: =VLOOKUP(A32,'NBRC Crit 11'!A$2:J$44,10,0) -> 11.1 The site location contains no nearby designated or potential wildlife site | W32: =VLOOKUP(A32,'Env Health Crit 12'!A$2:J$44,10,FALSE) -> 12.1 > 1km away from any source of noise (trunk road, railway or other major source) | X32: =VLOOKUP(A32,'Env Health Crit 13'!A$2:N$44,14,FALSE) -> 13.2 Within the specified consultation zone of a notifiable installation – development however is unlikely to be precluded | Y32: =VLOOKUP(A32,'Env Health Crit 14'!A$2:J$44,10,FALSE) -> 14.1 Not within Air Quality Management Area | Z32: =VLOOKUP(A32,'criteria 15'!A$2:K$44,11,FALSE) -> 15.2 The site is within a predominantly residential area and therefore likely to have good residential amenity | AA32: =VLOOKUP(A32,'criteria 16'!A$2:K$44,11,FALSE) -> 16.1 The site is held by a developer or landowner willing to develop or the site already has planning permission | AB32: =VLOOKUP(A32,'criteria 17'!A$2:L$44,12,0) -> 17.1 Low | AC32: Y | AD32: None | AE32: The above assessment constitutes draft data compiled for as part of this Pilot Brownfield Register. For the avoidance of doubt Permission in Principle is NOT granted on this site at the current time. | AG32: Y
A33: BFR W19 | B33: =VLOOKUP(A33,'criteria 1 Policy 11'!A$2:P$44,16,FALSE) -> Y | C33: N/A | D33: Reddens Scrapyard | E33: Leys Road/Highfield Road | F33: Wellingborough | G33: Borough of Wellingborough | H33: NN8 1PL | I33: 489738.89 | J33: 268548.97 | K33: 1.13853 | L33: n/a | M33: n/a | N33: n/a | O33: n/a | P33: n/a | Q33: n/a | R33: n/a | S33: n/a | T33: n/a | U33: n/a | V33: n/a | W33: n/a | X33: n/a | Y33: n/a | Z33: n/a | AA33: n/a | AB33: n/a | AC33: N/A - Consented | AD33: The site is Saved Local Plan Allocation U1 (Leys Road/Highfield Road). This was allocated for 50 dwellings in the 2004 Local Plan. | AE33: n/a | AG33: Y
A34: BFR W28 | B34: =VLOOKUP(A34,'criteria 1 Policy 11'!A$2:P$44,16,FALSE) -> Y | C34: N/A | D34: Car Park/others | E34: High Street/Jacksons Lane | F34: Wellingborough | G34: Borough of Wellingborough | H34: NN8 4JJ | I34: 488882.73 | J34: 267926.53 | K34: 3.12237 | L34: n/a | M34: n/a | N34: n/a | O34: n/a | P34: n/a | Q34: n/a | R34: n/a | S34: n/a | T34: n/a | U34: n/a | V34: n/a | W34: n/a | X34: n/a | Y34: n/a | Z34: n/a | AA34: n/a | AB34: n/a | AC34: N/A - Consented | AD34: Allocated as Site C through Policy PS3 (High Steet/Jackson's Lane Site) in the 2009 Wellingborough Town Centre Area Action Plan for a mix of uses including approximately 220 dwelling units comprising a mix of tenures and housing types, new Tresham Institute (D1), 50 room hotel (C1), shops (A1/A2), leisure (D2) and/or restaurant/cafe/bar space (A3, A4) and office (B1) space. Site is currently subject to a planning application for redevelopment of the existing car park for houses, apartments and car parking (WP/14/00175/FUL). This is still pending currently. | AE34: n/a | AG34: Y
A35: BFR W30 | B35: =VLOOKUP(A35,'criteria 1 Policy 11'!A$2:P$44,16,FALSE) -> Y | C35: N/A | D35: Former Post Office Sorting Office | E35: Midland Road | F35: Wellingborough | G35: Borough of Wellingborough | H35: NN8 1DW | I35: 489353.2 | J35: 267916.62 | K35: 0.453093 | L35: n/a | M35: n/a | N35: n/a | O35: n/a | P35: n/a | Q35: n/a | R35: n/a | S35: n/a | T35: n/a | U35: n/a | V35: n/a | W35: n/a | X35: n/a | Y35: n/a | Z35: n/a | AA35: n/a | AB35: n/a | AC35: N/A - Consented | AD35: Allocated as Site I (Post Office Sorting Depot) for 73 apartments in the 2009 Wellingborough Town Centre Area Action Plan. | AE35: n/a | AG35: Y
A36: BFR W32 | B36: =VLOOKUP(A36,'criteria 1 Policy 11'!A$2:P$44,16,FALSE) -> Y | C36: N/A | D36: Land East of Eastfield Road | E36: Eastfield Road | F36: Wellingborough | G36: Borough of Wellingborough | H36: NN8 1RJ | I36: 490181.41 | J36: 268930.89 | K36: 10.8758 | L36: n/a | M36: n/a | N36: n/a | O36: n/a | P36: n/a | Q36: n/a | R36: n/a | S36: n/a | T36: n/a | U36: n/a | V36: n/a | W36: n/a | X36: n/a | Y36: n/a | Z36: n/a | AA36: n/a | AB36: n/a | AC36: N/A - Consented | AD36: Saved Local Plan allocation Site U20 (Land to the East of Eastfield Road) in the 2004 Local Plan for housing and retained employment uses. | AE36: n/a | AG36: Y
A37: BFR W36 | B37: =VLOOKUP(A37,'criteria 1 Policy 11'!A$2:P$44,16,FALSE) -> Y | C37: N/A | D37: Land between Number 33 and 67 | E37: Milner Road | F37: Finedon | G37: Borough of Wellingborough | H37: NN9 5LW | I37: 491989.85 | J37: 271644.52 | K37: 1.38846 | L37: n/a | M37: n/a | N37: n/a | O37: n/a | P37: n/a | Q37: n/a | R37: n/a | S37: n/a | T37: n/a | U37: n/a | V37: n/a | W37: n/a | X37: n/a | Y37: n/a | Z37: n/a | AA37: n/a | AB37: n/a | AC37: N/A - Consented | AD37: Saved Local Plan Allocation FN2 (Milner Road) from the 2007 Local Plan for Wellingborough (30 dwellings). | AE37: n/a | AG37: Y
A38: BFR W42 | B38: =VLOOKUP(A38,'criteria 1 Policy 11'!A$2:P$44,16,FALSE) -> Y | C38: N/A | D38: Site G Tcaap - Alma St/Cambridge Street Backlands | E38: Alma Street/Cambridge Street | F38: Wellingborough | G38: Borough of Wellingborough | H38: NN8 4DJ | I38: 489355.11 | J38: 268063.18 | K38: 0.829819 | L38: n/a | M38: n/a | N38: n/a | O38: n/a | P38: n/a | Q38: n/a | R38: n/a | S38: n/a | T38: n/a | U38: n/a | V38: n/a | W38: n/a | X38: n/a | Y38: n/a | Z38: n/a | AA38: n/a | AB38: n/a | AC38: N/A - Consented | AD38: Allocated as Site G (Alma Street/Cambridge Street Backlands Site) through Policy PS 6 of the Wellingborough Town Centre Area Action Plan (adopted July 2009) for comprehensive redevelopment including shops (A1 uses), financial/professional services (A2), restaurants, cafes and bars (A3, A4) or leisure (D2) with residential (C3) above on the Alma Street/Park Road frontage and predominantly residential (C3) development for the majority of the inner site (estimated to comprise 60 dwelling units), with the potential to accomodate some small-scale office (B1) work space, amongst other features. | AE38: n/a | AG38: Y

Sheet 7.Site Assessment Summaries
A1: The below table represents a compilation of the assessment scores for each site as taken from Tab 6 of this worksheet. It has been provided for ease of viewing and undertstanding of the site specific results. The Assessment Criteria against which relevant sites have been assessed is available via Tab 3 of the Register for clarity.
A2: North Northamptonshire Pilot Brownfield Register: Summary of Site Assessment Scores
A3: Site Ref | B3: BFR C1
A4: Site Name | B4: =VLOOKUP(B3,'6.Shortlisted Site Assessments'!A$4:D$38,4,0) -> Car Park
A5: Street Name | B5: =VLOOKUP(B3,'6.Shortlisted Site Assessments'!A$4:E$38,5,0) -> Pytchley Court
A6: Settlement | B6: =VLOOKUP(B3,'6.Shortlisted Site Assessments'!A$4:F$38,6,FALSE) -> Corby
A7: Local Authority Area | B7: =VLOOKUP(B3,'6.Shortlisted Site Assessments'!A$4:G$38,7,FALSE) -> Corby Borough
A8: Postcode | B8: =VLOOKUP(B3,'6.Shortlisted Site Assessments'!A$3:H$38,8,0) -> NN17 2PL
A9: Site Status | B9: =VLOOKUP(B3,'6.Shortlisted Site Assessments'!A$4:AE$38,30,0) -> None
A10: Link to Map of all Shortlisted Sites | B10: https://maphub.net/NNJPU/brownfield-sites
A12: Site Assessment Scores
A13: 1.Compliance with Policy 11 of the Joint Core Strategy | B13: =VLOOKUP(B3,'6.Shortlisted Site Assessments'!A$4:L$38,12,0) -> 1.1 Located within a Growth Town or within a Sustainable Urban Extension as identified in the Joint Core Strategy
A14: 2. Impact on Recreational Open Space | B14: =VLOOKUP(B3,'6.Shortlisted Site Assessments'!A$4:M$38,13,0) -> 2.1 Not within Local Plan zoned recreational open space (i.e. no impact)
A15: 3. Highway Access | B15: =VLOOKUP(B3,'6.Shortlisted Site Assessments'!A$4:N$38,14,FALSE) -> 3.1 There is an existing highway access to the site which would require minimal or no mitigation
A16: 4. Ground Condition Constraints | B16: =VLOOKUP(B3,'6.Shortlisted Site Assessments'!A$4:O$38,15,0) -> 4.1 Unlikely
A17: 5. Physical Constraints | B17: =VLOOKUP(B3,'6.Shortlisted Site Assessments'!A$4:P$38,16,FALSE) -> 5.2 The site has physical constraints that can be mitigated (e.g. TPOS, existing buildings)
A18: 6. Impact of Flood Risk Areas | B18: =VLOOKUP(B3,'6.Shortlisted Site Assessments'!A$4:Q$38,17,0) -> 6.2 Moderate flood risk and will require some mitigation
A19: 7. Existing Structure of the Town | B19: =VLOOKUP(B3,'6.Shortlisted Site Assessments'!A$4:R$38,18,FALSE) -> 7.2 The development of the site for housing would have a neutral effect on the existing form and character of the town
A20: 8. Character and Setting of the Settlement | B20: =VLOOKUP(B3,'6.Shortlisted Site Assessments'!A$4:S$38,19,FALSE) -> 8.2 Development of the site would not result in the loss of open space or land which is significant to the character, form or setting of the settlement (e.g. development of LGS land)
A21: 9. Cultural Heritage | B21: =VLOOKUP(B3,'6.Shortlisted Site Assessments'!A$4:T$38,20,0) -> 9.2 Development would have no effect on any heritage assets
A22: 10. Archaeology | B22: =VLOOKUP(B3,'6.Shortlisted Site Assessments'!A$4:U$38,21,0) -> 10.1 Site has no archaeology or archaeological activity or the site has had archaeology excavated in advance of current buildings or previous quarrying practices
A23: 11. Impact on Biodiversity | B23: =VLOOKUP('7.Site Assessment Summaries'!B3,'6.Shortlisted Site Assessments'!A$4:V$38,22,FALSE) -> 11.3 Site is in an area of moderate to high value/potential for biodiversity in relation to designated wildlife sites. Mitigation and/or management plans will probably need to form part of any development proposals
A24: 12. Proximity to noise sources | B24: =VLOOKUP(B3,'6.Shortlisted Site Assessments'!A$4:W$38,23,FALSE) -> 12.1 > 1km away from any source of noise (trunk road, railway or other major source)
A25: 13. Notifiable Installations | B25: =VLOOKUP(B3,'6.Shortlisted Site Assessments'!A$4:X$38,24,FALSE) -> 13.1 Not within a specified consultation zone or proximity of a notifiable or permitted installation (Health and Safety Executive, Local Authority and Environment Agency).
A26: 14. Air Quality | B26: =VLOOKUP(B3,'6.Shortlisted Site Assessments'!A$4:Y$38,25,FALSE) -> 14.1 Not within Air Quality Management Area
A27: 15. Residential amenity | B27: =VLOOKUP(B3,'6.Shortlisted Site Assessments'!A$4:Z$38,26,FALSE) -> 15.3 The site is within a mixed use area
A28: 16. Availability | B28: =VLOOKUP(B3,'6.Shortlisted Site Assessments'!A$4:AA$38,27,FALSE) -> 16.1 The site is held by a developer or landowner willing to develop or the site already has planning permission
A29: 17. Viability | B29: =VLOOKUP(B3,'6.Shortlisted Site Assessments'!A$4:AB$38,28,0) -> 17.1 Low
A31: Yield Potential | B31: =VLOOKUP(B3,Shortlist_20_06_16!A$4:BR$38,70,0) -> 9.4814
A32: Site area (Ha) | B32: =VLOOKUP(B3,'6.Shortlisted Site Assessments'!A$4:K$38,11,FALSE) -> 0.379256
A33: Density (dph) | B33: =VLOOKUP(B3,Shortlist_20_06_16!A$4:BR$38,67,0) -> 50
A35: Disclaimer | B35: =VLOOKUP(B3,'6.Shortlisted Site Assessments'!A4:AE38,31,0) -> The above assessment constitutes draft data compiled for as part of this Pilot Brownfield Register. For the avoidance of doubt Permission in Principle is NOT granted on this site at the current time.
A37: Date Produced | B37: =TODAY() -> 42793

